Workbook
Name SegmentaciónDeDatos_concepto: #N/A
Name SegmentaciónDeDatos_concepto1: #N/A

Sheet Análisis Datos
A1: ANÁLISIS DE NEGOCIO
F5: =CONCATENATE("Ventas totales ",G9) -> Ventas totales Abril | O5: =CONCATENATE("Ventas acumuladas ") -> Ventas acumuladas
J7: Mes | K7: Abril
G9: =K7 -> Abril | H9: Acum | J9: =CONCATENATE(G9," ","18") -> Abril 18 | K9: % | L9: Acum 18 | M9: % | O9: =CONCATENATE(G9," ","BG") -> Abril BG | P9: % | Q9: Acum BG | R9: %
F10: Ingresos | G10: =VLOOKUP($F$10,'Cta Resultados'!P3:AB3,MATCH('Análisis Datos'!$G$9,'Cta Resultados'!P2:AB2,0),0) -> 11400 | H10: =SUMPRODUCT('Cta Resultados'!$Q$1:$AB$1,'Cta Resultados'!Q3:AB3) -> 44300 | J10: =VLOOKUP($F$10,'Cta Resultados'!A3:N3,MATCH('Análisis Datos'!$G$9,'Cta Resultados'!A2:N2,0),0) -> 9953.1 | K10: =G10/J10-1 -> 0.14537179 | L10: =SUMPRODUCT('Cta Resultados'!$Q$1:$AB$1,'Cta Resultados'!B3:M3) -> 37086.66 | M10: =H10/L10-1 -> 0.19449959 | O10: =VLOOKUP($F$10,'Cta Resultados'!AE3:AR3,MATCH('Análisis Datos'!$G$9,'Cta Resultados'!AE2:AR2,0),0) -> 11247.003 | P10: =IFERROR(H10/O10-1,"") -> 2.9388271 | Q10: =SUMPRODUCT('Cta Resultados'!$Q$1:$AB$1,'Cta Resultados'!AF3:AQ3) -> 41524.042 | R10: =IFERROR(J10/Q10-1,"") -> -0.76030513
F12: Coste personal | G12: =VLOOKUP($F$12,'Cta Resultados'!P8:AB8,MATCH('Análisis Datos'!$G$9,'Cta Resultados'!P2:AB2,0),0) -> 5950 | H12: =SUMPRODUCT('Cta Resultados'!$Q$1:$AB$1,'Cta Resultados'!Q8:AB8) -> 22468.46 | J12: =VLOOKUP($F$12,'Cta Resultados'!A8:N8,MATCH('Análisis Datos'!$G$9,'Cta Resultados'!A2:N2,0),0) -> 5028 | K12: =G12/J12-1 -> 0.18337311 | L12: =SUMPRODUCT('Cta Resultados'!$Q$1:$AB$1,'Cta Resultados'!B8:M8) -> 17410 | M12: =H12/L12-1 -> 0.29054911 | O12: =VLOOKUP($F$12,'Cta Resultados'!AE8:AR8,MATCH('Análisis Datos'!$G$9,'Cta Resultados'!AE2:AR2,0),0) -> 5229.12 | P12: =IFERROR(H12/O12-1,"") -> 3.2967956 | Q12: =SUMPRODUCT('Cta Resultados'!$Q$1:$AB$1,'Cta Resultados'!AF8:AQ8) -> 18104.93 | R12: =IFERROR(J12/Q12-1,"") -> -0.72228559
F14: Gastos Indirectos | G14: =VLOOKUP($F$14,'Cta Resultados'!P11:AB11,MATCH('Análisis Datos'!$G$9,'Cta Resultados'!P2:AB2,0),0) -> 2589.1967 | H14: =SUMPRODUCT('Cta Resultados'!Q11:AB11,'Cta Resultados'!$Q$1:$AB$1) -> 9825.3967 | J14: =VLOOKUP($F$14,'Cta Resultados'!A11:N11,MATCH('Análisis Datos'!$G$9,'Cta Resultados'!A2:N2,0),0) -> 1925.4167 | K14: =G14/J14-1 -> 0.34474616 | L14: =SUMPRODUCT('Cta Resultados'!B11:M11,'Cta Resultados'!$Q$1:$AB$1) -> 7592.6667 | M14: =H14/L14-1 -> 0.29406401 | O14: =VLOOKUP($F$14,'Cta Resultados'!AE11:AR11,MATCH('Análisis Datos'!$G$9,'Cta Resultados'!AE2:AR2,0),0) -> 1974.9875 | P14: =IFERROR(H14/O14-1,"") -> 3.9749159 | Q14: =SUMPRODUCT('Cta Resultados'!AF11:AQ11,'Cta Resultados'!$Q$1:$AB$1) -> 7782.5017 | R14: =IFERROR(J14/Q14-1,"") -> -0.75259669
F16: Resultado | G16: =VLOOKUP("Resultado Neto antes de I.S.",'Cta Resultados'!P31:AB31,MATCH('Análisis Datos'!$G$9,'Cta Resultados'!P2:AB2,0),0) -> -1501.4967 | H16: =SUMPRODUCT('Cta Resultados'!Q31:AB31,'Cta Resultados'!$Q$1:$AB$1) -> 2111.9433 | J16: =VLOOKUP("Resultado Neto antes de I.S.",'Cta Resultados'!A31:N31,MATCH('Análisis Datos'!$G$9,'Cta Resultados'!A2:N2,0),0) -> -1332.3167 | K16: =G16/J16-1 -> 0.12698182 | L16: =SUMPRODUCT('Cta Resultados'!B31:M31,'Cta Resultados'!$Q$1:$AB$1) -> 2565.9933 | M16: =H16/L16-1 -> -0.17694902 | O16: =VLOOKUP("Resultado Neto antes de I.S.",'Cta Resultados'!AE31:AR31,MATCH('Análisis Datos'!$G$9,'Cta Resultados'!AE2:AR2,0),0) -> -477.6045 | P16: =IFERROR(H16/O16-1,"") -> -5.4219502 | Q16: =SUMPRODUCT('Cta Resultados'!AF31:AQ31,'Cta Resultados'!$Q$1:$AB$1) -> 5755.1105 | R16: =IFERROR(J16/Q16-1,"") -> -1.2315015
A47: Cliente | B47: Importe
A48: =#REF! -> #REF! | B48: =#REF! -> #REF!
A49: =#REF! -> #REF! | B49: =#REF! -> #REF!
A50: =#REF! -> #REF! | B50: =#REF! -> #REF!
A51: =#REF! -> #REF! | B51: =#REF! -> #REF!
A52: =#REF! -> #REF! | B52: =#REF! -> #REF!

Sheet Analisis Detalle

Sheet Analisis por horas
A2: Mes | B2: 43191
A4: Hora | B4: Clientes | C4: Facturación
A5: 8 | B5: =HLOOKUP($B$2,'Estadistica Horas'!$AJ$3:$CE$18,3,0) -> 0 | C5: =HLOOKUP($B$2,'Estadistica Horas'!$AJ$2:$CE$18,4,0) -> 0
A6: 9 | B6: =HLOOKUP($B$2,'Estadistica Horas'!$AJ$3:$CE$18,4,0) -> 34 | C6: =HLOOKUP($B$2,'Estadistica Horas'!$AJ$2:$CE$18,5,0) -> 235.4
A7: 10 | B7: =HLOOKUP($B$2,'Estadistica Horas'!$AJ$3:$CE$18,5,0) -> 114 | C7: =HLOOKUP($B$2,'Estadistica Horas'!$AJ$2:$CE$18,6,0) -> 873.42
A8: 11 | B8: =HLOOKUP($B$2,'Estadistica Horas'!$AJ$3:$CE$18,6,0) -> 136 | C8: =HLOOKUP($B$2,'Estadistica Horas'!$AJ$2:$CE$18,7,0) -> 1073.1
A9: 12 | B9: =HLOOKUP($B$2,'Estadistica Horas'!$AJ$3:$CE$18,7,0) -> 131 | C9: =HLOOKUP($B$2,'Estadistica Horas'!$AJ$2:$CE$18,8,0) -> 991.1
A10: 13 | B10: =HLOOKUP($B$2,'Estadistica Horas'!$AJ$3:$CE$18,8,0) -> 118 | C10: =HLOOKUP($B$2,'Estadistica Horas'!$AJ$2:$CE$18,9,0) -> 854.5
A11: 14 | B11: =HLOOKUP($B$2,'Estadistica Horas'!$AJ$3:$CE$18,9,0) -> 34 | C11: =HLOOKUP($B$2,'Estadistica Horas'!$AJ$2:$CE$18,10,0) -> 255.7
A12: 15 | B12: =HLOOKUP($B$2,'Estadistica Horas'!$AJ$3:$CE$18,10,0) -> 22 | C12: =HLOOKUP($B$2,'Estadistica Horas'!$AJ$2:$CE$18,11,0) -> 158
A13: 16 | B13: =HLOOKUP($B$2,'Estadistica Horas'!$AJ$3:$CE$18,11,0) -> 153 | C13: =HLOOKUP($B$2,'Estadistica Horas'!$AJ$2:$CE$18,12,0) -> 1142.1
A14: 17 | B14: =HLOOKUP($B$2,'Estadistica Horas'!$AJ$3:$CE$18,12,0) -> 143 | C14: =HLOOKUP($B$2,'Estadistica Horas'!$AJ$2:$CE$18,13,0) -> 1066.2
A15: 18 | B15: =HLOOKUP($B$2,'Estadistica Horas'!$AJ$3:$CE$18,13,0) -> 157 | C15: =HLOOKUP($B$2,'Estadistica Horas'!$AJ$2:$CE$18,14,0) -> 1203.98
A16: 19 | B16: =HLOOKUP($B$2,'Estadistica Horas'!$AJ$3:$CE$18,14,0) -> 158 | C16: =HLOOKUP($B$2,'Estadistica Horas'!$AJ$2:$CE$18,15,0) -> 1238.7
A17: 20 | B17: =HLOOKUP($B$2,'Estadistica Horas'!$AJ$3:$CE$18,15,0) -> 112 | C17: =HLOOKUP($B$2,'Estadistica Horas'!$AJ$2:$CE$18,16,0) -> 860.9
A18: 21 | B18: =HLOOKUP($B$2,'Estadistica Horas'!$AJ$3:$CE$18,16,0) -> 0 | C18: =HLOOKUP($B$2,'Estadistica Horas'!$AJ$2:$CE$18,17,0) -> 0

Sheet Cta Resultados
Q1: =IF('Análisis Datos'!$G$9="Enero",1,IF('Análisis Datos'!$G$9="Febrero",1,IF('Análisis Datos'!$G$9="Marzo",1,IF('Análisis Datos'!$G$9="Abril",1,IF('Análisis Datos'!$G$9="Mayo",1,IF('Análisis Datos'!$G$9="Junio",1,IF('Análisis Datos'!$G$9="Julio",1,IF('Análisis Datos'!$G$9="Agosto",1,IF('Análisis Datos'!$G$9="Septiembre",1,IF('Análisis Datos'!$G$9="Octubre",1,IF('Análisis Datos'!$G$9="Noviembre",1,IF('Análisis Datos'!$G$9="Diciembre",1,0)))))))))))) -> 1 | R1: =IF('Análisis Datos'!$G$9="Febrero",1,IF('Análisis Datos'!$G$9="Marzo",1,IF('Análisis Datos'!$G$9="Abril",1,IF('Análisis Datos'!$G$9="Mayo",1,IF('Análisis Datos'!$G$9="Junio",1,IF('Análisis Datos'!$G$9="Julio",1,IF('Análisis Datos'!$G$9="Agosto",1,IF('Análisis Datos'!$G$9="Septiembre",1,IF('Análisis Datos'!$G$9="Octubre",1,IF('Análisis Datos'!$G$9="Noviembre",1,IF('Análisis Datos'!$G$9="Diciembre",1,0))))))))))) -> 1 | S1: =IF('Análisis Datos'!$G$9="Marzo",1,IF('Análisis Datos'!$G$9="Abril",1,IF('Análisis Datos'!$G$9="Mayo",1,IF('Análisis Datos'!$G$9="Junio",1,IF('Análisis Datos'!$G$9="Julio",1,IF('Análisis Datos'!$G$9="Agosto",1,IF('Análisis Datos'!$G$9="Septiembre",1,IF('Análisis Datos'!$G$9="Octubre",1,IF('Análisis Datos'!$G$9="Noviembre",1,IF('Análisis Datos'!$G$9="Diciembre",1,0)))))))))) -> 1 | T1: =IF('Análisis Datos'!$G$9="Abril",1,IF('Análisis Datos'!$G$9="Mayo",1,IF('Análisis Datos'!$G$9="Junio",1,IF('Análisis Datos'!$G$9="Julio",1,IF('Análisis Datos'!$G$9="Agosto",1,IF('Análisis Datos'!$G$9="Septiembre",1,IF('Análisis Datos'!$G$9="Octubre",1,IF('Análisis Datos'!$G$9="Noviembre",1,IF('Análisis Datos'!$G$9="Diciembre",1,0))))))))) -> 1 | U1: =IF('Análisis Datos'!$G$9="Mayo",1,IF('Análisis Datos'!$G$9="Junio",1,IF('Análisis Datos'!$G$9="Julio",1,IF('Análisis Datos'!$G$9="Agosto",1,IF('Análisis Datos'!$G$9="Septiembre",1,IF('Análisis Datos'!$G$9="Octubre",1,IF('Análisis Datos'!$G$9="Noviembre",1,IF('Análisis Datos'!$G$9="Diciembre",1,0)))))))) -> 0 | V1: =IF('Análisis Datos'!$G$9="Junio",1,IF('Análisis Datos'!$G$9="Julio",1,IF('Análisis Datos'!$G$9="Agosto",1,IF('Análisis Datos'!$G$9="Septiembre",1,IF('Análisis Datos'!$G$9="Octubre",1,IF('Análisis Datos'!$G$9="Noviembre",1,IF('Análisis Datos'!$G$9="Diciembre",1,0))))))) -> 0 | W1: =IF('Análisis Datos'!$G$9="Julio",1,IF('Análisis Datos'!$G$9="Agosto",1,IF('Análisis Datos'!$G$9="Septiembre",1,IF('Análisis Datos'!$G$9="Octubre",1,IF('Análisis Datos'!$G$9="Noviembre",1,IF('Análisis Datos'!$G$9="Diciembre",1,0)))))) -> 0 | X1: =IF('Análisis Datos'!$G$9="Agosto",1,IF('Análisis Datos'!$G$9="Septiembre",1,IF('Análisis Datos'!$G$9="Octubre",1,IF('Análisis Datos'!$G$9="Noviembre",1,IF('Análisis Datos'!$G$9="Diciembre",1,0))))) -> 0 | Y1: =IF('Análisis Datos'!$G$9="Septiembre",1,IF('Análisis Datos'!$G$9="Octubre",1,IF('Análisis Datos'!$G$9="Noviembre",1,IF('Análisis Datos'!$G$9="Diciembre",1,0)))) -> 0 | Z1: =IF('Análisis Datos'!$G$9="Octubre",1,IF('Análisis Datos'!$G$9="Noviembre",1,IF('Análisis Datos'!$G$9="Diciembre",1,0))) -> 0 | AA1: =IF('Análisis Datos'!$G$9="Noviembre",1,IF('Análisis Datos'!$G$9="Diciembre",1,0)) -> 0 | AB1: =IF('Análisis Datos'!$G$9="Noviembre",1,IF('Análisis Datos'!$G$9="Diciembre",1,0)) -> 0 | AT1: Ingresos
A2: 2018 | B2: Enero | C2: Febrero | D2: Marzo | E2: Abril | F2: Mayo | G2: Junio | H2: Julio | I2: Agosto | J2: Septiembre | K2: Octubre | L2: Noviembre | M2: Diciembre | N2: Total | P2: 2019 | Q2: Enero | R2: Febrero | S2: Marzo | T2: Abril | U2: Mayo | V2: Junio | W2: Julio | X2: Agosto | Y2: Septiembre | Z2: Octubre | AA2: Noviembre | AB2: Diciembre | AC2: Total | AE2: 2019 Budget | AF2: Enero | AG2: Febrero | AH2: Marzo | AI2: Abril | AJ2: Mayo | AK2: Junio | AL2: Julio | AM2: Agosto | AN2: Septiembre | AO2: Octubre | AP2: Noviembre | AQ2: Diciembre | AR2: Total | AT2: Inferior | AU2: Superior
A3: Ingresos | B3: =Facturación!AK4+B4 -> 9222.78 | C3: =Facturación!AM4+C4 -> 7190.76 | D3: =Facturación!AO4+D4 -> 10720.02 | E3: =Facturación!AQ4+E4 -> 9953.1 | F3: =Facturación!AS4+F4 -> 9843.92 | G3: =Facturación!AU4+G4 -> 10254.66 | H3: =Facturación!AW4+H4 -> 9242.8 | I3: =Facturación!AY4+I4 -> 9222.6 | J3: =Facturación!BA4+J4 -> 9587.32 | K3: =Facturación!BC4+K4 -> 8947.08 | L3: =Facturación!BE4+L4 -> 9921.86 | M3: =Facturación!BG4+M4 -> 10039.24 | N3: =SUM(B3:M3) -> 114146.14 | P3: Ingresos | Q3: =Facturación!BI4+Q4 -> 10500 | R3: =Facturación!BK4+R4 -> 10800 | S3: =Facturación!BM4+S4 -> 11600 | T3: =Facturación!BO4+T4 -> 11400 | U3: =Facturación!BQ4+U4 -> 0 | V3: =Facturación!BS4+V4 -> 0 | W3: =Facturación!BU4+W4 -> 0 | X3: =Facturación!BW4+X4 -> 0 | Y3: =Facturación!BY4+Y4 -> 0 | Z3: =Facturación!CA4+Z4 -> 0 | AA3: =Facturación!CC4+AA4 -> 0 | AB3: =Facturación!CE4+AB4 -> 0 | AC3: =SUM(Q3:AB3) -> 44300 | AE3: Ingresos | AF3: =((RANDBETWEEN($AT$3,$AU$3)*B3)/100)+B3+AF4 -> 10145.058 | AG3: =((RANDBETWEEN($AT$3,$AU$3)*C3)/100)+C3+AG4 -> 8125.5588 | AH3: =((RANDBETWEEN($AT$3,$AU$3)*D3)/100)+D3+AH4 -> 12006.422 | AI3: =((RANDBETWEEN($AT$3,$AU$3)*E3)/100)+E3+AI4 -> 11247.003 | AJ3: =((RANDBETWEEN($AT$3,$AU$3)*F3)/100)+F3+AJ4 -> 11320.508 | AK3: =((RANDBETWEEN($AT$3,$AU$3)*G3)/100)+G3+AK4 -> 11587.766 | AL3: =((RANDBETWEEN($AT$3,$AU$3)*H3)/100)+H3+AL4 -> 10351.936 | AM3: =((RANDBETWEEN($AT$3,$AU$3)*I3)/100)+I3+AM4 -> 10237.086 | ... AQ3: =((RANDBETWEEN($AT$3,$AU$3)*M3)/100)+M3+AQ4 -> 11444.734 | AR3: =SUM(AF3:AQ3) -> 128535.52 | AT3: 10 | AU3: 15
A4: Subvenciones | N4: =SUM(B4:M4) -> 0 | P4: =A4 -> Subvenciones | AC4: =SUM(Q4:AB4) -> 0 | AE4: =P4 -> Subvenciones | AR4: =SUM(AF4:AQ4) -> 0
A6: Compras | B6: =Gastos!C14+Gastos!C15+Gastos!C16 -> 728 | C6: =Gastos!D14+Gastos!D15+Gastos!D16 -> 46 | D6: =Gastos!E14+Gastos!E15+Gastos!E16 -> 621 | E6: =Gastos!F14+Gastos!F15+Gastos!F16 -> 986 | F6: =Gastos!G14+Gastos!G15+Gastos!G16 -> 676 | G6: =Gastos!H14+Gastos!H15+Gastos!H16 -> 562 | H6: =Gastos!I14+Gastos!I15+Gastos!I16 -> 388 | I6: =Gastos!J14+Gastos!J15+Gastos!J16 -> 46 | ... M6: =Gastos!N14+Gastos!N15+Gastos!N16 -> 793 | N6: =SUM(B6:M6) -> 6582 | P6: Compras | Q6: =Gastos!Q14+Gastos!Q15+Gastos!Q16 -> 552 | R6: =Gastos!R14+Gastos!R15+Gastos!R16 -> 1543 | S6: =Gastos!S14+Gastos!S15+Gastos!S16 -> 616 | T6: =Gastos!T14+Gastos!T15+Gastos!T16 -> 496 | U6: =Gastos!U14+Gastos!U15+Gastos!U16 -> 0 | V6: =Gastos!V14+Gastos!V15+Gastos!V16 -> 0 | W6: =Gastos!W14+Gastos!W15+Gastos!W16 -> 0 | X6: =Gastos!X14+Gastos!X15+Gastos!X16 -> 0 | ... AB6: =Gastos!AB14+Gastos!AB15+Gastos!AB16 -> 0 | AC6: =SUM(Q6:AB6) -> 3207 | AE6: Compras | AF6: =((RANDBETWEEN($AT$8,$AU$8)*B6)/100)+B6 -> 757.12 | AG6: =((RANDBETWEEN($AT$8,$AU$8)*C6)/100)+C6 -> 48.3 | AH6: =((RANDBETWEEN($AT$8,$AU$8)*D6)/100)+D6 -> 645.84 | AI6: =((RANDBETWEEN($AT$8,$AU$8)*E6)/100)+E6 -> 1015.58 | AJ6: =((RANDBETWEEN($AT$8,$AU$8)*F6)/100)+F6 -> 709.8 | AK6: =((RANDBETWEEN($AT$8,$AU$8)*G6)/100)+G6 -> 578.86 | AL6: =((RANDBETWEEN($AT$8,$AU$8)*H6)/100)+H6 -> 403.52 | AM6: =((RANDBETWEEN($AT$8,$AU$8)*I6)/100)+I6 -> 47.84 | ... AQ6: =((RANDBETWEEN($AT$8,$AU$8)*M6)/100)+M6 -> 832.65 | AR6: =SUM(AF6:AQ6) -> 6833.83 | AT6: Gastos
A7: Margen Bruto | B7: =B6/B3 -> 0.078934985 | C7: =C6/C3 -> 0.0063970985 | D7: =D6/D3 -> 0.057928996 | E7: =E6/E3 -> 0.099064613 | F7: =F6/F3 -> 0.06867183 | G7: =G6/G3 -> 0.054804352 | H7: =H6/H3 -> 0.041978621 | I7: =I6/I3 -> 0.0049877475 | ... N7: =N6/N3 -> 0.057662922 | P7: Margen bruto | Q7: =Q6/Q3 -> 0.052571429 | R7: =R6/R3 -> 0.14287037 | S7: =S6/S3 -> 0.053103448 | T7: =T6/T3 -> 0.043508772 | U7: =U6/U3 -> #DIV/0! | V7: =V6/V3 -> #DIV/0! | W7: =W6/W3 -> #DIV/0! | X7: =X6/X3 -> #DIV/0! | ... AB7: =AB6/AB3 -> #DIV/0! | AT7: Inferior | AU7: Superior
A8: Coste Personal | B8: =Gastos!C8+Gastos!C9 -> 3771 | C8: =Gastos!D8+Gastos!D9 -> 3918 | D8: =Gastos!E8+Gastos!E9 -> 4693 | E8: =Gastos!F8+Gastos!F9 -> 5028 | F8: =Gastos!G8+Gastos!G9 -> 5181 | G8: =Gastos!H8+Gastos!H9 -> 5184 | H8: =Gastos!I8+Gastos!I9 -> 5183 | I8: =Gastos!J8+Gastos!J9 -> 5500 | ... M8: =Gastos!N8+Gastos!N9 -> 5680 | N8: =SUM(B8:M8) -> 60774 | P8: Coste Personal | Q8: =Gastos!Q8+Gastos!Q9 -> 5305.72 | R8: =Gastos!R8+Gastos!R9 -> 5418 | S8: =Gastos!S8+Gastos!S9 -> 5794.74 | T8: =Gastos!T8+Gastos!T9 -> 5950 | U8: =Gastos!U8+Gastos!U9 -> 0 | V8: =Gastos!V8+Gastos!V9 -> 0 | W8: =Gastos!W8+Gastos!W9 -> 0 | X8: =Gastos!X8+Gastos!X9 -> 0 | ... AB8: =Gastos!AB8+Gastos!AB9 -> 0 | AC8: =SUM(Q8:AB8) -> 22468.46 | AE8: Coste Personal | AF8: =((RANDBETWEEN($AT$8,$AU$8)*B8)/100)+B8 -> 3959.55 | AG8: =((RANDBETWEEN($AT$8,$AU$8)*C8)/100)+C8 -> 4035.54 | AH8: =((RANDBETWEEN($AT$8,$AU$8)*D8)/100)+D8 -> 4880.72 | AI8: =((RANDBETWEEN($AT$8,$AU$8)*E8)/100)+E8 -> 5229.12 | AJ8: =((RANDBETWEEN($AT$8,$AU$8)*F8)/100)+F8 -> 5440.05 | AK8: =((RANDBETWEEN($AT$8,$AU$8)*G8)/100)+G8 -> 5339.52 | AL8: =((RANDBETWEEN($AT$8,$AU$8)*H8)/100)+H8 -> 5442.15 | AM8: =((RANDBETWEEN($AT$8,$AU$8)*I8)/100)+I8 -> 5720 | ... AQ8: =((RANDBETWEEN($AT$8,$AU$8)*M8)/100)+M8 -> 5964 | AR8: =SUM(AF8:AQ8) -> 63258.43 | AT8: 3 | AU8: 5
A9: Ratio Personal | B9: 0.57176902 | C9: 0.57026156 | D9: 0.42634004 | E9: 0.4025718 | F9: 0.54504785 | G9: 0.73199382 | H9: 0.3905631 | I9: 1.3071513 | J9: 0.72495023 | K9: 1.0453822 | L9: 0.69549894 | M9: 0.49951565 | N9: 0.57934111 | P9: Ratio Personal | Q9: =Q8/Q3 -> 0.50530667 | R9: =R8/R3 -> 0.50166667 | S9: =S8/S3 -> 0.49954655 | T9: =T8/T3 -> 0.52192982 | U9: =U8/U3 -> #DIV/0! | V9: =V8/V3 -> #DIV/0! | W9: =W8/W3 -> #DIV/0! | X9: =X8/X3 -> #DIV/0! | ... AC9: =AC8/AC3 -> 0.50718871 | AE9: Ratio Personal | AF9: =AF8/AF3 -> 0.39029348 | AG9: =AG8/AG3 -> 0.49664769 | AH9: =AH8/AH3 -> 0.4065091 | AI9: =AI8/AI3 -> 0.46493453 | AJ9: =AJ8/AJ3 -> 0.48054822 | AK9: =AK8/AK3 -> 0.46078943 | AL9: =AL8/AL3 -> 0.52571326 | AM9: =AM8/AM3 -> 0.55875275 | ... AR9: =AR8/AR3 -> 0.49214746
A11: Gastos Indirectos | B11: =SUM(B12:B19) -> 1965.4167 | C11: =SUM(C12:C19) -> 1843.4167 | D11: =SUM(D12:D19) -> 1858.4167 | E11: =SUM(E12:E19) -> 1925.4167 | F11: =SUM(F12:F19) -> 1928.4167 | G11: =SUM(G12:G19) -> 1842.4167 | H11: =SUM(H12:H19) -> 3101.4167 | I11: =SUM(I12:I19) -> 1856.4167 | ... M11: =SUM(M12:M19) -> 2047.4167 | N11: =SUM(B11:M11) -> 24063 | P11: Gastos Indirectos | Q11: =SUM(Q12:Q19) -> 2114.1567 | R11: =SUM(R12:R19) -> 1991.3367 | S11: =SUM(S12:S19) -> 3130.7067 | T11: =SUM(T12:T19) -> 2589.1967 | U11: =SUM(U12:U19) -> 0 | V11: =SUM(V12:V19) -> 0 | W11: =SUM(W12:W19) -> 0 | X11: =SUM(X12:X19) -> 0 | ... AB11: =SUM(AB12:AB19) -> 0 | AC11: =SUM(Q11:AB11) -> 9825.3967 | AE11: Gastos Indirectos | AF11: =SUM(AF12:AF19) -> 2007.0975 | AG11: =SUM(AG12:AG19) -> 1891.0892 | AH11: =SUM(AH12:AH19) -> 1909.3275 | AI11: =SUM(AI12:AI19) -> 1974.9875 | AJ11: =SUM(AJ12:AJ19) -> 1974.3233 | AK11: =SUM(AK12:AK19) -> 1900.1375 | AL11: =SUM(AL12:AL19) -> 3159.2892 | AM11: =SUM(AM12:AM19) -> 1910.4833 | ... AQ11: =SUM(AQ12:AQ19) -> 2089.5033 | AR11: =SUM(AF11:AQ11) -> 24667.723
A12: Alquiler | B12: =Gastos!C3 -> 664 | C12: =Gastos!D3 -> 664 | D12: =Gastos!E3 -> 664 | E12: =Gastos!F3 -> 664 | F12: =Gastos!G3 -> 664 | G12: =Gastos!H3 -> 664 | H12: =Gastos!I3 -> 664 | I12: =Gastos!J3 -> 664 | ... M12: =Gastos!N3 -> 664 | N12: =SUM(B12:M12) -> 7968 | P12: Alquiler | Q12: =Gastos!Q3 -> 678.34 | R12: =Gastos!R3 -> 678.34 | S12: =Gastos!S3 -> 678.34 | T12: =Gastos!T3 -> 678.34 | U12: =Gastos!U3 -> 0 | V12: =Gastos!V3 -> 0 | W12: =Gastos!W3 -> 0 | X12: =Gastos!X3 -> 0 | ... AB12: =Gastos!AB3 -> 0 | AC12: =SUM(Q12:AB12) -> 2713.36 | AE12: Alquiler | AF12: =B12 -> 664 | AG12: =C12 -> 664 | AH12: =D12 -> 664 | AI12: =E12 -> 664 | AJ12: =F12 -> 664 | AK12: =G12 -> 664 | AL12: =H12 -> 664 | AM12: =I12 -> 664 | ... AQ12: =M12 -> 664 | AR12: =SUM(AF12:AQ12) -> 7968
A13: Suministro | B13: =Gastos!C11+Gastos!C12+Gastos!C13 -> 243 | C13: =Gastos!D11+Gastos!D12+Gastos!D13 -> 121 | D13: =Gastos!E11+Gastos!E12+Gastos!E13 -> 136 | E13: =Gastos!F11+Gastos!F12+Gastos!F13 -> 203 | F13: =Gastos!G11+Gastos!G12+Gastos!G13 -> 147 | G13: =Gastos!H11+Gastos!H12+Gastos!H13 -> 120 | H13: =Gastos!I11+Gastos!I12+Gastos!I13 -> 220 | I13: =Gastos!J11+Gastos!J12+Gastos!J13 -> 134 | ... M13: =Gastos!N11+Gastos!N12+Gastos!N13 -> 153 | N13: =SUM(B13:M13) -> 2004 | P13: Suministro | Q13: =Gastos!Q11+Gastos!Q12+Gastos!Q13 -> 365.93 | R13: =Gastos!R11+Gastos!R12+Gastos!R13 -> 243.11 | S13: =Gastos!S11+Gastos!S12+Gastos!S13 -> 182.48 | T13: =Gastos!T11+Gastos!T12+Gastos!T13 -> 279.85 | U13: =Gastos!U11+Gastos!U12+Gastos!U13 -> 0 | V13: =Gastos!V11+Gastos!V12+Gastos!V13 -> 0 | W13: =Gastos!W11+Gastos!W12+Gastos!W13 -> 0 | X13: =Gastos!X11+Gastos!X12+Gastos!X13 -> 0 | ... AB13: =Gastos!AB11+Gastos!AB12+Gastos!AB13 -> 0 | AC13: =SUM(Q13:AB13) -> 1071.37 | AE13: Suministro | AF13: =((RANDBETWEEN($AT$8,$AU$8)*B13)/100)+B13 -> 250.29 | AG13: =((RANDBETWEEN($AT$8,$AU$8)*C13)/100)+C13 -> 127.05 | AH13: =((RANDBETWEEN($AT$8,$AU$8)*D13)/100)+D13 -> 141.44 | AI13: =((RANDBETWEEN($AT$8,$AU$8)*E13)/100)+E13 -> 213.15 | AJ13: =((RANDBETWEEN($AT$8,$AU$8)*F13)/100)+F13 -> 151.41 | AK13: =((RANDBETWEEN($AT$8,$AU$8)*G13)/100)+G13 -> 124.8 | AL13: =((RANDBETWEEN($AT$8,$AU$8)*H13)/100)+H13 -> 228.8 | AM13: =((RANDBETWEEN($AT$8,$AU$8)*I13)/100)+I13 -> 140.7 | ... AQ13: =((RANDBETWEEN($AT$8,$AU$8)*M13)/100)+M13 -> 157.59 | AR13: =SUM(AF13:AQ13) -> 2081.49
A14: Servicios Profesionales | B14: =Gastos!C17+Gastos!C10 -> 503 | C14: =Gastos!D17+Gastos!D10 -> 503 | D14: =Gastos!E17+Gastos!E10 -> 503 | E14: =Gastos!F17+Gastos!F10 -> 503 | F14: =Gastos!G17+Gastos!G10 -> 503 | G14: =Gastos!H17+Gastos!H10 -> 503 | H14: =Gastos!I17+Gastos!I10 -> 503 | I14: =Gastos!J17+Gastos!J10 -> 503 | ... M14: =Gastos!N17+Gastos!N10 -> 503 | N14: =SUM(B14:M14) -> 6036 | P14: Servicios Profesionales | Q14: =Gastos!Q10+Gastos!Q17 -> 514.22 | R14: =Gastos!R10+Gastos!R17 -> 514.22 | S14: =Gastos!S10+Gastos!S17 -> 514.22 | T14: =Gastos!T10+Gastos!T17 -> 514.22 | U14: =Gastos!U10+Gastos!U17 -> 0 | V14: =Gastos!V10+Gastos!V17 -> 0 | W14: =Gastos!W10+Gastos!W17 -> 0 | X14: =Gastos!X10+Gastos!X17 -> 0 | ... AB14: =Gastos!AB10+Gastos!AB17 -> 0 | AC14: =SUM(Q14:AB14) -> 2056.88 | AE14: Servicios Profesionales | AF14: =((RANDBETWEEN($AT$8,$AU$8)*B14)/100)+B14 -> 518.09 | AG14: =((RANDBETWEEN($AT$8,$AU$8)*C14)/100)+C14 -> 523.12 | AH14: =((RANDBETWEEN($AT$8,$AU$8)*D14)/100)+D14 -> 523.12 | AI14: =((RANDBETWEEN($AT$8,$AU$8)*E14)/100)+E14 -> 523.12 | AJ14: =((RANDBETWEEN($AT$8,$AU$8)*F14)/100)+F14 -> 518.09 | AK14: =((RANDBETWEEN($AT$8,$AU$8)*G14)/100)+G14 -> 528.15 | AL14: =((RANDBETWEEN($AT$8,$AU$8)*H14)/100)+H14 -> 528.15 | AM14: =((RANDBETWEEN($AT$8,$AU$8)*I14)/100)+I14 -> 528.15 | ... AQ14: =((RANDBETWEEN($AT$8,$AU$8)*M14)/100)+M14 -> 523.12 | AR14: =SUM(AF14:AQ14) -> 6297.56
A15: Renting | B15: =Gastos!C6 -> 0 | C15: =Gastos!D6 -> 0 | D15: =Gastos!E6 -> 0 | E15: =Gastos!F6 -> 0 | F15: =Gastos!G6 -> 0 | G15: =Gastos!H6 -> 0 | H15: =Gastos!I6 -> 0 | I15: =Gastos!J6 -> 0 | ... M15: =Gastos!N6 -> 0 | N15: =SUM(B15:M15) -> 0 | P15: Renting | Q15: =Gastos!Q6 -> 0 | R15: =Gastos!R6 -> 0 | S15: =Gastos!S6 -> 1200 | T15: =Gastos!T6 -> 561.12 | U15: =Gastos!U6 -> 0 | V15: =Gastos!V6 -> 0 | W15: =Gastos!W6 -> 0 | X15: =Gastos!X6 -> 0 | ... AB15: =Gastos!AB6 -> 0 | AC15: =SUM(Q15:AB15) -> 1761.12 | AE15: Mantenimiento | AF15: =((RANDBETWEEN($AT$8,$AU$8)*B15)/100)+B15 -> 0 | AG15: =((RANDBETWEEN($AT$8,$AU$8)*C15)/100)+C15 -> 0 | AH15: =((RANDBETWEEN($AT$8,$AU$8)*D15)/100)+D15 -> 0 | AI15: =((RANDBETWEEN($AT$8,$AU$8)*E15)/100)+E15 -> 0 | AJ15: =((RANDBETWEEN($AT$8,$AU$8)*F15)/100)+F15 -> 0 | AK15: =((RANDBETWEEN($AT$8,$AU$8)*G15)/100)+G15 -> 0 | AL15: =((RANDBETWEEN($AT$8,$AU$8)*H15)/100)+H15 -> 0 | AM15: =((RANDBETWEEN($AT$8,$AU$8)*I15)/100)+I15 -> 0 | ... AQ15: =((RANDBETWEEN($AT$8,$AU$8)*M15)/100)+M15 -> 0 | AR15: =SUM(AF15:AQ15) -> 0
A16: Varios | B16: =Gastos!C7 -> 363 | C16: =Gastos!D7 -> 363 | D16: =Gastos!E7 -> 363 | E16: =Gastos!F7 -> 363 | F16: =Gastos!G7 -> 363 | G16: =Gastos!H7 -> 363 | H16: =Gastos!I7 -> 363 | I16: =Gastos!J7 -> 363 | ... M16: =Gastos!N7 -> 363 | N16: =SUM(B16:M16) -> 4356 | P16: Varios | Q16: =Gastos!Q7 -> 363 | R16: =Gastos!R7 -> 363 | S16: =Gastos!S7 -> 363 | T16: =Gastos!T7 -> 363 | U16: =Gastos!U7 -> 0 | V16: =Gastos!V7 -> 0 | W16: =Gastos!W7 -> 0 | X16: =Gastos!X7 -> 0 | ... AB16: =Gastos!AB7 -> 0 | AC16: =SUM(Q16:AB16) -> 1452 | AE16: Colaborador Jurídico | AF16: =((RANDBETWEEN($AT$8,$AU$8)*B16)/100)+B16 -> 373.89 | AG16: =((RANDBETWEEN($AT$8,$AU$8)*C16)/100)+C16 -> 377.52 | AH16: =((RANDBETWEEN($AT$8,$AU$8)*D16)/100)+D16 -> 381.15 | AI16: =((RANDBETWEEN($AT$8,$AU$8)*E16)/100)+E16 -> 373.89 | AJ16: =((RANDBETWEEN($AT$8,$AU$8)*F16)/100)+F16 -> 381.15 | AK16: =((RANDBETWEEN($AT$8,$AU$8)*G16)/100)+G16 -> 381.15 | AL16: =((RANDBETWEEN($AT$8,$AU$8)*H16)/100)+H16 -> 381.15 | AM16: =((RANDBETWEEN($AT$8,$AU$8)*I16)/100)+I16 -> 377.52 | ... AQ16: =((RANDBETWEEN($AT$8,$AU$8)*M16)/100)+M16 -> 373.89 | AR16: =SUM(AF16:AQ16) -> 4526.61
A17: Publicidad, RRSS, WEB | B17: =Gastos!C4 -> 121 | C17: =Gastos!D4 -> 121 | D17: =Gastos!E4 -> 121 | E17: =Gastos!F4 -> 121 | F17: =Gastos!G4 -> 180 | G17: =Gastos!H4 -> 121 | H17: =Gastos!I4 -> 121 | I17: =Gastos!J4 -> 121 | ... M17: =Gastos!N4 -> 121 | N17: =SUM(B17:M17) -> 1511 | P17: Publicidad, RRSS, WEB | Q17: =Gastos!Q4 -> 121 | R17: =Gastos!R4 -> 121 | S17: =Gastos!S4 -> 121 | T17: =Gastos!T4 -> 121 | U17: =Gastos!U4 -> 0 | V17: =Gastos!V4 -> 0 | W17: =Gastos!W4 -> 0 | X17: =Gastos!X4 -> 0 | ... AB17: =Gastos!AB4 -> 0 | AC17: =SUM(Q17:AB17) -> 484 | AE17: Publicidad, RRSS, WEB | AF17: =((RANDBETWEEN($AT$8,$AU$8)*B17)/100)+B17 -> 125.84 | AG17: =((RANDBETWEEN($AT$8,$AU$8)*C17)/100)+C17 -> 125.84 | AH17: =((RANDBETWEEN($AT$8,$AU$8)*D17)/100)+D17 -> 124.63 | AI17: =((RANDBETWEEN($AT$8,$AU$8)*E17)/100)+E17 -> 125.84 | AJ17: =((RANDBETWEEN($AT$8,$AU$8)*F17)/100)+F17 -> 185.4 | AK17: =((RANDBETWEEN($AT$8,$AU$8)*G17)/100)+G17 -> 127.05 | AL17: =((RANDBETWEEN($AT$8,$AU$8)*H17)/100)+H17 -> 124.63 | AM17: =((RANDBETWEEN($AT$8,$AU$8)*I17)/100)+I17 -> 125.84 | ... AQ17: =((RANDBETWEEN($AT$8,$AU$8)*M17)/100)+M17 -> 124.63 | AR17: =SUM(AF17:AQ17) -> 1569.64
A18: Seguros | B18: =Gastos!C18+Gastos!C19+Gastos!C20 -> 71.416667 | C18: =Gastos!D18+Gastos!D19+Gastos!D20 -> 71.416667 | D18: =Gastos!E18+Gastos!E19+Gastos!E20 -> 71.416667 | E18: =Gastos!F18+Gastos!F19+Gastos!F20 -> 71.416667 | F18: =Gastos!G18+Gastos!G19+Gastos!G20 -> 71.416667 | G18: =Gastos!H18+Gastos!H19+Gastos!H20 -> 71.416667 | H18: =Gastos!I18+Gastos!I19+Gastos!I20 -> 71.416667 | I18: =Gastos!J18+Gastos!J19+Gastos!J20 -> 71.416667 | ... M18: =Gastos!N18+Gastos!N19+Gastos!N20 -> 71.416667 | N18: =SUM(B18:M18) -> 857 | P18: Seguros | Q18: =Gastos!Q18+Gastos!Q19+Gastos!Q20 -> 71.666667 | R18: =Gastos!R18+Gastos!R19+Gastos!R20 -> 71.666667 | S18: =Gastos!S18+Gastos!S19+Gastos!S20 -> 71.666667 | T18: =Gastos!T18+Gastos!T19+Gastos!T20 -> 71.666667 | U18: =Gastos!U18+Gastos!U19+Gastos!U20 -> 0 | V18: =Gastos!V18+Gastos!V19+Gastos!V20 -> 0 | W18: =Gastos!W18+Gastos!W19+Gastos!W20 -> 0 | X18: =Gastos!X18+Gastos!X19+Gastos!X20 -> 0 | ... AB18: =Gastos!AB18+Gastos!AB19+Gastos!AB20 -> 0 | AC18: =SUM(Q18:AB18) -> 286.66667 | AE18: Seguros | AF18: =((RANDBETWEEN($AT$8,$AU$8)*B18)/100)+B18 -> 74.9875 | AG18: =((RANDBETWEEN($AT$8,$AU$8)*C18)/100)+C18 -> 73.559167 | AH18: =((RANDBETWEEN($AT$8,$AU$8)*D18)/100)+D18 -> 74.9875 | AI18: =((RANDBETWEEN($AT$8,$AU$8)*E18)/100)+E18 -> 74.9875 | AJ18: =((RANDBETWEEN($AT$8,$AU$8)*F18)/100)+F18 -> 74.273333 | AK18: =((RANDBETWEEN($AT$8,$AU$8)*G18)/100)+G18 -> 74.9875 | AL18: =((RANDBETWEEN($AT$8,$AU$8)*H18)/100)+H18 -> 73.559167 | AM18: =((RANDBETWEEN($AT$8,$AU$8)*I18)/100)+I18 -> 74.273333 | ... AQ18: =((RANDBETWEEN($AT$8,$AU$8)*M18)/100)+M18 -> 74.273333 | AR18: =SUM(AF18:AQ18) -> 893.4225
A19: Varios | B19: =Gastos!C22 -> 0 | C19: =Gastos!D22 -> 0 | D19: =Gastos!E22 -> 0 | E19: =Gastos!F22 -> 0 | F19: =Gastos!G22 -> 0 | G19: =Gastos!H22 -> 0 | H19: =Gastos!I22 -> 1159 | I19: =Gastos!J22 -> 0 | ... M19: =Gastos!N22 -> 172 | N19: =SUM(B19:M19) -> 1331 | P19: Varios | Q19: =Gastos!Q22 -> 0 | R19: =Gastos!R22 -> 0 | S19: =Gastos!S22 -> 0 | T19: =Gastos!T22 -> 0 | U19: =Gastos!U22 -> 0 | V19: =Gastos!V22 -> 0 | W19: =Gastos!W22 -> 0 | X19: =Gastos!X22 -> 0 | ... AB19: =Gastos!AB22 -> 0 | AC19: =SUM(Q19:AB19) -> 0 | AE19: Varios | AF19: =B19 -> 0 | AG19: =C19 -> 0 | AH19: =D19 -> 0 | AI19: =E19 -> 0 | AJ19: =F19 -> 0 | AK19: =G19 -> 0 | AL19: =H19 -> 1159 | AM19: =I19 -> 0 | ... AQ19: =M19 -> 172 | AR19: =SUM(AF19:AQ19) -> 1331
A20: Ratio gastos Indirectos | B20: 0.42717939 | C20: 0.42720797 | D20: 0.3038 | E20: 0.27020818 | F20: 0.49466079 | G20: 0.73485427 | H20: 0.25768746 | I20: 0.66040713 | J20: 0.42116022 | K20: 0.54174809 | L20: 0.51419074 | M20: 0.60487226 | P20: Ratio gastos Indirectos | Q20: =Q11/Q3 -> 0.20134825 | R20: =R11/R3 -> 0.18438302 | S20: =S11/S3 -> 0.26988851 | T20: =T11/T3 -> 0.22712251 | U20: =U11/U3 -> #DIV/0! | V20: =V11/V3 -> #DIV/0! | W20: =W11/W3 -> #DIV/0! | X20: =X11/X3 -> #DIV/0! | ... AB20: =AB11/AB3 -> #DIV/0! | AE20: Ratio gastos Indirectos | AF20: =AF11/AF3 -> 0.19783992 | AG20: =AG11/AG3 -> 0.23273343 | AH20: =AH11/AH3 -> 0.15902551 | AI20: =AI11/AI3 -> 0.17560122 | AJ20: =AJ11/AJ3 -> 0.17440236 | AK20: =AK11/AK3 -> 0.1639779 | AL20: =AL11/AL3 -> 0.30518824 | AM20: =AM11/AM3 -> 0.18662375 | ... AQ20: =AQ11/AQ3 -> 0.18257335
A22: Total Gastos | B22: =B8+B11+B6 -> 6464.4167 | C22: =C8+C11+C6 -> 5807.4167 | D22: =D8+D11+D6 -> 7172.4167 | E22: =E8+E11+E6 -> 7939.4167 | F22: =F8+F11+F6 -> 7785.4167 | G22: =G8+G11+G6 -> 7588.4167 | H22: =H8+H11+H6 -> 8672.4167 | I22: =I8+I11+I6 -> 7402.4167 | ... M22: =M8+M11+M6 -> 8520.4167 | N22: =SUM(B22:M22) -> 91419 | P22: Total Gastos | Q22: =Q8+Q11+Q6 -> 7971.8767 | R22: =R8+R11+R6 -> 8952.3367 | S22: =S8+S11+S6 -> 9541.4467 | T22: =T8+T11+T6 -> 9035.1967 | U22: =U8+U11+U6 -> 0 | V22: =V8+V11+V6 -> 0 | W22: =W8+W11+W6 -> 0 | X22: =X8+X11+X6 -> 0 | ... AB22: =AB8+AB11+AB6 -> 0 | AC22: =SUM(Q22:AB22) -> 35500.857 | AE22: Total Gastos | AF22: =AF8+AF11+AF6 -> 6723.7675 | AG22: =AG8+AG11+AG6 -> 5974.9292 | AH22: =AH8+AH11+AH6 -> 7435.8875 | AI22: =AI8+AI11+AI6 -> 8219.6875 | AJ22: =AJ8+AJ11+AJ6 -> 8124.1733 | AK22: =AK8+AK11+AK6 -> 7818.5175 | AL22: =AL8+AL11+AL6 -> 9004.9592 | AM22: =AM8+AM11+AM6 -> 7678.3233 | ... AQ22: =AQ8+AQ11+AQ6 -> 8886.1533 | AR22: =SUM(AF22:AQ22) -> 94759.982
A23: Resultado Operativo | B23: =B3-B8-B11 -> 3486.3633 | C23: =C3-C8-C11 -> 1429.3433 | D23: =D3-D8-D11 -> 4168.6033 | E23: =E3-E8-E11 -> 2999.6833 | F23: =F3-F8-F11 -> 2734.5033 | G23: =G3-G8-G11 -> 3228.2433 | H23: =H3-H8-H11 -> 958.38333 | I23: =I3-I8-I11 -> 1866.1833 | ... M23: =M3-M8-M11 -> 2311.8233 | N23: =SUM(B23:M23) -> 29309.14 | P23: Resultado Operativo | Q23: =Q3-Q8-Q11 -> 3080.1233 | R23: =R3-R8-R11 -> 3390.6633 | S23: =S3-S8-S11 -> 2674.5533 | T23: =T3-T8-T11 -> 2860.8033 | U23: =U3-U8-U11 -> 0 | V23: =V3-V8-V11 -> 0 | W23: =W3-W8-W11 -> 0 | X23: =X3-X8-X11 -> 0 | ... AB23: =AB3-AB8-AB11 -> 0 | AC23: =SUM(Q23:AB23) -> 12006.143 | AE23: Resultado Operativo | AF23: =AF3-AF8-AF11 -> 4178.4105 | AG23: =AG3-AG8-AG11 -> 2198.9296 | AH23: =AH3-AH8-AH11 -> 5216.3749 | AI23: =AI3-AI8-AI11 -> 4042.8955 | AJ23: =AJ3-AJ8-AJ11 -> 3906.1347 | AK23: =AK3-AK8-AK11 -> 4348.1083 | AL23: =AL3-AL8-AL11 -> 1750.4968 | AM23: =AM3-AM8-AM11 -> 2606.6027 | ... AQ23: =AQ3-AQ8-AQ11 -> 3391.2303 | AR23: =SUM(AF23:AQ23) -> 40609.368
B24: =B23/B3 -> 0.37801653 | C24: =C23/C3 -> 0.198775 | D24: =D23/D3 -> 0.38886153 | E24: =E23/E3 -> 0.30138181 | F24: =F23/F3 -> 0.27778602 | G24: =G23/G3 -> 0.31480745 | H24: =H23/H3 -> 0.10368972 | I24: =I23/I3 -> 0.20234894 | ... M24: =M23/M3 -> 0.23027872 | Q24: =Q23/Q3 -> 0.29334508 | R24: =R23/R3 -> 0.31395031 | S24: =S23/S3 -> 0.23056494 | T24: =T23/T3 -> 0.25094766 | U24: =U23/U3 -> #DIV/0! | V24: =V23/V3 -> #DIV/0! | W24: =W23/W3 -> #DIV/0! | X24: =X23/X3 -> #DIV/0! | ... AB24: =AB23/AB3 -> #DIV/0! | AF24: =AF23/AF3 -> 0.4118666 | AG24: =AG23/AG3 -> 0.27061888 | AH24: =AH23/AH3 -> 0.43446538 | AI24: =AI23/AI3 -> 0.35946425 | AJ24: =AJ23/AJ3 -> 0.34504942 | AK24: =AK23/AK3 -> 0.37523267 | AL24: =AL23/AL3 -> 0.1690985 | AM24: =AM23/AM3 -> 0.2546235 | ... AQ24: =AQ23/AQ3 -> 0.2963136
A26: Amortizaciones | N26: =SUM(B26:M26) -> 0 | P26: Amortizaciones | AC26: =SUM(Q26:AB26) -> 0 | AE26: Amortizaciones | AR26: =SUM(AF26:AQ26) -> 0
A27: Gasto Extraor / Finan | B27: =Gastos!C5 -> 562 | C27: =Gastos!D5 -> 562 | D27: =Gastos!E5 -> 562 | E27: =Gastos!F5 -> 562 | F27: =Gastos!G5 -> 562 | G27: =Gastos!H5 -> 562 | H27: =Gastos!I5 -> 562 | I27: =Gastos!J5 -> 562 | ... M27: =Gastos!N5 -> 562 | N27: =SUM(B27:M27) -> 6744 | P27: Gasto Extraor / Finan | Q27: =Gastos!Q5 -> 562.3 | R27: =Gastos!R5 -> 562.3 | S27: =Gastos!S5 -> 562.3 | T27: =Gastos!T5 -> 562.3 | U27: =Gastos!U5 -> 0 | V27: =Gastos!V5 -> 0 | W27: =Gastos!W5 -> 0 | X27: =Gastos!X5 -> 0 | ... AB27: =Gastos!AB5 -> 0 | AC27: =SUM(Q27:AB27) -> 2249.2 | AE27: Gasto Extraor / Finan | AF27: =B27 -> 562 | AG27: =C27 -> 562 | AH27: =D27 -> 562 | AI27: =E27 -> 562 | AJ27: =F27 -> 562 | AK27: =G27 -> 562 | AL27: =H27 -> 562 | AM27: =I27 -> 562 | ... AQ27: =M27 -> 562 | AR27: =SUM(AF27:AQ27) -> 6744
A28: Impuestos trimestrales | B28: =Gastos!C21 -> 3500 | C28: =Gastos!D21 -> 0 | D28: =Gastos!E21 -> 0 | E28: =Gastos!F21 -> 3770 | F28: =Gastos!G21 -> 0 | G28: =Gastos!H21 -> 0 | H28: =Gastos!I21 -> 4100 | I28: =Gastos!J21 -> 0 | ... M28: =Gastos!N21 -> 0 | N28: =SUM(B28:M28) -> 14970 | P28: Impuestos trimestrales | Q28: =Gastos!Q21 -> 3845 | R28: =Gastos!R21 -> 0 | S28: =Gastos!S21 -> 0 | T28: =Gastos!T21 -> 3800 | U28: =Gastos!U21 -> 0 | V28: =Gastos!V21 -> 1360 | W28: =Gastos!W21 -> 0 | X28: =Gastos!X21 -> 0 | ... AB28: =Gastos!AB21 -> 1360 | AC28: =SUM(Q28:AB28) -> 11725 | AE28: Impuestos trimestrales | AF28: =((RANDBETWEEN($AT$8,$AU$8)*B28)/100)+B28 -> 3675 | AG28: =((RANDBETWEEN($AT$8,$AU$8)*C28)/100)+C28 -> 0 | AH28: =((RANDBETWEEN($AT$8,$AU$8)*D28)/100)+D28 -> 0 | AI28: =((RANDBETWEEN($AT$8,$AU$8)*E28)/100)+E28 -> 3958.5 | AJ28: =((RANDBETWEEN($AT$8,$AU$8)*F28)/100)+F28 -> 0 | AK28: =((RANDBETWEEN($AT$8,$AU$8)*G28)/100)+G28 -> 0 | AL28: =((RANDBETWEEN($AT$8,$AU$8)*H28)/100)+H28 -> 4223 | AM28: =((RANDBETWEEN($AT$8,$AU$8)*I28)/100)+I28 -> 0 | ... AQ28: =((RANDBETWEEN($AT$8,$AU$8)*M28)/100)+M28 -> 0 | AR28: =SUM(AF28:AQ28) -> 15600.5
A29: Resultado de Explotación | B29: =B23-B26-B27-B28 -> -575.63667 | C29: =C23-C26-C27-C28 -> 867.34333 | D29: =D23-D26-D27-D28 -> 3606.6033 | E29: =E23-E26-E27-E28 -> -1332.3167 | F29: =F23-F26-F27-F28 -> 2172.5033 | G29: =G23-G26-G27-G28 -> 2666.2433 | H29: =H23-H26-H27-H28 -> -3703.6167 | I29: =I23-I26-I27-I28 -> 1304.1833 | ... M29: =M23-M26-M27-M28 -> 1749.8233 | N29: =SUM(B29:M29) -> 7595.14 | P29: Resultado de Explotación | Q29: =Q23-Q26-Q27-Q28 -> -1327.1767 | R29: =R23-R26-R27-R28 -> 2828.3633 | S29: =S23-S26-S27-S28 -> 2112.2533 | T29: =T23-T26-T27-T28 -> -1501.4967 | U29: =U23-U26-U27-U28 -> 0 | V29: =V23-V26-V27-V28 -> -1360 | W29: =W23-W26-W27-W28 -> 0 | X29: =X23-X26-X27-X28 -> 0 | ... AB29: =AB23-AB26-AB27-AB28 -> -1360 | AC29: =SUM(Q29:AB29) -> -1968.0567 | AE29: Resultado de Explotación | AF29: =AF23-AF26-AF27-AF28 -> -58.5895 | AG29: =AG23-AG26-AG27-AG28 -> 1636.9296 | AH29: =AH23-AH26-AH27-AH28 -> 4654.3749 | AI29: =AI23-AI26-AI27-AI28 -> -477.6045 | AJ29: =AJ23-AJ26-AJ27-AJ28 -> 3344.1347 | AK29: =AK23-AK26-AK27-AK28 -> 3786.1083 | AL29: =AL23-AL26-AL27-AL28 -> -3034.5032 | AM29: =AM23-AM26-AM27-AM28 -> 2044.6027 | ... AQ29: =AQ23-AQ26-AQ27-AQ28 -> 2829.2303 | AR29: =SUM(AF29:AQ29) -> 18264.868
A31: Resultado Neto antes de I.S. | B31: =B29 -> -575.63667 | C31: =C29 -> 867.34333 | D31: =D29 -> 3606.6033 | E31: =E29 -> -1332.3167 | F31: =F29 -> 2172.5033 | G31: =G29 -> 2666.2433 | H31: =H29 -> -3703.6167 | I31: =I29 -> 1304.1833 | ... M31: =M29 -> 1749.8233 | N31: =SUM(B31:M31) -> 7595.14 | P31: Resultado Neto antes de I.S. | Q31: =Q29 -> -1327.1767 | R31: =R29 -> 2828.3633 | S31: =S29 -> 2112.2533 | T31: =T29 -> -1501.4967 | U31: =U29 -> 0 | V31: =V29 -> -1360 | W31: =W29 -> 0 | X31: =X29 -> 0 | ... AB31: =AB29 -> -1360 | AC31: =SUM(Q31:AB31) -> -1968.0567 | AE31: Resultado Neto antes de I.S. | AF31: =AF29 -> -58.5895 | AG31: =AG29 -> 1636.9296 | AH31: =AH29 -> 4654.3749 | AI31: =AI29 -> -477.6045 | AJ31: =AJ29 -> 3344.1347 | AK31: =AK29 -> 3786.1083 | AL31: =AL29 -> -3034.5032 | AM31: =AM29 -> 2044.6027 | ... AQ31: =AQ29 -> 2829.2303 | AR31: =SUM(AF31:AQ31) -> 18264.868
B32: =B31/B3 -> -0.062414659 | C32: =C31/C3 -> 0.12061915 | D32: =D31/D3 -> 0.33643625 | E32: =E31/E3 -> -0.13385947 | F32: =F31/F3 -> 0.22069494 | G32: =G31/G3 -> 0.26000309 | H32: =H31/H3 -> -0.40070289 | I32: =I31/I3 -> 0.14141168 | ... N32: =N31/N3 -> 0.066538737 | Q32: =Q31/Q3 -> -0.12639778 | R32: =R31/R3 -> 0.26188549 | S32: =S31/S3 -> 0.1820908 | T32: =T31/T3 -> -0.13171023 | U32: =U31/U3 -> #DIV/0! | V32: =V31/V3 -> #DIV/0! | W32: =W31/W3 -> #DIV/0! | X32: =X31/X3 -> #DIV/0! | ... AC32: =AC31/AC3 -> -0.044425658 | AF32: =AF31/AF3 -> -0.0057751764 | AG32: =AG31/AG3 -> 0.20145441 | AH32: =AH31/AH3 -> 0.3876571 | AI32: =AI31/AI3 -> -0.042465046 | AJ32: =AJ31/AJ3 -> 0.295405 | AK32: =AK31/AK3 -> 0.32673324 | AL32: =AL31/AL3 -> -0.29313388 | AM32: =AM31/AM3 -> 0.19972506 | ... AR32: =AR31/AR3 -> 0.14209977
P35: Salario | Q35: =Q8 -> 5305.72 | R35: =R8 -> 5418 | S35: =S8 -> 5794.74 | T35: =T8 -> 5950 | U35: =U8 -> 0 | V35: =V8 -> 0 | W35: =W8 -> 0 | X35: =X8 -> 0 | ... AB35: =AB8 -> 0
P37: Casa | Q37: 600 | R37: 600 | S37: 600 | T37: 600 | AC37: =SUMPRODUCT($P$1:$AA$1,Q37:AB37) -> 1800
P38: Suministros | Q38: 50 | R38: 130 | S38: 50 | T38: 50 | AC38: =SUMPRODUCT($P$1:$AA$1,Q38:AB38) -> 230
P39: Guardería | Q39: 170 | R39: 170 | S39: 170 | T39: 170 | AC39: =SUMPRODUCT($P$1:$AA$1,Q39:AB39) -> 510
P40: Internet | Q40: 100 | R40: 100 | S40: 100 | T40: 100 | AC40: =SUMPRODUCT($P$1:$AA$1,Q40:AB40) -> 300
P41: Seguro | Q41: 50 | R41: 50 | S41: 50 | T41: 50 | AC41: =SUMPRODUCT($P$1:$AA$1,Q41:AB41) -> 150
P42: Clases Niñas | Q42: 75 | R42: 75 | S42: 75 | T42: 75 | AC42: =SUMPRODUCT($P$1:$AA$1,Q42:AB42) -> 225
P44: Gasolina | Q44: 100 | R44: 100 | S44: 100 | T44: 100 | AC44: =SUMPRODUCT($P$1:$AA$1,Q44:AB44) -> 300
P45: Compra | Q45: 200 | R45: 200 | S45: 200 | T45: 200 | AC45: =SUMPRODUCT($P$1:$AA$1,Q45:AB45) -> 600
P46: Ocio Personal | Q46: 400 | R46: 400 | S46: 400 | T46: 400 | AC46: =SUMPRODUCT($P$1:$AA$1,Q46:AB46) -> 1200
P48: Resultado Personal | Q48: =Q35-Q37-Q38-Q39-Q45-Q40-Q41-Q42-Q44-Q46 -> 3560.72 | R48: =R35-R37-R38-R39-R45-R40-R41-R42-R44-R46 -> 3593 | S48: =S35-S37-S38-S39-S45-S40-S41-S42-S44-S46 -> 4049.74 | T48: =T35-T37-T38-T39-T45-T40-T41-T42-T44-T46 -> 4205 | U48: =U35-U37-U38-U39-U45-U40-U41-U42-U44-U46 -> 0 | V48: =V35-V37-V38-V39-V45-V40-V41-V42-V44-V46 -> 0 | W48: =W35-W37-W38-W39-W45-W40-W41-W42-W44-W46 -> 0 | X48: =X35-X37-X38-X39-X45-X40-X41-X42-X44-X46 -> 0 | ... AB48: =AB35-AB37-AB38-AB39-AB45-AB40-AB41-AB42-AB44-AB46 -> 0 | AC48: =SUMPRODUCT($P$1:$AA$1,Q48:AB48) -> 11847.74
P50: Ahorro | Q50: =Q48-Q51-Q52 -> 2492.504 | R50: =R48-R51-R52 -> 2515.1 | S50: =S48-S51-S52 -> 2834.818 | T50: =T48-T51-T52 -> 2943.5
P51: Vacaciones | Q51: =Q48*0.2 -> 712.144 | R51: =R48*0.2 -> 718.6 | S51: =S48*0.2 -> 809.948 | T51: =T48*0.2 -> 841
P52: Imprevisto | Q52: =Q48*0.1 -> 356.072 | R52: =R48*0.1 -> 359.3 | S52: =S48*0.1 -> 404.974 | T52: =T48*0.1 -> 420.5

Sheet Facturación
B1: Total
B2: agosto 2016 | D2: septiembre 2016 | F2: octubre 2016 | H2: noviembre 2016 | J2: diciembre 2016 | L2: enero 2017 | N2: febrero 2017 | P2: marzo 2017 | R2: abril 2017 | T2: mayo 2017 | V2: junio 2017 | X2: julio 2017 | Z2: agosto 2017 | AB2: septiembre 2017 | AD2: octubre 2017 | AF2: noviembre 2017 | AH2: diciembre 2017 | AJ2: enero 2018 | AL2: febrero 2018 | AN2: marzo 2018 | AP2: abril 2018 | AR2: mayo 2018 | AT2: junio 2018 | AV2: julio 2018 | AX2: agosto 2018 | AZ2: septiembre 2018 | BB2: octubre 2018 | BD2: noviembre 2018 | BF2: diciembre 2018 | BH2: enero 2019 | BJ2: febrero 2019 | BL2: marzo 2019 | BN2: 43556 | BP2: 43586 | BR2: 43617 | BT2: 43647 | BV2: 43678 | BX2: 43709 | BZ2: 43739 | CB2: 43770 | CD2: 43800
B3: Cantidad del producto | C3: Precio total | D3: Cantidad del producto | E3: Precio total | F3: Cantidad del producto | G3: Precio total | H3: Cantidad del producto | I3: Precio total | J3: Cantidad del producto | K3: Precio total | L3: Cantidad del producto | M3: Precio total | N3: Cantidad del producto | O3: Precio total | P3: Cantidad del producto | Q3: Precio total | R3: Cantidad del producto | S3: Precio total | T3: Cantidad del producto | U3: Precio total | V3: Cantidad del producto | W3: Precio total | X3: Cantidad del producto | Y3: Precio total | Z3: Cantidad del producto | AA3: Precio total | AB3: Cantidad del producto | AC3: Precio total | AD3: Cantidad del producto | AE3: Precio total | AF3: Cantidad del producto | AG3: Precio total | AH3: Cantidad del producto | AI3: Precio total | AJ3: Cantidad del producto | AK3: Precio total | AL3: Cantidad del producto | AM3: Precio total | AN3: Cantidad del producto | AO3: Precio total | AP3: Cantidad del producto | AQ3: Precio total | AR3: Cantidad del producto | AS3: Precio total | AT3: Cantidad del producto | AU3: Precio total | AV3: Cantidad del producto | AW3: Precio total | AX3: Cantidad del producto | AY3: Precio total | AZ3: Cantidad del producto | BA3: Precio total | BB3: Cantidad del producto | BC3: Precio total | BD3: Cantidad del producto | BE3: Precio total | BF3: Cantidad del producto | BG3: Precio total | BH3: Cantidad del producto | BI3: Precio total | BJ3: Cantidad del producto | BK3: Precio total | BL3: Cantidad del producto | BM3: Precio total | BN3: Cantidad del producto | BO3: Precio total | BP3: Cantidad del producto | BQ3: Precio total | BR3: Cantidad del producto | BS3: Precio total | BT3: Cantidad del producto | BU3: Precio total | BV3: Cantidad del producto | BW3: Precio total | BX3: Cantidad del producto | BY3: Precio total | BZ3: Cantidad del producto | CA3: Precio total | CB3: Cantidad del producto | CC3: Precio total | CD3: Cantidad del producto | CE3: Precio total
A4: Total | B4: 201 | C4: 1422.1 | D4: 513 | E4: 3668.24 | F4: 590 | G4: 4058.85 | H4: 551 | I4: 3955.06 | J4: 735 | K4: 5532.64 | L4: 660 | M4: 5180.53 | N4: 754 | O4: 5641.52 | P4: 915 | Q4: 6614.5 | R4: 871 | S4: 6211.32 | T4: 973 | U4: 7026.89 | V4: 1043 | W4: 7565.66 | X4: 984 | Y4: 7086.76 | Z4: 993 | AA4: 7228.73 | AB4: 1193 | AC4: 8719.94 | AD4: 1132 | AE4: 8122.34 | AF4: 1050 | AG4: 7529.16 | AH4: 1148 | AI4: 8534.71 | AJ4: 1220 | AK4: 9222.78 | AL4: 952 | AM4: 7190.76 | AN4: 1437 | AO4: 10720.02 | AP4: 1312 | AQ4: 9953.1 | AR4: 1313 | AS4: 9843.92 | AT4: 1375 | AU4: 10254.66 | AV4: 1239 | AW4: 9242.8 | AX4: 1218 | AY4: 9222.6 | AZ4: 1291 | BA4: 9587.32 | BB4: 1214 | BC4: 8947.08 | BD4: 1335 | BE4: 9921.86 | BF4: 1349 | BG4: 10039.24 | BH4: 1200 | BI4: 10500 | BJ4: 1400 | BK4: 10800 | BL4: 950 | BM4: 11600 | BO4: 11400
A5: Albacete | B5: 201 | C5: 1422.1 | D5: 513 | E5: 3668.24 | F5: 590 | G5: 4058.85 | H5: 551 | I5: 3955.06 | J5: 735 | K5: 5532.64 | L5: 660 | M5: 5180.53 | N5: 754 | O5: 5641.52 | P5: 915 | Q5: 6614.5 | R5: 871 | S5: 6211.32 | T5: 975 | U5: 7028.49 | V5: 1043 | W5: 7565.66 | X5: 984 | Y5: 7086.76 | Z5: 993 | AA5: 7228.73 | AB5: 1193 | AC5: 8719.94 | AD5: 1132 | AE5: 8122.34 | AF5: 1050 | AG5: 7529.16 | AH5: 1148 | AI5: 8534.71 | AJ5: 1220 | AK5: 9222.78 | AL5: 952 | AM5: 7190.76 | AN5: 1437 | AO5: 10720.02 | AP5: 1312 | AQ5: 9953.1 | AR5: 1313 | AS5: 9843.92 | AT5: 1375 | AU5: 10254.66 | AV5: 1239 | AW5: 9242.8 | AX5: 1218 | AY5: 9222.6 | AZ5: 1291 | BA5: 9587.32 | BB5: 1214 | BC5: 8947.08 | BD5: 1335 | BE5: 9921.86 | BF5: 1349 | BG5: 10039.24 | BH5: 1117 | BI5: 9658.09 | BJ5: 1339 | BK5: 9997.14 | BL5: 873 | BM5: 10800

Sheet Facturas 19
A1: Referencia | B1: Fecha | C1: Cliente | D1: CIF/NIF del cliente | E1: Email del cliente | F1: Teléfono | G1: Estado | H1: Forma pago | I1: Tipo de vencimiento | J1: Total base | K1: Total impuestos | L1: Total importe | M1: Importe cobrado | N1: Importe restante | O1: Mes
A2: FAC18/00100 | B2: 43131 | C2: Cliente 1 | G2: Cobrada | H2: Transferencia bancaria | I2: Al contado | J2: 290 | K2: 20.3 | L2: =J2+K2 -> 310.3 | M2: 310.3 | N2: =L2-M2 -> 0 | O2: =TEXT(B2,"mmmmmmmmmmmmmm") -> enero
A3: FAC18/00099 | B3: 43131 | C3: Cliente 2 | G3: Parcialmente cobrada | H3: Transferencia bancaria | I3: Al contado | J3: 1170 | K3: 81.9 | L3: =J3+K3 -> 1251.9 | M3: 1201.9 | N3: =L3-M3 -> 50 | O3: =TEXT(B3,"mmmmmmmmmmmmmm") -> enero
A4: FAC18/00098 | B4: 43131 | C4: Cliente 3 | G4: Pendiente | H4: Transferencia bancaria | I4: Al contado | J4: 60 | K4: 4.2 | L4: =J4+K4 -> 64.2 | M4: 0 | N4: =L4-M4 -> 64.2 | O4: =TEXT(B4,"mmmmmmmmmmmmmm") -> enero
A5: FAC18/00097 | B5: 43131 | C5: Cliente 4 | G5: Pendiente | H5: Transferencia bancaria | I5: Al contado | J5: 440 | K5: 30.8 | L5: =J5+K5 -> 470.8 | M5: 0 | N5: =L5-M5 -> 470.8 | O5: =TEXT(B5,"mmmmmmmmmmmmmm") -> enero
A6: FAC18/00096 | B6: 43131 | C6: Cliente 5 | G6: Parcialmente cobrada | H6: Transferencia bancaria | I6: Al contado | J6: 560 | K6: 39.2 | L6: =J6+K6 -> 599.2 | M6: 360 | N6: =L6-M6 -> 239.2 | O6: =TEXT(B6,"mmmmmmmmmmmmmm") -> enero
A7: FAC18/00095 | B7: 43131 | C7: Cliente 6 | G7: Cobrada | H7: Transferencia bancaria | I7: Al contado | J7: 1049 | K7: 73.43 | L7: =J7+K7 -> 1122.43 | M7: 1122.43 | N7: =L7-M7 -> 0 | O7: =TEXT(B7,"mmmmmmmmmmmmmm") -> enero
A8: FAC18/00094 | B8: 43130 | C8: Cliente 7 | G8: Pendiente | H8: Transferencia bancaria | I8: Al contado | J8: 135 | K8: 9.45 | L8: =J8+K8 -> 144.45 | M8: 0 | N8: =L8-M8 -> 144.45 | O8: =TEXT(B8,"mmmmmmmmmmmmmm") -> enero
A9: FAC18/00093 | B9: 43126 | C9: Cliente 8 | G9: Cobrada | H9: Transferencia bancaria | I9: Al contado | J9: 180 | K9: 12.6 | L9: =J9+K9 -> 192.6 | M9: 192.6 | N9: =L9-M9 -> 0 | O9: =TEXT(B9,"mmmmmmmmmmmmmm") -> enero
A10: FAC18/00092 | B10: 43125 | C10: Cliente 9 | G10: Pendiente | H10: Transferencia bancaria | I10: Al contado | J10: 30 | K10: 2.1 | L10: =J10+K10 -> 32.1 | M10: 0 | N10: =L10-M10 -> 32.1 | O10: =TEXT(B10,"mmmmmmmmmmmmmm") -> enero
A11: FAC18/00091 | B11: 43125 | C11: Cliente 10 | G11: Pendiente | H11: Transferencia bancaria | I11: Al contado | J11: 1512 | K11: 105.84 | L11: =J11+K11 -> 1617.84 | M11: 0 | N11: =L11-M11 -> 1617.84 | O11: =TEXT(B11,"mmmmmmmmmmmmmm") -> enero
A12: FAC18/00090 | B12: 43125 | C12: Cliente 11 | G12: Pendiente | H12: Transferencia bancaria | I12: Al contado | J12: 390 | K12: 27.3 | L12: =J12+K12 -> 417.3 | M12: 0 | N12: =L12-M12 -> 417.3 | O12: =TEXT(B12,"mmmmmmmmmmmmmm") -> enero
A13: FAC18/00089 | B13: 43125 | C13: Cliente 12 | G13: Pendiente | H13: Transferencia bancaria | I13: Al contado | J13: 90 | K13: 6.3 | L13: =J13+K13 -> 96.3 | M13: 0 | N13: =L13-M13 -> 96.3 | O13: =TEXT(B13,"mmmmmmmmmmmmmm") -> enero
... A287: FAC18/00088 | B287: 43459 | C287: Cliente 22 | G287: Pendiente | H287: Transferencia bancaria | I287: Al contado | J287: 270 | K287: 18.9 | L287: =J287+K287 -> 288.9 | M287: 0 | N287: =L287-M287 -> 288.9 | O287: =TEXT(B287,"mmmmmmmmmmmmmm") -> diciembre

Sheet Gastos
C1: 2018 | P1: 2019
A2: GASTOS | B2: ANUAL | C2: ENERO | D2: FEBRERO | E2: MARZO | F2: ABRIL | G2: MAYO | H2: JUNIO | I2: JULIO | J2: AGOSTO | K2: SEPTIEMBRE | L2: OCTUBRE | M2: NOVIEMBRE | N2: DICIEMBRE | P2: ANUAL | Q2: ENERO | R2: FEBRERO | S2: MARZO | T2: ABRIL | U2: MAYO | V2: JUNIO | W2: JULIO | X2: AGOSTO | Y2: SEPTIEMBRE | Z2: OCTUBRE | AA2: NOVIEMBRE | AB2: DICIEMBRE
A3: Alquiler local | C3: 664 | D3: 664 | E3: 664 | F3: 664 | G3: 664 | H3: 664 | I3: 664 | J3: 664 | K3: 664 | L3: 664 | M3: 664 | N3: 664 | Q3: 678.34 | R3: 678.34 | S3: 678.34 | T3: 678.34
A4: Publicidad franquicia | C4: 121 | D4: 121 | E4: 121 | F4: 121 | G4: 180 | H4: 121 | I4: 121 | J4: 121 | K4: 121 | L4: 121 | M4: 121 | N4: 121 | Q4: 121 | R4: 121 | S4: 121 | T4: 121
A5: Préstamo ICO | C5: 562 | D5: 562 | E5: 562 | F5: 562 | G5: 562 | H5: 562 | I5: 562 | J5: 562 | K5: 562 | L5: 562 | M5: 562 | N5: 562 | Q5: 562.3 | R5: 562.3 | S5: 562.3 | T5: 562.3
A6: Renting Coche | C6: 0 | D6: 0 | E6: 0 | F6: 0 | G6: 0 | H6: 0 | I6: 0 | J6: 0 | K6: 0 | L6: 0 | M6: 0 | N6: 0 | Q6: 0 | R6: 0 | S6: 1200 | T6: 561.12
A7: Canon franquicia | C7: 363 | D7: 363 | E7: 363 | F7: 363 | G7: 363 | H7: 363 | I7: 363 | J7: 363 | K7: 363 | L7: 363 | M7: 363 | N7: 363 | Q7: 363 | R7: 363 | S7: 363 | T7: 363
A8: Nóminas | C8: 2879 | D8: 3025 | E8: 3800 | F8: 3800 | G8: 3875 | H8: 3875 | I8: 3875 | J8: 4000 | K8: 4050 | L8: 4086 | M8: 4300 | N8: 4100 | Q8: 3918 | R8: 3918 | S8: 4444 | T8: 4450
A9: Seguridad Social | C9: 892 | D9: 893 | E9: 893 | F9: 1228 | G9: 1306 | H9: 1309 | I9: 1308 | J9: 1500 | K9: 1393 | L9: 1472 | M9: 1335 | N9: 1580 | Q9: 1387.72 | R9: 1500 | S9: 1350.74 | T9: 1500
A10: Autónomo | C10: 358 | D10: 358 | E10: 358 | F10: 358 | G10: 358 | H10: 358 | I10: 358 | J10: 358 | K10: 358 | L10: 358 | M10: 358 | N10: 358 | Q10: 364.22 | R10: 364.22 | S10: 364.22 | T10: 364.22
A11: Electricidad | C11: 112 | D11: 77 | E11: 92 | F11: 70 | G11: 103 | H11: 76 | I11: 79 | J11: 90 | K11: 138 | L11: 86 | M11: 78 | N11: 109 | Q11: 138.81 | R11: 200.76 | S11: 138.81 | T11: 140
A12: Teléfono+ internet | C12: 44 | D12: 44 | E12: 44 | F12: 44 | G12: 44 | H12: 44 | I12: 44 | J12: 44 | K12: 44 | L12: 44 | M12: 44 | N12: 44 | Q12: 133.87 | R12: 42.35 | S12: 43.67 | T12: 42.35
A13: Agua | C13: 87 | D13: 0 | E13: 0 | F13: 89 | G13: 0 | H13: 0 | I13: 97 | J13: 0 | K13: 0 | L13: 93 | M13: 0 | N13: 0 | Q13: 93.25 | R13: 0 | S13: 0 | T13: 97.5
A14: Prensa | C14: 11 | D14: 11 | E14: 11 | F14: 11 | G14: 11 | H14: 11 | I14: 11 | J14: 11 | K14: 11 | L14: 11 | M14: 11 | N14: 11 | Q14: 11 | R14: 11 | S14: 11 | T14: 11
... A17: Gestoría | C17: 145 | D17: 145 | E17: 145 | F17: 145 | G17: 145 | H17: 145 | I17: 145 | J17: 145 | K17: 145 | L17: 145 | M17: 145 | N17: 145 | Q17: 150 | R17: 150 | S17: 150 | T17: 150
A18: Seguro Local | B18: 320 | C18: =$P$18/12 -> 26.666667 | D18: =$P$18/12 -> 26.666667 | E18: =$P$18/12 -> 26.666667 | F18: =$P$18/12 -> 26.666667 | G18: =$P$18/12 -> 26.666667 | H18: =$P$18/12 -> 26.666667 | I18: =$P$18/12 -> 26.666667 | J18: =$P$18/12 -> 26.666667 | ... N18: =$P$18/12 -> 26.666667 | P18: 320 | Q18: =$P$18/12 -> 26.666667 | R18: =$P$18/12 -> 26.666667 | S18: =$P$18/12 -> 26.666667 | T18: =$P$18/12 -> 26.666667
A19: Norprevención | B19: 287 | C19: =$B$19/12 -> 23.916667 | D19: =$B$19/12 -> 23.916667 | E19: =$B$19/12 -> 23.916667 | F19: =$B$19/12 -> 23.916667 | G19: =$B$19/12 -> 23.916667 | H19: =$B$19/12 -> 23.916667 | I19: =$B$19/12 -> 23.916667 | J19: =$B$19/12 -> 23.916667 | ... N19: =$B$19/12 -> 23.916667 | P19: 290 | Q19: =$P$19/12 -> 24.166667 | R19: =$P$19/12 -> 24.166667 | S19: =$P$19/12 -> 24.166667 | T19: =$P$19/12 -> 24.166667
A20: Protección datos | B20: 250 | C20: =$P$20/12 -> 20.833333 | D20: =$P$20/12 -> 20.833333 | E20: =$P$20/12 -> 20.833333 | F20: =$P$20/12 -> 20.833333 | G20: =$P$20/12 -> 20.833333 | H20: =$P$20/12 -> 20.833333 | I20: =$P$20/12 -> 20.833333 | J20: =$P$20/12 -> 20.833333 | ... N20: =$P$20/12 -> 20.833333 | P20: 250 | Q20: =$P$20/12 -> 20.833333 | R20: =$P$20/12 -> 20.833333 | S20: =$P$20/12 -> 20.833333 | T20: =$P$20/12 -> 20.833333
A21: Trimestre IVA | C21: 3500 | E21: 0 | F21: 3770 | H21: 0 | I21: 4100 | K21: 0 | L21: 3600 | N21: 0 | Q21: 3845 | T21: 3800 | V21: 1360 | Y21: 1360 | AB21: 1360
A22: Varios | I22: 1159 | N22: 172
A24: TOTAL | C24: =SUM(C3:C23) -> 10526.417 | D24: =SUM(D3:D23) -> 6369.4167 | E24: =SUM(E3:E23) -> 7734.4167 | F24: =SUM(F3:F23) -> 12271.417 | G24: =SUM(G3:G23) -> 8347.4167 | H24: =SUM(H3:H23) -> 8150.4167 | I24: =SUM(I3:I23) -> 13334.417 | J24: =SUM(J3:J23) -> 7964.4167 | ... N24: =SUM(N3:N23) -> 9082.4167 | Q24: =SUM(Q3:Q23) -> 12379.177 | R24: =SUM(R3:R23) -> 9514.6367 | S24: =SUM(S3:S23) -> 10103.747 | T24: =SUM(T3:T23) -> 13397.497 | U24: =SUM(U3:U23) -> 0 | V24: =SUM(V3:V23) -> 1360 | W24: =SUM(W3:W23) -> 0 | X24: =SUM(X3:X23) -> 0 | ... AB24: =SUM(AB3:AB23) -> 1360

Sheet Gastos 19
A1: Tipo | B1: Concepto | C1: Proveedor | D1: Fecha | E1: Mes | F1: Importe
A2: Coste Personal | D2: 43101 | E2: =TEXT(D2,"mmmmmmmmmmmmm") -> enero | F2: 5000
A3: Compras | D3: 43102 | E3: =TEXT(D3,"mmmmmmmmmmmmm") -> enero | F3: 4000
A4: Compras | D4: 43103 | E4: =TEXT(D4,"mmmmmmmmmmmmm") -> enero | F4: 1000
A5: Suministros | D5: 43104 | E5: =TEXT(D5,"mmmmmmmmmmmmm") -> enero | F5: 80
A6: Suministros | D6: 43105 | E6: =TEXT(D6,"mmmmmmmmmmmmm") -> enero | F6: 60
A7: Mantenimiento | D7: 43106 | E7: =TEXT(D7,"mmmmmmmmmmmmm") -> enero | F7: 40
A8: Serv Externalizados | D8: 43107 | E8: =TEXT(D8,"mmmmmmmmmmmmm") -> enero | F8: 100
A9: Serv Externalizados | D9: 43108 | E9: =TEXT(D9,"mmmmmmmmmmmmm") -> enero | F9: 500
A10: Otros Gastos | D10: 43108 | E10: =TEXT(D10,"mmmmmmmmmmmmm") -> enero | F10: 50
A11: Otros Gastos | D11: 43108 | E11: =TEXT(D11,"mmmmmmmmmmmmm") -> enero | F11: 300
A12: Coste Personal | D12: 43133 | E12: =TEXT(D12,"mmmmmmmmmmmmm") -> febrero | F12: 4500
A13: Compras | D13: 43133 | E13: =TEXT(D13,"mmmmmmmmmmmmm") -> febrero | F13: 300
... A121: Otros Gastos | D121: 43442 | E121: =TEXT(D121,"mmmmmmmmmmmmm") -> diciembre | F121: 500

Sheet Tabla Dinámica
A1: concepto | B1: Agosto 2016 | C1: Septiembre 2016 | D1: Octubre 2016 | E1: Noviembre 2016 | F1: Diciembre 2016 | G1: Enero 2017 | H1: Febrero 2017 | I1: Marzo 2017 | J1: Abril 2017 | K1: Mayo 2017 | L1: Junio 2017 | M1: Julio 2017 | N1: Agosto 2017 | O1: Septiembre 2017 | P1: Octubre 2017 | Q1: Noviembre 2017 | R1: Diciembre 2017 | S1: Enero 2018 | T1: Febrero 2018 | U1: Marzo 2018 | V1: Abril 2018 | W1: Mayo 2018 | X1: Junio 2018 | Y1: Julio 2018 | Z1: Agosto 2018 | AA1: Septiembre 2018 | AB1: Octubre 2018 | AC1: Noviembre 2018 | AD1: Diciembre 2018 | AE1: Enero 2019 | AF1: Febrero 2019 | AG1: Marzo 2019 | AH1: Abril 2019 | AI1: Mayo 2019 | AJ1: Junio 2019 | AK1: Julio 2019 | AL1: Agosto 2019 | AM1: Septiembre 2019 | AN1: Octubre 2019 | AO1: Noviembre 2019 | AP1: Diciembre 2019
A2: [0010] CORTE CABALLERO | B2: =IFERROR(VLOOKUP($A$2,'Datos Servicios'!$A:$DD,MATCH(B1,'Datos Servicios'!$A$1:$DD$1,0),0),"") -> 109 | C2: =IFERROR(VLOOKUP($A$2,'Datos Servicios'!$A:$DD,MATCH(C1,'Datos Servicios'!$A$1:$DD$1,0),0),"") -> 285 | D2: =IFERROR(VLOOKUP($A$2,'Datos Servicios'!$A:$DD,MATCH(D1,'Datos Servicios'!$A$1:$DD$1,0),0),"") -> 310 | E2: =IFERROR(VLOOKUP($A$2,'Datos Servicios'!$A:$DD,MATCH(E1,'Datos Servicios'!$A$1:$DD$1,0),0),"") -> 320 | F2: =IFERROR(VLOOKUP($A$2,'Datos Servicios'!$A:$DD,MATCH(F1,'Datos Servicios'!$A$1:$DD$1,0),0),"") -> 405 | G2: =IFERROR(VLOOKUP($A$2,'Datos Servicios'!$A:$DD,MATCH(G1,'Datos Servicios'!$A$1:$DD$1,0),0),"") -> 339 | H2: =IFERROR(VLOOKUP($A$2,'Datos Servicios'!$A:$DD,MATCH(H1,'Datos Servicios'!$A$1:$DD$1,0),0),"") -> 402 | I2: =IFERROR(VLOOKUP($A$2,'Datos Servicios'!$A:$DD,MATCH(I1,'Datos Servicios'!$A$1:$DD$1,0),0),"") -> 518 | ... AP2: =IFERROR(VLOOKUP($A$2,'Datos Servicios'!$A:$DD,MATCH(AP1,'Datos Servicios'!$A$1:$DD$1,0),0),"")
A3: [0020] CORTE JUBILADO | B3: =IFERROR(VLOOKUP($A$3,'Datos Servicios'!$A:$DD,MATCH(B1,'Datos Servicios'!$A$1:$DD$1,0),0),"") -> 9 | C3: =IFERROR(VLOOKUP($A$3,'Datos Servicios'!$A:$DD,MATCH(C1,'Datos Servicios'!$A$1:$DD$1,0),0),"") -> 36 | D3: =IFERROR(VLOOKUP($A$3,'Datos Servicios'!$A:$DD,MATCH(D1,'Datos Servicios'!$A$1:$DD$1,0),0),"") -> 57 | E3: =IFERROR(VLOOKUP($A$3,'Datos Servicios'!$A:$DD,MATCH(E1,'Datos Servicios'!$A$1:$DD$1,0),0),"") -> 42 | F3: =IFERROR(VLOOKUP($A$3,'Datos Servicios'!$A:$DD,MATCH(F1,'Datos Servicios'!$A$1:$DD$1,0),0),"") -> 49 | G3: =IFERROR(VLOOKUP($A$3,'Datos Servicios'!$A:$DD,MATCH(G1,'Datos Servicios'!$A$1:$DD$1,0),0),"") -> 63 | H3: =IFERROR(VLOOKUP($A$3,'Datos Servicios'!$A:$DD,MATCH(H1,'Datos Servicios'!$A$1:$DD$1,0),0),"") -> 54 | I3: =IFERROR(VLOOKUP($A$3,'Datos Servicios'!$A:$DD,MATCH(I1,'Datos Servicios'!$A$1:$DD$1,0),0),"") -> 72 | ... AP3: =IFERROR(VLOOKUP($A$3,'Datos Servicios'!$A:$DD,MATCH(AP1,'Datos Servicios'!$A$1:$DD$1,0),0),"")
A4: [0030] CORTE NIÑO | B4: =IFERROR(VLOOKUP($A$4,'Datos Servicios'!$A:$DD,MATCH(B1,'Datos Servicios'!$A$1:$DD$1,0),0)+VLOOKUP(" [0032] CORTE NIÑA",'Datos Servicios'!$A:$DD,MATCH(B1,'Datos Servicios'!$A$1:$DD$1,0),0),"") -> 28 | C4: =IFERROR(VLOOKUP($A$4,'Datos Servicios'!$A:$DD,MATCH(C1,'Datos Servicios'!$A$1:$DD$1,0),0)+VLOOKUP(" [0032] CORTE NIÑA",'Datos Servicios'!$A:$DD,MATCH(C1,'Datos Servicios'!$A$1:$DD$1,0),0),"") -> 43 | D4: =IFERROR(VLOOKUP($A$4,'Datos Servicios'!$A:$DD,MATCH(D1,'Datos Servicios'!$A$1:$DD$1,0),0)+VLOOKUP(" [0032] CORTE NIÑA",'Datos Servicios'!$A:$DD,MATCH(D1,'Datos Servicios'!$A$1:$DD$1,0),0),"") -> 51 | E4: =IFERROR(VLOOKUP($A$4,'Datos Servicios'!$A:$DD,MATCH(E1,'Datos Servicios'!$A$1:$DD$1,0),0)+VLOOKUP(" [0032] CORTE NIÑA",'Datos Servicios'!$A:$DD,MATCH(E1,'Datos Servicios'!$A$1:$DD$1,0),0),"") -> 56 | F4: =IFERROR(VLOOKUP($A$4,'Datos Servicios'!$A:$DD,MATCH(F1,'Datos Servicios'!$A$1:$DD$1,0),0)+VLOOKUP(" [0032] CORTE NIÑA",'Datos Servicios'!$A:$DD,MATCH(F1,'Datos Servicios'!$A$1:$DD$1,0),0),"") -> 73 | G4: =IFERROR(VLOOKUP($A$4,'Datos Servicios'!$A:$DD,MATCH(G1,'Datos Servicios'!$A$1:$DD$1,0),0)+VLOOKUP(" [0032] CORTE NIÑA",'Datos Servicios'!$A:$DD,MATCH(G1,'Datos Servicios'!$A$1:$DD$1,0),0),"") -> 60 | H4: =IFERROR(VLOOKUP($A$4,'Datos Servicios'!$A:$DD,MATCH(H1,'Datos Servicios'!$A$1:$DD$1,0),0)+VLOOKUP(" [0032] CORTE NIÑA",'Datos Servicios'!$A:$DD,MATCH(H1,'Datos Servicios'!$A$1:$DD$1,0),0),"") -> 87 | I4: =IFERROR(VLOOKUP($A$4,'Datos Servicios'!$A:$DD,MATCH(I1,'Datos Servicios'!$A$1:$DD$1,0),0)+VLOOKUP(" [0032] CORTE NIÑA",'Datos Servicios'!$A:$DD,MATCH(I1,'Datos Servicios'!$A$1:$DD$1,0),0),"") -> 84 | ... AP4: =IFERROR(VLOOKUP($A$4,'Datos Servicios'!$A:$DD,MATCH(AP1,'Datos Servicios'!$A$1:$DD$1,0),0)+VLOOKUP(" [0032] CORTE NIÑA",'Datos Servicios'!$A:$DD,MATCH(AP1,'Datos Servicios'!$A$1:$DD$1,0),0),"")
A5: Sin Tarjeta Fidelizacion | B5: 1 | C5: 328 | D5: 77 | E5: 89 | F5: 187 | G5: 221 | H5: 330 | I5: 434 | J5: 460 | K5: 534 | L5: 556 | M5: 499 | N5: 555 | O5: 616 | P5: 582 | Q5: 489 | R5: 533 | S5: 574 | T5: 454 | U5: 641 | V5: 590 | W5: 597 | X5: 590 | Y5: 491 | Z5: 553 | AA5: 540 | AB5: 526 | AC5: 570 | AD5: 602 | AE5: 467 | AF5: 466
A6: Tarjeta Fidelizacion | B6: 1 | C6: 112 | D6: 413 | E6: 381 | F6: 450 | G6: 356 | H6: 327 | I6: 340 | J6: 260 | K6: 307 | L6: 324 | M6: 328 | N6: 283 | O6: 368 | P6: 363 | Q6: 407 | R6: 443 | S6: 441 | T6: 324 | U6: 523 | V6: 470 | W6: 525 | X6: 530 | Y6: 500 | Z6: 438 | AA6: 495 | AB6: 473 | AC6: 520 | AD6: 471 | AE6: 464 | AF6: 505
A7: Clientes Totales | B7: =SUM(B5:B6) -> 2 | C7: =SUM(C5:C6) -> 440 | D7: =SUM(D5:D6) -> 490 | E7: =SUM(E5:E6) -> 470 | F7: =SUM(F5:F6) -> 637 | G7: =SUM(G5:G6) -> 577 | H7: =SUM(H5:H6) -> 657 | I7: =SUM(I5:I6) -> 774 | ... AP7: =SUM(AP5:AP6) -> 0
A8: Facturacion Total | B8: =IFERROR(VLOOKUP("Total",'Datos Servicios'!$A:$DD,MATCH(B1,'Datos Servicios'!$A$1:$DD$1,0)+1,0),"") -> 1422.1 | C8: =IFERROR(VLOOKUP("Total",'Datos Servicios'!$A:$DD,MATCH(C1,'Datos Servicios'!$A$1:$DD$1,0)+1,0),"") -> 3668.24 | D8: =IFERROR(VLOOKUP("Total",'Datos Servicios'!$A:$DD,MATCH(D1,'Datos Servicios'!$A$1:$DD$1,0)+1,0),"") -> 4058.85 | E8: =IFERROR(VLOOKUP("Total",'Datos Servicios'!$A:$DD,MATCH(E1,'Datos Servicios'!$A$1:$DD$1,0)+1,0),"") -> 3955.06 | F8: =IFERROR(VLOOKUP("Total",'Datos Servicios'!$A:$DD,MATCH(F1,'Datos Servicios'!$A$1:$DD$1,0)+1,0),"") -> 5532.64 | G8: =IFERROR(VLOOKUP("Total",'Datos Servicios'!$A:$DD,MATCH(G1,'Datos Servicios'!$A$1:$DD$1,0)+1,0),"") -> 5180.53 | H8: =IFERROR(VLOOKUP("Total",'Datos Servicios'!$A:$DD,MATCH(H1,'Datos Servicios'!$A$1:$DD$1,0)+1,0),"") -> 5641.52 | I8: =IFERROR(VLOOKUP("Total",'Datos Servicios'!$A:$DD,MATCH(I1,'Datos Servicios'!$A$1:$DD$1,0)+1,0),"") -> 6614.5 | ... AP8: =IFERROR(VLOOKUP("Total",'Datos Servicios'!$A:$DD,MATCH(AP1,'Datos Servicios'!$A$1:$DD$1,0)+1,0),"")
A9: [0041] AFEITADO OLD SCHOOL | B9: =IFERROR(VLOOKUP($A$9,'Datos Servicios'!$A:$DD,MATCH(B1,'Datos Servicios'!$A$1:$DD$1,0),0),"") -> 0 | C9: =IFERROR(VLOOKUP($A$9,'Datos Servicios'!$A:$DD,MATCH(C1,'Datos Servicios'!$A$1:$DD$1,0),0),"") -> 0 | D9: =IFERROR(VLOOKUP($A$9,'Datos Servicios'!$A:$DD,MATCH(D1,'Datos Servicios'!$A$1:$DD$1,0),0),"") -> 0 | E9: =IFERROR(VLOOKUP($A$9,'Datos Servicios'!$A:$DD,MATCH(E1,'Datos Servicios'!$A$1:$DD$1,0),0),"") -> 0 | F9: =IFERROR(VLOOKUP($A$9,'Datos Servicios'!$A:$DD,MATCH(F1,'Datos Servicios'!$A$1:$DD$1,0),0),"") -> 0 | G9: =IFERROR(VLOOKUP($A$9,'Datos Servicios'!$A:$DD,MATCH(G1,'Datos Servicios'!$A$1:$DD$1,0),0),"") -> 0 | H9: =IFERROR(VLOOKUP($A$9,'Datos Servicios'!$A:$DD,MATCH(H1,'Datos Servicios'!$A$1:$DD$1,0),0),"") -> 0 | I9: =IFERROR(VLOOKUP($A$9,'Datos Servicios'!$A:$DD,MATCH(I1,'Datos Servicios'!$A$1:$DD$1,0),0),"") -> 0 | ... AP9: =IFERROR(VLOOKUP($A$9,'Datos Servicios'!$A:$DD,MATCH(AP1,'Datos Servicios'!$A$1:$DD$1,0),0),"")
A10: [0044] REBAJAR BARBA CORTA | B10: =IFERROR(VLOOKUP($A$10,'Datos Servicios'!$A:$DD,MATCH(B1,'Datos Servicios'!$A$1:$DD$1,0),0),"") -> 7 | C10: =IFERROR(VLOOKUP($A$10,'Datos Servicios'!$A:$DD,MATCH(C1,'Datos Servicios'!$A$1:$DD$1,0),0),"") -> 11 | D10: =IFERROR(VLOOKUP($A$10,'Datos Servicios'!$A:$DD,MATCH(D1,'Datos Servicios'!$A$1:$DD$1,0),0),"") -> 13 | E10: =IFERROR(VLOOKUP($A$10,'Datos Servicios'!$A:$DD,MATCH(E1,'Datos Servicios'!$A$1:$DD$1,0),0),"") -> 20 | F10: =IFERROR(VLOOKUP($A$10,'Datos Servicios'!$A:$DD,MATCH(F1,'Datos Servicios'!$A$1:$DD$1,0),0),"") -> 13 | G10: =IFERROR(VLOOKUP($A$10,'Datos Servicios'!$A:$DD,MATCH(G1,'Datos Servicios'!$A$1:$DD$1,0),0),"") -> 15 | H10: =IFERROR(VLOOKUP($A$10,'Datos Servicios'!$A:$DD,MATCH(H1,'Datos Servicios'!$A$1:$DD$1,0),0),"") -> 19 | I10: =IFERROR(VLOOKUP($A$10,'Datos Servicios'!$A:$DD,MATCH(I1,'Datos Servicios'!$A$1:$DD$1,0),0),"") -> 33 | ... AP10: =IFERROR(VLOOKUP($A$10,'Datos Servicios'!$A:$DD,MATCH(AP1,'Datos Servicios'!$A$1:$DD$1,0),0),"")
A11: [0045] REBAJAR BARBA LARGA | B11: =IFERROR(VLOOKUP($A$11,'Datos Servicios'!$A:$DD,MATCH(B1,'Datos Servicios'!$A$1:$DD$1,0),0),"") -> 0 | C11: =IFERROR(VLOOKUP($A$11,'Datos Servicios'!$A:$DD,MATCH(C1,'Datos Servicios'!$A$1:$DD$1,0),0),"") -> 0 | D11: =IFERROR(VLOOKUP($A$11,'Datos Servicios'!$A:$DD,MATCH(D1,'Datos Servicios'!$A$1:$DD$1,0),0),"") -> 0 | E11: =IFERROR(VLOOKUP($A$11,'Datos Servicios'!$A:$DD,MATCH(E1,'Datos Servicios'!$A$1:$DD$1,0),0),"") -> 0 | F11: =IFERROR(VLOOKUP($A$11,'Datos Servicios'!$A:$DD,MATCH(F1,'Datos Servicios'!$A$1:$DD$1,0),0),"") -> 0 | G11: =IFERROR(VLOOKUP($A$11,'Datos Servicios'!$A:$DD,MATCH(G1,'Datos Servicios'!$A$1:$DD$1,0),0),"") -> 0 | H11: =IFERROR(VLOOKUP($A$11,'Datos Servicios'!$A:$DD,MATCH(H1,'Datos Servicios'!$A$1:$DD$1,0),0),"") -> 0 | I11: =IFERROR(VLOOKUP($A$11,'Datos Servicios'!$A:$DD,MATCH(I1,'Datos Servicios'!$A$1:$DD$1,0),0),"") -> 11 | ... AP11: =IFERROR(VLOOKUP($A$11,'Datos Servicios'!$A:$DD,MATCH(AP1,'Datos Servicios'!$A$1:$DD$1,0),0),"")
A12: [0060] SKIN FADE | B12: =IFERROR(VLOOKUP($A$12,'Datos Servicios'!$A:$DD,MATCH(B1,'Datos Servicios'!$A$1:$DD$1,0),0),"") -> 0 | C12: =IFERROR(VLOOKUP($A$12,'Datos Servicios'!$A:$DD,MATCH(C1,'Datos Servicios'!$A$1:$DD$1,0),0),"") -> 0 | D12: =IFERROR(VLOOKUP($A$12,'Datos Servicios'!$A:$DD,MATCH(D1,'Datos Servicios'!$A$1:$DD$1,0),0),"") -> 0 | E12: =IFERROR(VLOOKUP($A$12,'Datos Servicios'!$A:$DD,MATCH(E1,'Datos Servicios'!$A$1:$DD$1,0),0),"") -> 0 | F12: =IFERROR(VLOOKUP($A$12,'Datos Servicios'!$A:$DD,MATCH(F1,'Datos Servicios'!$A$1:$DD$1,0),0),"") -> 0 | G12: =IFERROR(VLOOKUP($A$12,'Datos Servicios'!$A:$DD,MATCH(G1,'Datos Servicios'!$A$1:$DD$1,0),0),"") -> 0 | H12: =IFERROR(VLOOKUP($A$12,'Datos Servicios'!$A:$DD,MATCH(H1,'Datos Servicios'!$A$1:$DD$1,0),0),"") -> 0 | I12: =IFERROR(VLOOKUP($A$12,'Datos Servicios'!$A:$DD,MATCH(I1,'Datos Servicios'!$A$1:$DD$1,0),0),"") -> 0 | ... AP12: =IFERROR(VLOOKUP($A$12,'Datos Servicios'!$A:$DD,MATCH(AP1,'Datos Servicios'!$A$1:$DD$1,0),0),"")
A13: [3] REBAJAR + PERFILAR BARBA | B13: =IFERROR(VLOOKUP($A$13,'Datos Servicios'!$A:$DD,MATCH(B1,'Datos Servicios'!$A$1:$DD$1,0),0),"") -> 0 | C13: =IFERROR(VLOOKUP($A$13,'Datos Servicios'!$A:$DD,MATCH(C1,'Datos Servicios'!$A$1:$DD$1,0),0),"") -> 0 | D13: =IFERROR(VLOOKUP($A$13,'Datos Servicios'!$A:$DD,MATCH(D1,'Datos Servicios'!$A$1:$DD$1,0),0),"") -> 0 | E13: =IFERROR(VLOOKUP($A$13,'Datos Servicios'!$A:$DD,MATCH(E1,'Datos Servicios'!$A$1:$DD$1,0),0),"") -> 0 | F13: =IFERROR(VLOOKUP($A$13,'Datos Servicios'!$A:$DD,MATCH(F1,'Datos Servicios'!$A$1:$DD$1,0),0),"") -> 0 | G13: =IFERROR(VLOOKUP($A$13,'Datos Servicios'!$A:$DD,MATCH(G1,'Datos Servicios'!$A$1:$DD$1,0),0),"") -> 0 | H13: =IFERROR(VLOOKUP($A$13,'Datos Servicios'!$A:$DD,MATCH(H1,'Datos Servicios'!$A$1:$DD$1,0),0),"") -> 0 | I13: =IFERROR(VLOOKUP($A$13,'Datos Servicios'!$A:$DD,MATCH(I1,'Datos Servicios'!$A$1:$DD$1,0),0),"") -> 0 | ... AP13: =IFERROR(VLOOKUP($A$13,'Datos Servicios'!$A:$DD,MATCH(AP1,'Datos Servicios'!$A$1:$DD$1,0),0),"")
B16: Etiquetas de columna
A17: Valores | B17: [0044] REBAJAR BARBA CORTA | C17: Total general
A18: Suma de Agosto 2016 | B18: 7 | C18: 7
A19: Suma de Septiembre 2016 | B19: 11 | C19: 11
A20: Suma de Octubre 2016 | B20: 13 | C20: 13
A21: Suma de Noviembre 2016 | B21: 20 | C21: 20
A22: Suma de Diciembre 2016 | B22: 13 | C22: 13
A23: Suma de Enero 2017 | B23: 15 | C23: 15
A24: Suma de Febrero 2017 | B24: 19 | C24: 19
A25: Suma de Marzo 2017 | B25: 33 | C25: 33
A26: Suma de Abril 2017 | B26: 31 | C26: 31
A27: Suma de Mayo 2017 | B27: 29 | C27: 29
A28: Suma de Junio 2017 | B28: 19 | C28: 19
A29: Suma de Julio 2017 | B29: 20 | C29: 20
... A58: Suma de Diciembre 2019 | B58: 0 | C58: 0

Sheet Datos Servicios
B1: agosto 2016 | D1: septiembre 2016 | F1: octubre 2016 | H1: noviembre 2016 | J1: diciembre 2016 | L1: enero 2017 | N1: febrero 2017 | P1: marzo 2017 | R1: abril 2017 | T1: mayo 2017 | V1: junio 2017 | X1: julio 2017 | Z1: agosto 2017 | AB1: septiembre 2017 | AD1: octubre 2017 | AF1: noviembre 2017 | AH1: diciembre 2017 | AJ1: enero 2018 | AL1: febrero 2018 | AN1: marzo 2018 | AP1: abril 2018 | AR1: mayo 2018 | AT1: junio 2018 | AV1: julio 2018 | AX1: agosto 2018 | AZ1: septiembre 2018 | BB1: octubre 2018 | BD1: noviembre 2018 | BF1: diciembre 2018 | BH1: enero 2019 | BJ1: febrero 2019 | BL1: marzo 2019 | BN1: abril 2019
B2: Cantidad del producto | C2: Precio total | D2: Cantidad del producto | E2: Precio total | F2: Cantidad del producto | G2: Precio total | H2: Cantidad del producto | I2: Precio total | J2: Cantidad del producto | K2: Precio total | L2: Cantidad del producto | M2: Precio total | N2: Cantidad del producto | O2: Precio total | P2: Cantidad del producto | Q2: Precio total | R2: Cantidad del producto | S2: Precio total | T2: Cantidad del producto | U2: Precio total | V2: Cantidad del producto | W2: Precio total | X2: Cantidad del producto | Y2: Precio total | Z2: Cantidad del producto | AA2: Precio total | AB2: Cantidad del producto | AC2: Precio total | AD2: Cantidad del producto | AE2: Precio total | AF2: Cantidad del producto | AG2: Precio total | AH2: Cantidad del producto | AI2: Precio total | AJ2: Cantidad del producto | AK2: Precio total | AL2: Cantidad del producto | AM2: Precio total | AN2: Cantidad del producto | AO2: Precio total | AP2: Cantidad del producto | AQ2: Precio total | AR2: Cantidad del producto | AS2: Precio total | AT2: Cantidad del producto | AU2: Precio total | AV2: Cantidad del producto | AW2: Precio total | AX2: Cantidad del producto | AY2: Precio total | AZ2: Cantidad del producto | BA2: Precio total | BB2: Cantidad del producto | BC2: Precio total | BD2: Cantidad del producto | BE2: Precio total | BF2: Cantidad del producto | BG2: Precio total | BH2: Cantidad del producto | BI2: Precio total | BJ2: Cantidad del producto | BK2: Precio total | BL2: Cantidad del producto | BM2: Precio total | BN2: Cantidad del producto | BO2: Precio total | BP2: Cantidad del producto | BQ2: Precio total
A3: Total | B3: 201 | C3: 1422.1 | D3: 513 | E3: 3668.24 | F3: 590 | G3: 4058.85 | H3: 551 | I3: 3955.06 | J3: 735 | K3: 5532.64 | L3: 660 | M3: 5180.53 | N3: 754 | O3: 5641.52 | P3: 915 | Q3: 6614.5 | R3: 871 | S3: 6211.32 | T3: 973 | U3: 7026.89 | V3: 1043 | W3: 7565.66 | X3: 984 | Y3: 7086.76 | Z3: 993 | AA3: 7228.73 | AB3: 1193 | AC3: 8719.94 | AD3: 1132 | AE3: 8122.34 | AF3: 1050 | AG3: 7529.16 | AH3: 1148 | AI3: 8534.71 | AJ3: 1220 | AK3: 9222.78 | AL3: 952 | AM3: 7190.76 | AN3: 1437 | AO3: 10720.02 | AP3: 1312 | AQ3: 9953.1 | AR3: 1313 | AS3: 9843.92 | AT3: 1375 | AU3: 10254.66 | AV3: 1239 | AW3: 9242.8 | AX3: 1218 | AY3: 9222.6 | AZ3: 1291 | BA3: 9587.32 | BB3: 1214 | BC3: 8947.08 | BD3: 1335 | BE3: 9921.86 | BF3: 1349 | BG3: 10039.24 | BH3: 1117 | BI3: 9658.09 | BJ3: 1339 | BK3: 9997.14 | BL3: 1228 | BM3: 10815.38 | BN3: 64 | BO3: 568.62 | BP3: 33309 | BQ3: 249284.32
A4: Albacete | B4: 201 | C4: 1422.1 | D4: 513 | E4: 3668.24 | F4: 590 | G4: 4058.85 | H4: 551 | I4: 3955.06 | J4: 735 | K4: 5532.64 | L4: 660 | M4: 5180.53 | N4: 754 | O4: 5641.52 | P4: 915 | Q4: 6614.5 | R4: 871 | S4: 6211.32 | T4: 975 | U4: 7028.49 | V4: 1043 | W4: 7565.66 | X4: 984 | Y4: 7086.76 | Z4: 993 | AA4: 7228.73 | AB4: 1193 | AC4: 8719.94 | AD4: 1132 | AE4: 8122.34 | AF4: 1050 | AG4: 7529.16 | AH4: 1148 | AI4: 8534.71 | AJ4: 1220 | AK4: 9222.78 | AL4: 952 | AM4: 7190.76 | AN4: 1437 | AO4: 10720.02 | AP4: 1312 | AQ4: 9953.1 | AR4: 1313 | AS4: 9843.92 | AT4: 1375 | AU4: 10254.66 | AV4: 1239 | AW4: 9242.8 | AX4: 1218 | AY4: 9222.6 | AZ4: 1291 | BA4: 9587.32 | BB4: 1214 | BC4: 8947.08 | BD4: 1335 | BE4: 9921.86 | BF4: 1349 | BG4: 10039.24 | BH4: 1117 | BI4: 9658.09 | BJ4: 1339 | BK4: 9997.14 | BL4: 1228 | BM4: 10815.38 | BN4: 64 | BO4: 568.62 | BP4: 33311 | BQ4: 249285.92
A5: [0000] VARIOS | AP5: 2 | AQ5: 14 | AR5: 4 | AS5: 15.1 | AV5: 6 | AW5: 39.9 | AX5: 4 | AY5: 31 | AZ5: 6 | BA5: 49 | BB5: 19 | BC5: 10 | BD5: 7 | BE5: 7 | BH5: 1 | BI5: 5 | BJ5: 28 | BK5: 48 | BL5: 28 | BM5: 72.5 | BP5: 105 | BQ5: 291.5
A6: [0010] CORTE CABALLERO | B6: 109 | C6: 925.5 | D6: 285 | E6: 2404 | F6: 310 | G6: 2609 | H6: 320 | I6: 2706 | J6: 405 | K6: 3418 | L6: 339 | M6: 2857 | N6: 402 | O6: 3387 | P6: 518 | Q6: 4385 | R6: 491 | S6: 4153 | T6: 567 | U6: 4795 | V6: 603 | W6: 5090.5 | X6: 599 | Y6: 5075.5 | Z6: 615 | AA6: 5217.5 | AB6: 719 | AC6: 6063.5 | AD6: 675 | AE6: 5733.5 | AF6: 632 | AG6: 5370 | AH6: 718 | AI6: 6256.8 | AJ6: 709 | AK6: 6308.4 | AL6: 568 | AM6: 5038.5 | AN6: 828 | AO6: 7368.6 | AP6: 739 | AQ6: 6577.1 | AR6: 786 | AS6: 6995.4 | AT6: 766 | AU6: 6812.3 | AV6: 732 | AW6: 6503.9 | AX6: 725 | AY6: 6452.5 | AZ6: 771 | BA6: 6865 | BB6: 710 | BC6: 6319 | BD6: 801 | BE6: 7120 | BF6: 803 | BG6: 7137.8 | BH6: 651 | BI6: 6423.1 | BJ6: 704 | BK6: 6967.6 | BL6: 689 | BM6: 6800.3 | BN6: 38 | BO6: 376.2 | BP6: 19327 | BQ6: 170512.5
A7: [0020] CORTE JUBILADO | B7: 9 | C7: 58.5 | D7: 36 | E7: 234 | F7: 57 | G7: 293.5 | H7: 42 | I7: 273 | J7: 49 | K7: 318.5 | L7: 63 | M7: 409.5 | N7: 54 | O7: 351 | P7: 72 | Q7: 468 | R7: 65 | S7: 422.5 | T7: 88 | U7: 572 | V7: 87 | W7: 565.5 | X7: 79 | Y7: 513.5 | Z7: 68 | AA7: 442 | AB7: 80 | AC7: 520 | AD7: 85 | AE7: 552.5 | AF7: 77 | AG7: 500.5 | AH7: 67 | AI7: 435.5 | AJ7: 81 | AK7: 558.9 | AL7: 73 | AM7: 503.7 | AN7: 81 | AO7: 558.9 | AP7: 98 | AQ7: 676.2 | AR7: 85 | AS7: 579.6 | AT7: 96 | AU7: 662 | AV7: 73 | AW7: 503.7 | AX7: 63 | AY7: 434.7 | AZ7: 68 | BA7: 469.2 | BB7: 74 | BC7: 510.6 | BD7: 102 | BE7: 696.9 | BF7: 79 | BG7: 545.1 | BH7: 87 | BI7: 687.3 | BJ7: 68 | BK7: 537.2 | BL7: 77 | BM7: 608.3 | BN7: 7 | BO7: 55.3 | BP7: 2290 | BQ7: 15517.6
A8: [0030] CORTE NIÑO | B8: 27 | C8: 175.5 | D8: 42 | E8: 273 | F8: 48 | G8: 312 | H8: 55 | I8: 357.5 | J8: 68 | K8: 442 | L8: 60 | M8: 390 | N8: 85 | O8: 548.4 | P8: 82 | Q8: 531.4 | R8: 83 | S8: 539.5 | T8: 88 | U8: 572 | V8: 125 | W8: 812.5 | X8: 72 | Y8: 468 | Z8: 70 | AA8: 455 | AB8: 113 | AC8: 734.5 | AD8: 90 | AE8: 585 | AF8: 90 | AG8: 585 | AH8: 93 | AI8: 604.5 | AJ8: 113 | AK8: 779.7 | AL8: 65 | AM8: 441.6 | AN8: 111 | AO8: 759 | AP8: 125 | AQ8: 862.5 | AR8: 103 | AS8: 703.8 | AT8: 131 | AU8: 903.9 | AV8: 107 | AW8: 738.3 | AX8: 78 | AY8: 538.2 | AZ8: 93 | BA8: 627.9 | BB8: 76 | BC8: 524.4 | BD8: 82 | BE8: 555 | BF8: 98 | BG8: 662.4 | BH8: 82 | BI8: 616.2 | BJ8: 91 | BK8: 711 | BL8: 90 | BM8: 711 | BN8: 3 | BO8: 23.7 | BP8: 2739 | BQ8: 18544.4
A9: [0032] CORTE NIÑA | B9: 1 | C9: 6.5 | D9: 1 | E9: 6.5 | F9: 3 | G9: 19.5 | H9: 1 | I9: 6.5 | J9: 5 | K9: 32.5 | N9: 2 | O9: 13 | P9: 2 | Q9: 13 | R9: 1 | S9: 6.5 | T9: 2 | U9: 13 | V9: 1 | W9: 6.5 | Z9: 3 | AA9: 19.5 | AB9: 4 | AC9: 26 | AD9: 1 | AE9: 6.5 | AF9: 1 | AG9: 6.5 | AH9: 1 | AI9: 6.5 | AJ9: 2 | AK9: 13.8 | AN9: 1 | AO9: 6.9 | AP9: 3 | AQ9: 20.7 | AR9: 3 | AS9: 20.7 | AT9: 1 | AU9: 6.9 | AZ9: 1 | BA9: 6.9 | BD9: 1 | BE9: 6.9 | BF9: 1 | BG9: 0 | BH9: 2 | BI9: 7.9 | BJ9: 1 | BK9: 2.5 | BL9: 3 | BM9: 19.8 | BP9: 48 | BQ9: 301.5
A10: [0033] ARREGLO CORTE | B10: 1 | C10: 4.9 | D10: 3 | E10: 14.7 | F10: 5 | G10: 24.5 | H10: 2 | I10: 9.8 | J10: 7 | K10: 34.3 | L10: 4 | M10: 19.6 | N10: 13 | O10: 63.7 | P10: 6 | Q10: 29.4 | R10: 7 | S10: 34.3 | T10: 3 | U10: 14.7 | V10: 3 | W10: 14.7 | X10: 9 | Y10: 44.1 | Z10: 5 | AA10: 24.5 | AB10: 4 | AC10: 19.6 | AD10: 5 | AE10: 19.6 | AF10: 4 | AG10: 19.6 | AH10: 5 | AI10: 26.2 | AJ10: 4 | AK10: 21.2 | AL10: 5 | AM10: 25.7 | AN10: 9 | AO10: 48.1 | AP10: 11 | AQ10: 55 | AR10: 9 | AS10: 46.7 | AT10: 23 | AU10: 109.8 | AV10: 15 | AW10: 75.6 | AX10: 12 | AY10: 62.8 | AZ10: 15 | BA10: 70.6 | BB10: 9 | BC10: 44.1 | BD10: 5 | BE10: 25.5 | BF10: 11 | BG10: 59 | BH10: 17 | BI10: 145.3 | BJ10: 26 | BK10: 224.4 | BL10: 11 | BM10: 95.9 | BP10: 268 | BQ10: 1527.9
A11: [0040] AFEITADO EXPRESS | B11: 44 | C11: 215.6 | D11: 115 | E11: 563.5 | F11: 115 | G11: 563.5 | H11: 88 | I11: 431.2 | J11: 111 | K11: 545 | L11: 66 | M11: 323.4 | N11: 105 | O11: 514.5 | P11: 149 | Q11: 730.1 | R11: 121 | S11: 578.2 | T11: 145 | U11: 710.5 | V11: 149 | W11: 730.1 | X11: 155 | Y11: 759.5 | Z11: 155 | AA11: 759.5 | AB11: 179 | AC11: 877.1 | AD11: 177 | AE11: 867.3 | AF11: 120 | AG11: 588 | AH11: 68 | AI11: 333.2 | AJ11: 51 | AK11: 259.3 | AL11: 17 | AM11: 90.1 | AN11: 28 | AO11: 148.4 | AP11: 15 | AQ11: 79.5 | AR11: 11 | AS11: 58.3 | AT11: 10 | AU11: 53 | AV11: 11 | AW11: 58.3 | AX11: 5 | AY11: 26.5 | AZ11: 6 | BA11: 31.8 | BB11: 10 | BC11: 53 | BD11: 15 | BE11: 79.5 | BF11: 17 | BG11: 90.1 | BH11: 17 | BI11: 117.3 | BJ11: 5 | BK11: 34.5 | BL11: 4 | BM11: 27.6 | BP11: 2284 | BQ11: 11297.4
A12: [0041] AFEITADO OLD SCHOOL | AL12: 2 | AM12: 17 | AN12: 6 | AO12: 51 | AP12: 7 | AQ12: 59.5 | AR12: 4 | AS12: 34 | AT12: 2 | AU12: 17 | AV12: 1 | AW12: 8.5 | AX12: 1 | AY12: 8.5 | BB12: 2 | BC12: 17 | BF12: 1 | BG12: 8.5 | BH12: 3 | BI12: 23.7 | BJ12: 14 | BK12: 110.6 | BL12: 19 | BM12: 150.1 | BN12: 1 | BO12: 7.9 | BP12: 63 | BQ12: 513.3
A13: [0042] AFEITADO SPA | BH13: 4 | BI13: 43.6 | BJ13: 4 | BK13: 43.6 | BP13: 8 | BQ13: 87.2
A14: [0043] REBAJAR BARBA | AN14: 1 | AO14: 0 | BP14: 1 | BQ14: 0
A15: [0044] REBAJAR BARBA CORTA | B15: 7 | C15: 20.3 | D15: 11 | E15: 31.9 | F15: 13 | G15: 37.7 | H15: 20 | I15: 57.1 | J15: 13 | K15: 37.7 | L15: 15 | M15: 43.5 | N15: 19 | O15: 55.1 | P15: 33 | Q15: 95.7 | R15: 31 | S15: 89.9 | T15: 29 | U15: 84.1 | V15: 19 | W15: 55.1 | X15: 20 | Y15: 58 | Z15: 21 | AA15: 60.9 | AB15: 25 | AC15: 72.5 | AD15: 26 | AE15: 75.4 | AF15: 23 | AG15: 66.7 | AH15: 25 | AI15: 72.5 | AJ15: 24 | AK15: 81.6 | AL15: 20 | AM15: 67.2 | AN15: 29 | AO15: 99.7 | AP15: 21 | AQ15: 71.4 | AR15: 26 | AS15: 88.4 | AT15: 33 | AU15: 112.2 | AV15: 19 | AW15: 64.6 | AX15: 17 | AY15: 57.8 | AZ15: 14 | BA15: 47.6 | BB15: 10 | BC15: 34 | BD15: 16 | BE15: 54.4 | BF15: 17 | BG15: 57.8 | BH15: 20 | BI15: 86 | BJ15: 18 | BK15: 68.8 | BL15: 8 | BM15: 34.4 | BP15: 642 | BQ15: 2040
A16: [0045] REBAJAR BARBA LARGA | P16: 11 | Q16: 49.5 | R16: 14 | S16: 63 | T16: 13 | U16: 58.5 | V16: 10 | W16: 45 | X16: 11 | Y16: 49.5 | Z16: 7 | AA16: 31.5 | AB16: 10 | AC16: 45 | AD16: 23 | AE16: 103.5 | AF16: 59 | AG16: 265.5 | AH16: 124 | AI16: 616.8 | AJ16: 145 | AK16: 754.7 | AL16: 138 | AM16: 637.9 | AN16: 112 | AO16: 521.2 | AP16: 37 | AQ16: 166.5 | AR16: 33 | AS16: 148.5 | AT16: 38 | AU16: 171 | AV16: 26 | AW16: 117 | AX16: 12 | AY16: 54 | AZ16: 25 | BA16: 112.5 | BB16: 16 | BC16: 72 | BD16: 11 | BE16: 49.5 | BF16: 20 | BG16: 90 | BH16: 60 | BI16: 323.5 | BJ16: 19 | BK16: 102.6 | BL16: 28 | BM16: 151.2 | BN16: 2 | BO16: 10.8 | BP16: 1004 | BQ16: 4810.7
A17: [0046] ARREGLO CUELLO | T17: 1 | U17: 2.5 | V17: 3 | W17: 5 | X17: 1 | Y17: 2.5 | Z17: 4 | AA17: 10 | AB17: 1 | AC17: 2.5 | AD17: 1 | AE17: 2.5 | AF17: 3 | AG17: 7.5 | AH17: 1 | AI17: 2.5 | AJ17: 3 | AK17: 7.5 | AL17: 2 | AM17: 2.5 | AN17: 1 | AO17: 2.5 | AP17: 4 | AQ17: 10 | AR17: 4 | AS17: 7.5 | AT17: 2 | AU17: 5 | AX17: 5 | AY17: 12.5 | AZ17: 4 | BA17: 7.5 | BB17: 1 | BC17: 2.5 | BH17: 3 | BI17: 13.3 | BJ17: 3 | BK17: 14.7 | BL17: 2 | BM17: 9.8 | BP17: 49 | BQ17: 130.3
A18: [0047] MARCAR BARBA | BD18: 1 | BE18: 2 | BP18: 1 | BQ18: 2
A19: [0060] CORTE + AFEITADO EXPRESS | J19: 40 | K19: 536 | L19: 60 | M19: 804 | N19: 35 | O19: 469 | BP19: 135 | BQ19: 1809
A20: [0060] SKIN FADE | AD20: 1 | AE20: 10 | AJ20: 24 | AK20: 240 | AL20: 14 | AM20: 140 | AN20: 35 | AO20: 350 | AP20: 36 | AQ20: 360 | AR20: 34 | AS20: 340 | AT20: 35 | AU20: 350 | AV20: 31 | AW20: 310 | AX20: 33 | AY20: 330 | AZ20: 35 | BA20: 350 | BB20: 38 | BC20: 380 | BD20: 32 | BE20: 320 | BF20: 38 | BG20: 380 | BH20: 21 | BI20: 231 | BJ20: 31 | BK20: 341 | BL20: 29 | BM20: 319 | BN20: 1 | BO20: 11 | BP20: 468 | BQ20: 4762
A21: [0061] ARREGLO SKIN | AH21: 3 | AI21: 20.7 | AJ21: 2 | AK21: 13.8 | AL21: 3 | AM21: 20.7 | AN21: 3 | AO21: 20.7 | AP21: 2 | AQ21: 13.8 | AR21: 5 | AS21: 34.5 | AT21: 4 | AU21: 27.6 | AV21: 4 | AW21: 27.6 | AX21: 10 | AY21: 69 | AZ21: 8 | BA21: 55.2 | BB21: 6 | BC21: 41.4 | BD21: 8 | BE21: 55.2 | BF21: 9 | BG21: 62.1 | BH21: 2 | BI21: 17.8 | BJ21: 3 | BK21: 26.7 | BL21: 3 | BM21: 26.7 | BP21: 75 | BQ21: 533.5
A22: [0062] AFEITADO DE CABEZA | X22: 1 | Y22: 8.9 | AD22: 1 | AE22: 8.9 | AF22: 1 | AG22: 8.9 | AH22: 5 | AI22: 44.5 | AJ22: 2 | AK22: 17.8 | AL22: 1 | AM22: 8.9 | AN22: 5 | AO22: 44.5 | AP22: 1 | AQ22: 8.9 | AR22: 2 | AS22: 17.8 | AT22: 4 | AU22: 35.6 | AV22: 4 | AW22: 35.6 | AX22: 4 | AY22: 35.6 | AZ22: 1 | BA22: 8.9 | BB22: 2 | BC22: 17.8 | BD22: 1 | BE22: 8.9 | BF22: 1 | BG22: 8.9 | BL22: 3 | BM22: 29.7 | BP22: 39 | BQ22: 350.1
A23: [0064] LAVAR | F23: 1 | G23: 2.9 | N23: 1 | O23: 2.9 | P23: 1 | Q23: 2.9 | R23: 2 | S23: 5.8 | T23: 2 | U23: 5.8 | V23: 1 | W23: 2.9 | Z23: 1 | AA23: 2.9 | AD23: 1 | AE23: 2.9 | AF23: 1 | AG23: 2.9 | AH23: 1 | AI23: 29.9 | AL23: 2 | AM23: 2.9 | AP23: 1 | AQ23: 2 | BP23: 15 | BQ23: 66.7
A24: [00641] LAVAR Y PEINAR | BL24: 1 | BM24: 2.5 | BP24: 1 | BQ24: 2.5
A25: [0065] PEINAR | N25: 1 | O25: 3.5 | P25: 1 | Q25: 3.5 | R25: 10 | S25: 35 | T25: 2 | U25: 3.5 | AB25: 2 | AC25: 7 | AD25: 2 | AE25: 3.5 | AF25: 2 | AG25: 7 | AJ25: 1 | AK25: 3.5 | AN25: 3 | AO25: 7 | AP25: 4 | AQ25: 14 | AR25: 3 | AS25: 27 | AT25: 6 | AU25: 21 | AV25: 2 | AW25: 7 | AZ25: 2 | BA25: 7 | BB25: 3 | BC25: 10.5 | BF25: 1 | BG25: 3.5 | BJ25: 1 | BK25: 3.9 | BP25: 46 | BQ25: 167.4
A26: [0160] TINTE PELO CORTO | P26: 1 | Q26: 13.9 | R26: 1 | S26: 13.9 | T26: 1 | U26: 13.9 | V26: 2 | W26: 27.8 | X26: 1 | Y26: 13.9 | Z26: 2 | AA26: 27.8 | AD26: 1 | AE26: 13.9 | AH26: 1 | AI26: 13.9 | AL26: 1 | AM26: 13.9 | AT26: 1 | AU26: 13.9 | AX26: 1 | AY26: 13.9 | BP26: 13 | BQ26: 180.7
A27: [0180] TINTE BARBA | J27: 1 | K27: 6.5 | V27: 1 | W27: 6.5 | AJ27: 1 | AK27: 6.5 | AX27: 1 | AY27: 6.5 | BB27: 2 | BC27: 13 | BP27: 6 | BQ27: 39
A28: [0190] TINTE BIGOTE Y PERILLA | AB28: 1 | AC28: 3.5 | AP28: 1 | AQ28: 3.5 | BP28: 2 | BQ28: 7
A29: [0201] MECHAS PELO CORTO | D29: 1 | E29: 14.9 | F29: 1 | G29: 14.9 | J29: 2 | K29: 29.8 | N29: 1 | O29: 14.9 | P29: 1 | Q29: 14.9 | R29: 1 | S29: 14.9 | T29: 2 | U29: 29.8 | V29: 2 | W29: 29.8 | AB29: 1 | AC29: 10 | AF29: 1 | AG29: 14.9 | AL29: 3 | AM29: 44.7 | AN29: 1 | AO29: 14.9 | AP29: 1 | AQ29: 14.9 | AT29: 1 | AU29: 14.9 | AX29: 1 | AY29: 14.9 | AZ29: 1 | BA29: 14.9 | BF29: 1 | BG29: 14.9 | BJ29: 1 | BK29: 14.9 | BP29: 23 | BQ29: 337.8
A30: [0202] MECHAS PELO LARGO | AT30: 2 | AU30: 49.8 | BP30: 2 | BQ30: 49.8
A31: [0203] MATIZ DE CANA | F31: 3 | G31: 20.8 | H31: 1 | I31: 7.9 | J31: 3 | K31: 16 | L31: 1 | M31: 7.9 | N31: 1 | O31: 7.9 | P31: 2 | Q31: 15.8 | R31: 2 | S31: 15.8 | T31: 3 | U31: 23.7 | X31: 2 | Y31: 15.8 | Z31: 1 | AA31: 7.9 | AB31: 1 | AC31: 7.9 | AD31: 1 | AE31: 7.9 | AF31: 1 | AG31: 7.9 | AH31: 1 | AI31: 7.9 | AL31: 1 | AM31: 7.9 | AP31: 3 | AQ31: 23.7 | AR31: 1 | AS31: 7.9 | AT31: 1 | AU31: 7.9 | AX31: 1 | AY31: 7.9 | BB31: 4 | BC31: 31.6 | BJ31: 1 | BK31: 8.5 | BP31: 35 | BQ31: 266.5
A32: [0204] MATIZ DECOLORACIÓN | N32: 1 | O32: 7.9 | R32: 1 | S32: 7.9 | V32: 1 | W32: 7.9 | Z32: 3 | AA32: 20.7 | AB32: 1 | AC32: 7.9 | AH32: 1 | AI32: 7.9 | AJ32: 1 | AK32: 7.9 | AL32: 2 | AM32: 15.8 | AN32: 2 | AO32: 12.9 | AT32: 4 | AU32: 31.6 | AV32: 2 | AW32: 15.8 | AX32: 1 | AY32: 7.9 | BL32: 1 | BM32: 8.5 | BP32: 21 | BQ32: 160.6
A33: [0210] DECOLORACIÓN | B33: 1 | C33: 7.9 | L33: 1 | M33: 7.9 | N33: 1 | O33: 7.9 | V33: 2 | W33: 29.8 | Z33: 1 | AA33: 14.9 | AB33: 1 | AC33: 14.9 | AH33: 1 | AI33: 14.9 | AJ33: 1 | AK33: 14.9 | AN33: 1 | AO33: 11.1 | AT33: 2 | AU33: 39.9 | AV33: 3 | AW33: 44.7 | AX33: 2 | AY33: 29.8 | BL33: 3 | BM33: 25.5 | BP33: 20 | BQ33: 264.1
A34: [0220] DESRIZADO PELO CORTO | H34: 1 | I34: 15.9 | N34: 2 | O34: 31.8 | P34: 1 | Q34: 15.9 | V34: 1 | W34: 15.9 | AB34: 1 | AC34: 15.9 | AD34: 2 | AE34: 31.8 | AF34: 1 | AG34: 15.9 | AJ34: 1 | AK34: 15.9 | AL34: 1 | AM34: 4 | AN34: 2 | AO34: 15.9 | BP34: 13 | BQ34: 178.9
A35: [0260] LINEAS | D35: 1 | E35: 0.6 | F35: 8 | G35: 4.8 | H35: 9 | I35: 5.4 | J35: 8 | K35: 4.8 | L35: 5 | M35: 3 | N35: 3 | O35: 1.8 | P35: 13 | Q35: 7.8 | R35: 9 | S35: 5.4 | T35: 7 | U35: 4.2 | V35: 4 | W35: 2.4 | X35: 12 | Y35: 7.2 | Z35: 4 | AA35: 2.4 | AB35: 7 | AC35: 4.2 | AD35: 4 | AE35: 2.4 | AF35: 3 | AG35: 1.8 | AH35: 5 | AI35: 3 | AJ35: 8 | AK35: 4.8 | AL35: 1 | AM35: 0.6 | AN35: 3 | AO35: 1.8 | AP35: 3 | AQ35: 1.8 | AR35: 2 | AS35: 1.2 | AT35: 8 | AU35: 4.8 | AV35: 3 | AW35: 1.8 | AX35: 1 | AY35: 0.6 | BP35: 131 | BQ35: 78.6
A36: [0280] DIBUJOS | D36: 1 | E36: 7.9 | BP36: 1 | BQ36: 7.9
A37: [0290] TRENZAS | AB37: 1 | AC37: 12 | AD37: 1 | AE37: 6.9 | AN37: 1 | AO37: 6.9 | AP37: 2 | AQ37: 10.8 | AT37: 2 | AU37: 13.8 | AX37: 2 | AY37: 13.8 | BP37: 9 | BQ37: 64.2
A38: [040] MANICURA | D38: 1 | E38: 8.5 | BP38: 1 | BQ38: 8.5
A39: [050] DEPILACION POMULOS | F39: 4 | G39: 16 | J39: 2 | K39: 8 | L39: 2 | M39: 8 | N39: 2 | O39: 8 | P39: 1 | Q39: 4 | R39: 2 | S39: 8 | T39: 2 | U39: 8 | X39: 1 | Y39: 4 | Z39: 2 | AA39: 8 | AB39: 2 | AC39: 8 | AF39: 1 | AG39: 4 | AJ39: 1 | AK39: 4 | AN39: 1 | AO39: 4 | AP39: 1 | AQ39: 4 | AR39: 1 | AS39: 4 | AT39: 2 | AU39: 8 | BB39: 1 | BC39: 4 | BD39: 1 | BE39: 4 | BF39: 2 | BG39: 8 | BJ39: 2 | BK39: 7 | BL39: 1 | BM39: 4 | BP39: 34 | BQ39: 135
A40: [051] DEPILACION ENTRECEJO U OREJAS | B40: 1 | C40: 2.5 | F40: 2 | G40: 5 | H40: 1 | I40: 2.5 | J40: 2 | K40: 5 | N40: 1 | O40: 2.5 | P40: 2 | Q40: 5 | R40: 1 | S40: 2.5 | T40: 1 | U40: 2.5 | V40: 1 | W40: 2.5 | X40: 1 | Y40: 2.5 | Z40: 1 | AA40: 2.5 | AB40: 4 | AC40: 10 | AF40: 1 | AG40: 2.5 | AH40: 1 | AI40: 2.5 | AJ40: 1 | AK40: 2.5 | AN40: 2 | AO40: 5 | AP40: 1 | AQ40: 2.5 | AR40: 2 | AS40: 5 | BD40: 2 | BE40: 5 | BH40: 1 | BI40: 2.5 | BJ40: 2 | BK40: 4.5 | BP40: 31 | BQ40: 77
A41: [053] DEPILACION CEJAS | B41: 1 | C41: 4.9 | D41: 6 | E41: 29.4 | F41: 5 | G41: 24.5 | H41: 3 | I41: 14.7 | J41: 4 | K41: 19.6 | L41: 6 | M41: 29.4 | N41: 1 | O41: 4.9 | P41: 2 | Q41: 9.8 | R41: 5 | S41: 24.5 | T41: 4 | U41: 19.6 | V41: 5 | W41: 24.5 | X41: 9 | Y41: 44.1 | Z41: 3 | AA41: 14.7 | AB41: 6 | AC41: 29.4 | AD41: 9 | AE41: 43.2 | AF41: 7 | AG41: 34.3 | AH41: 4 | AI41: 19.6 | AJ41: 2 | AK41: 9.8 | AL41: 3 | AM41: 14.7 | AN41: 6 | AO41: 29.4 | AP41: 4 | AQ41: 19.6 | AR41: 5 | AS41: 23.1 | AT41: 3 | AU41: 14.7 | AV41: 6 | AW41: 29.4 | AX41: 3 | AY41: 14.7 | AZ41: 3 | BA41: 14.7 | BB41: 3 | BC41: 14.7 | BD41: 4 | BE41: 19.6 | BF41: 6 | BG41: 29.4 | BH41: 2 | BI41: 9.8 | BJ41: 4 | BK41: 19.6 | BL41: 6 | BM41: 29.4 | BP41: 140 | BQ41: 683.7
A42: [070] LIMPIEZA CUTIS EXPRES | BJ42: 1 | BK42: 9 | BP42: 1 | BQ42: 9
A43: [079] MASAJE 30 MINUTOS | BJ43: 2 | BK43: 15 | BL43: 5 | BM43: 37.5 | BP43: 7 | BQ43: 52.5
A44: [1] AFEITADO + ARREGLO CUELLO | BJ44: 1 | BK44: 7.5 | BP44: 1 | BQ44: 7.5
A45: [1188] KIT DIAMOND PEEL DERMOABRASION 200ML | AJ45: 2 | AK45: 0 | BP45: 2 | BQ45: 0
A46: [125566] Fanelan Synergie (I/DK/ES) | AZ46: 1 | BA46: 0 | BP46: 1 | BQ46: 0
A47: [1710] BIOKERA ARGANOLOGY MONODOSIS | V47: 4 | W47: 18 | X47: 2 | Y47: 9 | Z47: 4 | AA47: 18 | AB47: 3 | AC47: 13.5 | AD47: 4 | AE47: 18 | AF47: 2 | AG47: 9 | AH47: 4 | AI47: 18 | AJ47: 5 | AK47: 22.5 | AL47: 4 | AM47: 18 | AN47: 2 | AO47: 9 | AP47: 3 | AQ47: 13.5 | AR47: 1 | AS47: 4.5 | AT47: 3 | AU47: 13.5 | AX47: 1 | AY47: 4.5 | AZ47: 3 | BA47: 13.5 | BB47: 4 | BC47: 18 | BD47: 9 | BE47: 40.5 | BF47: 9 | BG47: 40.5 | BH47: 6 | BI47: 27 | BJ47: 6 | BK47: 27 | BL47: 7 | BM47: 31.5 | BP47: 86 | BQ47: 387
A48: [1720] BIOKERA ARGANOLOGY 60ML. | AJ48: 1 | AK48: 18 | AN48: 1 | AO48: 18 | BP48: 2 | BQ48: 36
A49: [1725] BIOKERA GRAPEOLOGY MONODOSIS | AB49: 2 | AC49: 11 | BB49: 1 | BC49: 5.5 | BJ49: 1 | BK49: 5.5 | BP49: 4 | BQ49: 22
A50: [1730] ACEITE ARGAN MONODOSIS | D50: 1 | E50: 5.44 | F50: 10 | G50: 54.4 | H50: 3 | I50: 16.32 | J50: 8 | K50: 43.52 | L50: 4 | M50: 21.76 | N50: 8 | O50: 43.52 | P50: 3 | Q50: 16.32 | R50: 7 | S50: 38.08 | BP50: 44 | BQ50: 239.36
A51: [20] ACEITE DE ARGAN MONODOSIS | D51: 6 | E51: 27 | F51: 2 | G51: 9 | BP51: 8 | BQ51: 36
A52: [2103] PR. STRONG LAC 405ML | R52: 1 | S52: 12.1 | AR52: 1 | AS52: 13.5 | AX52: 2 | AY52: 27 | BD52: 3 | BE52: 40.5 | BF52: 1 | BG52: 13.5 | BH52: 1 | BI52: 13.5 | BJ52: 2 | BK52: 27 | BL52: 3 | BM52: 40.5 | BP52: 14 | BQ52: 187.6
A53: [2104] PR. VOLUME SPRAY 250ML | AZ53: 1 | BA53: 15.5 | BL53: 1 | BM53: 15.5 | BP53: 2 | BQ53: 31
A54: [2109] PR. ICE GEL 200ML | AH54: 1 | AI54: 14 | AJ54: 1 | AK54: 14 | AN54: 2 | AO54: 28 | BD54: 1 | BE54: 14 | BP54: 5 | BQ54: 70
A55: [2109] PR. ICE GEL 200ML (Edición rosa) | AJ55: 1 | AK55: 14 | BP55: 1 | BQ55: 14
A56: [2110] PR. ICE GEL 500ML | V56: 1 | W56: 26 | AN56: 1 | AO56: 26 | BD56: 1 | BE56: 26 | BH56: 1 | BI56: 26 | BP56: 4 | BQ56: 104
A57: [2114] PR. MATT CLAY 125ML | R57: 2 | S57: 30.62 | T57: 4 | U57: 61.24 | V57: 2 | W57: 33 | X57: 1 | Y57: 16.5 | Z57: 2 | AA57: 33 | AB57: 1 | AC57: 16.5 | AD57: 2 | AE57: 33 | AF57: 1 | AG57: 16.5 | AJ57: 2 | AK57: 33 | AN57: 1 | AO57: 16.5 | AP57: 1 | AQ57: 16.5 | AR57: 1 | AS57: 16.5 | AT57: 1 | AU57: 16.5 | AV57: 1 | AW57: 16.5 | AX57: 2 | AY57: 33 | AZ57: 2 | BA57: 33 | BB57: 5 | BC57: 82.5 | BD57: 7 | BE57: 115.5 | BF57: 4 | BG57: 66 | BH57: 3 | BI57: 49.5 | BJ57: 1 | BK57: 16.5 | BL57: 2 | BM57: 33 | BP57: 48 | BQ57: 784.86
A58: [3] REBAJAR + PERFILAR BARBA | AN58: 80 | AO58: 392 | AP58: 159 | AQ58: 779.1 | AR58: 157 | AS58: 764.4 | AT58: 159 | AU58: 779.1 | AV58: 154 | AW58: 754.6 | AX58: 193 | AY58: 945.7 | AZ58: 177 | BA58: 867.3 | BB58: 181 | BC58: 882 | BD58: 173 | BE58: 847.7 | BF58: 176 | BG58: 862.4 | BH58: 91 | BI58: 621.9 | BJ58: 145 | BK58: 1001.5 | BL58: 162 | BM58: 1130.7 | BN58: 10 | BO58: 69 | BP58: 2017 | BQ58: 10697.4
A59: [3A] REBAJAR + PERFILAR BARBA CON CUCHILLA | AZ59: 1 | BA59: 4.9 | BP59: 1 | BQ59: 4.9
A60: [4] REBAJAR BARBA + ARREGLO CUELLO | BF60: 1 | BG60: 8.5 | BH60: 2 | BI60: 17 | BL60: 1 | BM60: 8.5 | BP60: 4 | BQ60: 34
A61: [401] BALSAMO PROTEINICO 250ML | AZ61: 1 | BA61: 9.5 | BP61: 1 | BQ61: 9.5
A62: [420] SHAMPOO EQUILIBRIUM 250ML. (EQUILIBRADOR) | BL62: 1 | BM62: 5 | BP62: 1 | BQ62: 5
A63: [422] SHAMPOO NUTRIENT 250 ML. (CAIDA) | AT63: 1 | AU63: 10.5 | AV63: 1 | AW63: 10.5 | BP63: 2 | BQ63: 21
A64: [4729] PR. VOLUME DUST 10GR | T64: 1 | U64: 13.79 | X64: 1 | Y64: 15 | AD64: 2 | AE64: 30 | AF64: 1 | AG64: 15 | AJ64: 1 | AK64: 15 | AL64: 1 | AM64: 15 | AN64: 0 | AO64: 0 | AX64: 1 | AY64: 15 | BB64: 1 | BC64: 15 | BP64: 9 | BQ64: 133.79
A65: [5736] SALERM 21 200ML | AP65: 1 | AQ65: 19.5 | BP65: 1 | BQ65: 19.5
A66: [5739] SALERM 21 100 ML | Z66: 1 | AA66: 12 | AB66: 1 | AC66: 12 | AD66: 1 | AE66: 12 | AJ66: 1 | AK66: 12 | AN66: 1 | AO66: 12 | AP66: 1 | AQ66: 12 | AX66: 3 | AY66: 36 | BD66: 1 | BE66: 12 | BF66: 1 | BG66: 12 | BH66: 1 | BI66: 12 | BJ66: 1 | BK66: 12 | BL66: 2 | BM66: 24 | BP66: 15 | BQ66: 180
A67: [669316060803] CREW TRICL ANTIHAIRLOSS SHAMPOO 8.45oz/250ml | D67: 2 | E67: 25.4 | F67: 1 | G67: 12.7 | L67: 3 | M67: 38.1 | N67: 1 | O67: 12.7 | P67: 1 | Q67: 12.7 | AB67: 3 | AC67: 39 | AJ67: 1 | AK67: 13 | AN67: 1 | AO67: 13 | AP67: 1 | AQ67: 13 | BP67: 14 | BQ67: 179.6
A68: [669316061923] SUPERGLUE | H68: 1 | I68: 15.85 | BP68: 1 | BQ68: 15.85
A69: [669316068960] CREW DAILY MOISTURIZING SHAMPOO 8.45oz/250ml | L69: 2 | M69: 21.9 | N69: 2 | O69: 21.9 | P69: 1 | Q69: 10.95 | R69: 1 | S69: 10.95 | V69: 1 | W69: 12 | X69: 1 | Y69: 12 | Z69: 1 | AA69: 12 | AJ69: 1 | AK69: 12 | AP69: 1 | AQ69: 12 | AR69: 1 | AS69: 12 | AX69: 1 | AY69: 12 | AZ69: 1 | BA69: 12 | BF69: 3 | BG69: 36 | BH69: 1 | BI69: 12 | BP69: 18 | BQ69: 209.7
A70: [669316069066] CREW POWER CLEANSER SHAMPOO 8.45oz/250ml | L70: 16 | M70: 11.7 | T70: 2 | U70: 23.9 | Z70: 1 | AA70: 12 | AH70: 1 | AI70: 12 | BP70: 20 | BQ70: 59.6
A71: [669316078877] CREW TRICL ANTI-DANDRUFF+SEBUM SHAMPOO EU250ml | F71: 1 | G71: 12.65 | H71: 3 | I71: 37.95 | L71: 2 | M71: 25.3 | N71: 1 | O71: 12.65 | P71: 3 | Q71: 37.95 | R71: 1 | S71: 12.65 | T71: 1 | U71: 12.65 | AJ71: 1 | AK71: 13 | AP71: 1 | AQ71: 13 | BF71: 1 | BG71: 13 | BJ71: 2 | BK71: 20.8 | BP71: 17 | BQ71: 211.6
A72: [669316078907] CREW DAILY CONDITIONER 8.45oz/250ml | R72: 1 | S72: 11.7 | T72: 1 | U72: 11.95 | Z72: 1 | AA72: 12 | AF72: 1 | AG72: 12 | AV72: 1 | AW72: 12 | AX72: 1 | AY72: 12 | BJ72: 2 | BK72: 15 | BP72: 8 | BQ72: 86.65
A73: [669316080733] GROOMING SPRAY | L73: 1 | M73: 17.35 | R73: 1 | S73: 17.35 | BP73: 2 | BQ73: 34.7
A74: [669316388327] ALTERNATOR | L74: 1 | M74: 15.85 | BP74: 1 | BQ74: 15.85
A75: [705] HOMME SHAMPOO STOP TO RELAX 1000 ML | AF75: 1 | AG75: 30.5 | BP75: 1 | BQ75: 30.5
A76: [7202078000] POST-SHAVE COOLING LOTION | L76: 1 | M76: 11 | BP76: 1 | BQ76: 11
A77: [738678151761] POMADE 85 ml. | AB77: 1 | AC77: 22 | BP77: 1 | BQ77: 22
A78: [738678151853] FIBER 85 ml. | L78: 1 | M78: 21.5 | P78: 2 | Q78: 43 | R78: 2 | S78: 43 | V78: 2 | W78: 44 | Z78: 2 | AA78: 44 | AB78: 5 | AC78: 110 | AD78: 1 | AE78: 22 | AF78: 1 | AG78: 22 | AJ78: 3 | AK78: 66 | AL78: 5 | AM78: 110 | AN78: 6 | AO78: 132 | AP78: 4 | AQ78: 88 | AR78: 2 | AS78: 44 | AT78: 4 | AU78: 88 | AV78: 2 | AW78: 44 | AX78: 3 | AY78: 66 | AZ78: 5 | BA78: 110 | BD78: 2 | BE78: 44 | BF78: 1 | BG78: 22 | BH78: 3 | BI78: 57.89 | BJ78: 5 | BK78: 92.4 | BL78: 3 | BM78: 66 | BN78: 1 | BO78: 22 | BP78: 65 | BQ78: 1401.79
A79: [738678174135] GROOMING CREAM | F79: 1 | G79: 21.5 | J79: 1 | K79: 21.5 | P79: 1 | Q79: 21.5 | R79: 1 | S79: 21.5 | V79: 1 | W79: 22 | AL79: 1 | AM79: 22 | AN79: 5 | AO79: 101.9 | AV79: 1 | AW79: 22 | AZ79: 2 | BA79: 44 | BB79: 1 | BC79: 22 | BD79: 1 | BE79: 22 | BL79: 1 | BM79: 22 | BP79: 17 | BQ79: 363.9
A80: [738678181690] FORMING CREAM 85 ml. | D80: 1 | E80: 21.5 | L80: 3 | M80: 64.5 | N80: 1 | O80: 21.5 | P80: 1 | Q80: 21.5 | AB80: 2 | AC80: 44 | AH80: 1 | AI80: 22 | AP80: 1 | AQ80: 22 | BH80: 1 | BI80: 22 | BL80: 2 | BM80: 35.2 | BP80: 13 | BQ80: 274.2
A81: [738678242025] MOLDING CLAY | P81: 1 | Q81: 21.5 | AV81: 1 | AW81: 22 | BJ81: 1 | BK81: 13.2 | BP81: 3 | BQ81: 56.7
A82: [738678242520] DEFINING PASTE | BJ82: 1 | BK82: 12.2 | BL82: 1 | BM82: 13.2 | BP82: 2 | BQ82: 25.4
A83: [738678246306] CREW CLASSIC GRAY SHAMPOO 8.45oz/250ml | X83: 1 | Y83: 12 | AL83: 1 | AM83: 12 | AP83: 1 | AQ83: 12 | AR83: 1 | AS83: 12 | AT83: 1 | AU83: 12 | BJ83: 1 | BK83: 7.2 | BP83: 6 | BQ83: 67.2
A84: [738678250013] BOOST POWDER | AB84: 1 | AC84: 20 | AD84: 1 | AE84: 20 | AN84: 1 | AO84: 20 | AT84: 1 | AU84: 20 | AV84: 1 | AW84: 20 | AX84: 1 | AY84: 20 | BP84: 6 | BQ84: 120
A85: [CC00004] DAILY CARE SHAMPOO 300ML | BJ85: 1 | BK85: 12 | BP85: 1 | BQ85: 12
A86: [CC00005] SUPER-DUPER HAIR GEL (GOMINA) | BJ86: 1 | BK86: 15 | BL86: 1 | BM86: 16.5 | BP86: 2 | BQ86: 31.5
A87: [CC00006] BEARD WASH SHAMPOO 300ML (BARBA) | AH87: 2 | AI87: 24 | BB87: 1 | BC87: 12 | BF87: 1 | BG87: 12 | BJ87: 1 | BK87: 12 | BL87: 1 | BM87: 12 | BP87: 6 | BQ87: 72
A88: [CC00008] ANTI-HAIR LOSS 300ML (CAIDA) | BF88: 1 | BG88: 18 | BH88: 1 | BI88: 18 | BP88: 2 | BQ88: 36
A89: [CC00009] ANTI-DANDRUFF SHAMPOO 300ML (CASPA) | BJ89: 1 | BK89: 18 | BL89: 2 | BM89: 36 | BP89: 3 | BQ89: 54
A90: [CC00010] ANTI-GREASE SHAMPOO 300ML (GRASA) | BH90: 1 | BI90: 18 | BJ90: 1 | BK90: 18 | BP90: 2 | BQ90: 36
A91: [CC00012] CLASSIC HAIR WAX 100ML (CERA) | AH91: 1 | AI91: 15.5 | AJ91: 1 | AK91: 15.5 | AL91: 2 | AM91: 31 | AN91: 1 | AO91: 15.5 | AX91: 2 | AY91: 31 | AZ91: 1 | BA91: 15.5 | BB91: 1 | BC91: 15.5 | BF91: 3 | BG91: 46.5 | BH91: 1 | BI91: 15.5 | BL91: 4 | BM91: 62 | BP91: 17 | BQ91: 263.5
A92: [CC00014] MATTE HAIR WAX 100ML (CERA MATE) | BH92: 3 | BI92: 46.5 | BJ92: 2 | BK92: 31 | BL92: 2 | BM92: 31 | BP92: 7 | BQ92: 108.5
A93: [CC00018] POWDER SPACE | BF93: 1 | BG93: 15 | BH93: 1 | BI93: 15 | BJ93: 2 | BK93: 30 | BP93: 4 | BQ93: 60
A94: [CC00020] BROWN MATTE WAX | BL94: 1 | BM94: 19 | BP94: 1 | BQ94: 19
A95: [CC00021] BLACK MATTE WAX | BF95: 1 | BG95: 19 | BH95: 3 | BI95: 57 | BJ95: 2 | BK95: 38 | BL95: 1 | BM95: 19 | BP95: 7 | BQ95: 133
A96: [CC00022] FIXER SPRAY 125ML | BJ96: 2 | BK96: 36 | BL96: 6 | BM96: 108 | BP96: 8 | BQ96: 144
A97: 0000 | AN97: 37 | AO97: 0 | BP97: 37 | BQ97: 0
A98: ACEITE ARGAN 60ML | P98: 1 | Q98: 18.9 | BP98: 1 | BQ98: 18.9
A99: CERA SALERM MATT CLAY 125ML | J99: 1 | K99: 13.91 | N99: 3 | O99: 41.73 | BP99: 4 | BQ99: 55.64
A100: CURL MOUSSE | N100: 1 | O100: 14 | BP100: 1 | BQ100: 14
...

Sheet Detalle Peluqueros
B1: agosto 2016 | D1: septiembre 2016 | F1: octubre 2016 | H1: noviembre 2016 | J1: diciembre 2016 | L1: enero 2017 | N1: febrero 2017 | P1: marzo 2017 | R1: abril 2017 | T1: mayo 2017 | V1: junio 2017 | X1: julio 2017 | Z1: agosto 2017 | AB1: septiembre 2017 | AD1: octubre 2017 | AF1: noviembre 2017 | AH1: diciembre 2017 | AJ1: enero 2018 | AL1: febrero 2018 | AN1: marzo 2018 | AP1: abril 2018 | AR1: mayo 2018 | AT1: junio 2018 | AV1: julio 2018 | AX1: agosto 2018 | AZ1: septiembre 2018 | BB1: octubre 2018 | BD1: noviembre 2018 | BF1: diciembre 2018 | BH1: enero 2019 | BJ1: febrero 2019 | BL1: marzo 2019
B2: Cantidad del producto | C2: Precio total | D2: Cantidad del producto | E2: Precio total | F2: Cantidad del producto | G2: Precio total | H2: Cantidad del producto | I2: Precio total | J2: Cantidad del producto | K2: Precio total | L2: Cantidad del producto | M2: Precio total | N2: Cantidad del producto | O2: Precio total | P2: Cantidad del producto | Q2: Precio total | R2: Cantidad del producto | S2: Precio total | T2: Cantidad del producto | U2: Precio total | V2: Cantidad del producto | W2: Precio total | X2: Cantidad del producto | Y2: Precio total | Z2: Cantidad del producto | AA2: Precio total | AB2: Cantidad del producto | AC2: Precio total | AD2: Cantidad del producto | AE2: Precio total | AF2: Cantidad del producto | AG2: Precio total | AH2: Cantidad del producto | AI2: Precio total | AJ2: Cantidad del producto | AK2: Precio total | AL2: Cantidad del producto | AM2: Precio total | AN2: Cantidad del producto | AO2: Precio total | AP2: Cantidad del producto | AQ2: Precio total | AR2: Cantidad del producto | AS2: Precio total | AT2: Cantidad del producto | AU2: Precio total | AV2: Cantidad del producto | AW2: Precio total | AX2: Cantidad del producto | AY2: Precio total | AZ2: Cantidad del producto | BA2: Precio total | BB2: Cantidad del producto | BC2: Precio total | BD2: Cantidad del producto | BE2: Precio total | BF2: Cantidad del producto | BG2: Precio total | BH2: Cantidad del producto | BI2: Precio total | BJ2: Cantidad del producto | BK2: Precio total | BL2: Cantidad del producto | BM2: Precio total | BN2: Cantidad del producto | BO2: Precio total
A3: Total | B3: 201 | C3: 1422.1 | D3: 513 | E3: 3668.24 | F3: 590 | G3: 4058.85 | H3: 551 | I3: 3955.06 | J3: 735 | K3: 5532.64 | L3: 660 | M3: 5180.53 | N3: 754 | O3: 5641.52 | P3: 915 | Q3: 6614.5 | R3: 871 | S3: 6211.32 | T3: 973 | U3: 7026.89 | V3: 1043 | W3: 7565.66 | X3: 984 | Y3: 7086.76 | Z3: 993 | AA3: 7228.73 | AB3: 1193 | AC3: 8719.94 | AD3: 1132 | AE3: 8122.34 | AF3: 1050 | AG3: 7529.16 | AH3: 1148 | AI3: 8534.71 | AJ3: 1220 | AK3: 9222.78 | AL3: 952 | AM3: 7190.76 | AN3: 1437 | AO3: 10720.02 | AP3: 1312 | AQ3: 9953.1 | AR3: 1313 | AS3: 9843.92 | AT3: 1375 | AU3: 10254.66 | AV3: 1239 | AW3: 9242.8 | AX3: 1218 | AY3: 9222.6 | AZ3: 1291 | BA3: 9587.32 | BB3: 1214 | BC3: 8947.08 | BD3: 1335 | BE3: 9921.86 | BF3: 1349 | BG3: 10039.24 | BH3: 1117 | BI3: 9658.09 | BJ3: 1339 | BK3: 9997.14 | BL3: 873 | BM3: 7635.78 | BN3: 32890 | BO3: 245536.1
A4: Raquel | B4: 108 | C4: 772 | D4: 256 | E4: 1868.14 | F4: 310 | G4: 2146.19 | H4: 292 | I4: 2043.49 | J4: 398 | K4: 2957.59 | L4: 342 | M4: 2735.22 | N4: 410 | O4: 3040.38 | P4: 422 | Q4: 2976.62 | R4: 364 | S4: 2517.32 | T4: 435 | U4: 3047.58 | V4: 427 | W4: 2929.72 | X4: 444 | Y4: 3074.16 | Z4: 368 | AA4: 2605.11 | AB4: 472 | AC4: 3294.52 | AD4: 428 | AE4: 2926.22 | AF4: 410 | AG4: 2861.66 | AH4: 430 | AI4: 3012.45 | AJ4: 458 | AK4: 3376.18 | AL4: 314 | AM4: 2241.84 | AN4: 419 | AO4: 3003.64 | AP4: 375 | AQ4: 2635.76 | AR4: 321 | AS4: 2209.34 | AT4: 422 | AU4: 2981.92 | AV4: 445 | AW4: 3099.02 | AX4: 267 | AY4: 1899.72 | AZ4: 316 | BA4: 2186.92 | BB4: 101 | BC4: 673.52 | BD4: 404 | BE4: 2858 | BF4: 390 | BG4: 2742.98 | BH4: 250 | BI4: 2059.78 | BJ4: 329 | BK4: 2376.38 | BL4: 244 | BM4: 2039.84 | BN4: 11371 | BO4: 81193.21
A5: Juan Fernando | B5: 93 | C5: 650.1 | D5: 257 | E5: 1800.1 | F5: 280 | G5: 1912.66 | H5: 259 | I5: 1911.57 | J5: 337 | K5: 2575.05 | L5: 318 | M5: 2445.31 | N5: 344 | O5: 2601.14 | P5: 389 | Q5: 2796.43 | R5: 374 | S5: 2645.6 | T5: 383 | U5: 2712.31 | V5: 404 | W5: 2930.74 | X5: 286 | Y5: 2046.5 | Z5: 251 | AA5: 1800.34 | AB5: 456 | AC5: 3439 | AD5: 376 | AE5: 2706.92 | AF5: 379 | AG5: 2794.18 | AH5: 391 | AI5: 3040.02 | AJ5: 386 | AK5: 2928.3 | AL5: 438 | AM5: 3397.74 | AN5: 412 | AO5: 2873.68 | AP5: 353 | AQ5: 2760.4 | AR5: 372 | AS5: 2838.78 | AT5: 379 | AU5: 2921.1 | AV5: 141 | AW5: 1107.2 | AX5: 332 | AY5: 2631.88 | AZ5: 365 | BA5: 2844.14 | BB5: 411 | BC5: 3139.7 | BD5: 375 | BE5: 2997.78 | BF5: 364 | BG5: 2738.78 | BH5: 301 | BI5: 2608.09 | BJ5: 325 | BK5: 2587.92 | BL5: 225 | BM5: 1923.58 | BN5: 10756 | BO5: 81107.04
A6: ANTONIO | P6: 2 | Q6: 17 | AD6: 1 | AE6: 8.5 | AF6: 1 | AG6: 4.9 | AH6: 1 | AI6: 8.5 | AJ6: 4 | AK6: 30.3 | AL6: 22 | AM6: 177.9 | AN6: 70 | AO6: 536.46 | AP6: 3 | AQ6: 24 | AR6: 4 | AS6: 32.9 | AT6: 5 | AU6: 39 | AV6: 5 | AW6: 39.9 | AX6: 1 | AY6: 6 | AZ6: 5 | BA6: 53.8 | BB6: 10 | BC6: 10 | BD6: 2 | BE6: 13.9 | BF6: 5 | BG6: 40.9 | BH6: 7 | BI6: 59.4 | BJ6: 13 | BK6: 27.9 | BL6: 2 | BM6: 19 | BN6: 163 | BO6: 1150.26
A7: Alex | P7: 102 | Q7: 824.45 | R7: 133 | S7: 1048.4 | T7: 155 | U7: 1267 | V7: 212 | W7: 1705.2 | X7: 254 | Y7: 1966.1 | Z7: 374 | AA7: 2823.28 | AB7: 265 | AC7: 1986.42 | AD7: 327 | AE7: 2480.7 | AF7: 260 | AG7: 1868.42 | AH7: 326 | AI7: 2473.74 | AJ7: 372 | AK7: 2888 | AL7: 178 | AM7: 1373.28 | AN7: 287 | AO7: 2367.56 | AP7: 302 | AQ7: 2380.4 | AR7: 291 | AS7: 2261.4 | AT7: 276 | AU7: 2067.44 | AV7: 303 | AW7: 2395.02 | AX7: 395 | AY7: 3026.42 | AZ7: 311 | BA7: 2276.94 | BB7: 368 | BC7: 2765.86 | BD7: 226 | BE7: 1751.16 | BF7: 329 | BG7: 2378.42 | BH7: 270 | BI7: 2368.92 | BJ7: 351 | BK7: 2460.72 | BL7: 228 | BM7: 2017.96 | BN7: 6895 | BO7: 53223.21
A8: Manu Romeo | AN8: 249 | AO8: 1938.68 | AP8: 279 | AQ8: 2152.54 | AR8: 325 | AS8: 2501.5 | AT8: 293 | AU8: 2245.2 | AV8: 345 | AW8: 2601.66 | AX8: 223 | AY8: 1658.58 | AZ8: 293 | BA8: 2218.62 | BB8: 323 | BC8: 2349.1 | BD8: 328 | BE8: 2301.02 | BH8: 1 | BI8: 9.9 | BJ8: 3 | BK8: 9.9 | BN8: 2662 | BO8: 19986.7
A9: Alex (copia) | AZ9: 1 | BA9: 6.9 | BB9: 1 | BC9: 8.9 | BF9: 3 | BG9: 22.7 | BL9: 1 | BM9: 7.9 | BN9: 6 | BO9: 46.4
A10: Iván | BF10: 258 | BG10: 2115.46 | BH10: 288 | BI10: 2552 | BJ10: 318 | BK10: 2534.32 | BL10: 173 | BM10: 1627.5 | BN10: 1037 | BO10: 8829.28
A13: concepto | B13: Agosto 2016 | C13: Septiembre 2016 | D13: Octubre 2016 | E13: Noviembre 2016 | F13: Diciembre 2016 | G13: Enero 2017 | H13: Febrero 2017 | I13: Marzo 2017 | J13: Abril 2017 | K13: Mayo 2017 | L13: Junio 2017 | M13: Julio 2017 | N13: Agosto 2017 | O13: Septiembre 2017 | P13: Octubre 2017 | Q13: Noviembre 2017 | R13: Diciembre 2017 | S13: Enero 2018 | T13: Febrero 2018 | U13: Marzo 2018 | V13: Abril 2018 | W13: Mayo 2018 | X13: Junio 2018 | Y13: Julio 2018 | Z13: Agosto 2018 | AA13: Septiembre 2018 | AB13: Octubre 2018 | AC13: Noviembre 2018 | AD13: Diciembre 2018 | AE13: Enero 2019 | AF13: Febrero 2019 | AG13: Marzo 2019 | AH13: Abril 2019 | AI13: Mayo 2019 | AJ13: Junio 2019 | AK13: Julio 2019 | AL13: Agosto 2019 | AM13: Septiembre 2019 | AN13: Octubre 2019 | AO13: Noviembre 2019 | AP13: Diciembre 2019
A14: Raquel | B14: =IFERROR(VLOOKUP($A$14,$1:$10,MATCH(B13,$1:$1,0)+1,0),"") -> 772 | C14: =IFERROR(VLOOKUP($A$14,$1:$10,MATCH(C13,$1:$1,0)+1,0),"") -> 1868.14 | D14: =IFERROR(VLOOKUP($A$14,$1:$10,MATCH(D13,$1:$1,0)+1,0),"") -> 2146.19 | E14: =IFERROR(VLOOKUP($A$14,$1:$10,MATCH(E13,$1:$1,0)+1,0),"") -> 2043.49 | F14: =IFERROR(VLOOKUP($A$14,$1:$10,MATCH(F13,$1:$1,0)+1,0),"") -> 2957.59 | G14: =IFERROR(VLOOKUP($A$14,$1:$10,MATCH(G13,$1:$1,0)+1,0),"") -> 2735.22 | H14: =IFERROR(VLOOKUP($A$14,$1:$10,MATCH(H13,$1:$1,0)+1,0),"") -> 3040.38 | I14: =IFERROR(VLOOKUP($A$14,$1:$10,MATCH(I13,$1:$1,0)+1,0),"") -> 2976.62 | ... AG14: =IFERROR(VLOOKUP($A$14,$1:$10,MATCH(AG13,$1:$1,0)+1,0),"") -> 2039.84 | AI14: =IFERROR(VLOOKUP($A$14,$1:$10,MATCH(AI13,$1:$1,0)+1,0),"") | AJ14: =IFERROR(VLOOKUP($A$14,$1:$10,MATCH(AJ13,$1:$1,0)+1,0),"") | AK14: =IFERROR(VLOOKUP($A$14,$1:$10,MATCH(AK13,$1:$1,0)+1,0),"") | AL14: =IFERROR(VLOOKUP($A$14,$1:$10,MATCH(AL13,$1:$1,0)+1,0),"") | AM14: =IFERROR(VLOOKUP($A$14,$1:$10,MATCH(AM13,$1:$1,0)+1,0),"") | AN14: =IFERROR(VLOOKUP($A$14,$1:$10,MATCH(AN13,$1:$1,0)+1,0),"") | AO14: =IFERROR(VLOOKUP($A$14,$1:$10,MATCH(AO13,$1:$1,0)+1,0),"") | AP14: =IFERROR(VLOOKUP($A$14,$1:$10,MATCH(AP13,$1:$1,0)+1,0),"")
A15: Juan Fernando | B15: =IFERROR(VLOOKUP($A$15,$1:$10,MATCH(B13,$1:$1,0)+1,0),"") -> 650.1 | C15: =IFERROR(VLOOKUP($A$15,$1:$10,MATCH(C13,$1:$1,0)+1,0),"") -> 1800.1 | D15: =IFERROR(VLOOKUP($A$15,$1:$10,MATCH(D13,$1:$1,0)+1,0),"") -> 1912.66 | E15: =IFERROR(VLOOKUP($A$15,$1:$10,MATCH(E13,$1:$1,0)+1,0),"") -> 1911.57 | F15: =IFERROR(VLOOKUP($A$15,$1:$10,MATCH(F13,$1:$1,0)+1,0),"") -> 2575.05 | G15: =IFERROR(VLOOKUP($A$15,$1:$10,MATCH(G13,$1:$1,0)+1,0),"") -> 2445.31 | H15: =IFERROR(VLOOKUP($A$15,$1:$10,MATCH(H13,$1:$1,0)+1,0),"") -> 2601.14 | I15: =IFERROR(VLOOKUP($A$15,$1:$10,MATCH(I13,$1:$1,0)+1,0),"") -> 2796.43 | ... AG15: =IFERROR(VLOOKUP($A$15,$1:$10,MATCH(AG13,$1:$1,0)+1,0),"") -> 1923.58 | AI15: =IFERROR(VLOOKUP($A$15,$1:$10,MATCH(AI13,$1:$1,0)+1,0),"") | AJ15: =IFERROR(VLOOKUP($A$15,$1:$10,MATCH(AJ13,$1:$1,0)+1,0),"") | AK15: =IFERROR(VLOOKUP($A$15,$1:$10,MATCH(AK13,$1:$1,0)+1,0),"") | AL15: =IFERROR(VLOOKUP($A$15,$1:$10,MATCH(AL13,$1:$1,0)+1,0),"") | AM15: =IFERROR(VLOOKUP($A$15,$1:$10,MATCH(AM13,$1:$1,0)+1,0),"") | AN15: =IFERROR(VLOOKUP($A$15,$1:$10,MATCH(AN13,$1:$1,0)+1,0),"") | AO15: =IFERROR(VLOOKUP($A$15,$1:$10,MATCH(AO13,$1:$1,0)+1,0),"") | AP15: =IFERROR(VLOOKUP($A$15,$1:$10,MATCH(AP13,$1:$1,0)+1,0),"")
A16: ANTONIO | B16: =IFERROR(VLOOKUP($A$16,$1:$10,MATCH(B13,$1:$1,0)+1,0),"") -> 0 | C16: =IFERROR(VLOOKUP($A$16,$1:$10,MATCH(C13,$1:$1,0)+1,0),"") -> 0 | D16: =IFERROR(VLOOKUP($A$16,$1:$10,MATCH(D13,$1:$1,0)+1,0),"") -> 0 | E16: =IFERROR(VLOOKUP($A$16,$1:$10,MATCH(E13,$1:$1,0)+1,0),"") -> 0 | F16: =IFERROR(VLOOKUP($A$16,$1:$10,MATCH(F13,$1:$1,0)+1,0),"") -> 0 | G16: =IFERROR(VLOOKUP($A$16,$1:$10,MATCH(G13,$1:$1,0)+1,0),"") -> 0 | H16: =IFERROR(VLOOKUP($A$16,$1:$10,MATCH(H13,$1:$1,0)+1,0),"") -> 0 | I16: =IFERROR(VLOOKUP($A$16,$1:$10,MATCH(I13,$1:$1,0)+1,0),"") -> 17 | ... AG16: =IFERROR(VLOOKUP($A$16,$1:$10,MATCH(AG13,$1:$1,0)+1,0),"") -> 19 | AI16: =IFERROR(VLOOKUP($A$16,$1:$10,MATCH(AI13,$1:$1,0)+1,0),"") | AJ16: =IFERROR(VLOOKUP($A$16,$1:$10,MATCH(AJ13,$1:$1,0)+1,0),"") | AK16: =IFERROR(VLOOKUP($A$16,$1:$10,MATCH(AK13,$1:$1,0)+1,0),"") | AL16: =IFERROR(VLOOKUP($A$16,$1:$10,MATCH(AL13,$1:$1,0)+1,0),"") | AM16: =IFERROR(VLOOKUP($A$16,$1:$10,MATCH(AM13,$1:$1,0)+1,0),"") | AN16: =IFERROR(VLOOKUP($A$16,$1:$10,MATCH(AN13,$1:$1,0)+1,0),"") | AO16: =IFERROR(VLOOKUP($A$16,$1:$10,MATCH(AO13,$1:$1,0)+1,0),"") | AP16: =IFERROR(VLOOKUP($A$16,$1:$10,MATCH(AP13,$1:$1,0)+1,0),"")
A17: Alex | B17: =IFERROR(VLOOKUP($A$17,$1:$10,MATCH(B13,$1:$1,0)+1,0),"") -> 0 | C17: =IFERROR(VLOOKUP($A$17,$1:$10,MATCH(C13,$1:$1,0)+1,0),"") -> 0 | D17: =IFERROR(VLOOKUP($A$17,$1:$10,MATCH(D13,$1:$1,0)+1,0),"") -> 0 | E17: =IFERROR(VLOOKUP($A$17,$1:$10,MATCH(E13,$1:$1,0)+1,0),"") -> 0 | F17: =IFERROR(VLOOKUP($A$17,$1:$10,MATCH(F13,$1:$1,0)+1,0),"") -> 0 | G17: =IFERROR(VLOOKUP($A$17,$1:$10,MATCH(G13,$1:$1,0)+1,0),"") -> 0 | H17: =IFERROR(VLOOKUP($A$17,$1:$10,MATCH(H13,$1:$1,0)+1,0),"") -> 0 | I17: =IFERROR(VLOOKUP($A$17,$1:$10,MATCH(I13,$1:$1,0)+1,0),"") -> 824.45 | ... AG17: =IFERROR(VLOOKUP($A$17,$1:$10,MATCH(AG13,$1:$1,0)+1,0),"") -> 2017.96 | AI17: =IFERROR(VLOOKUP($A$17,$1:$10,MATCH(AI13,$1:$1,0)+1,0),"") | AJ17: =IFERROR(VLOOKUP($A$17,$1:$10,MATCH(AJ13,$1:$1,0)+1,0),"") | AK17: =IFERROR(VLOOKUP($A$17,$1:$10,MATCH(AK13,$1:$1,0)+1,0),"") | AL17: =IFERROR(VLOOKUP($A$17,$1:$10,MATCH(AL13,$1:$1,0)+1,0),"") | AM17: =IFERROR(VLOOKUP($A$17,$1:$10,MATCH(AM13,$1:$1,0)+1,0),"") | AN17: =IFERROR(VLOOKUP($A$17,$1:$10,MATCH(AN13,$1:$1,0)+1,0),"") | AO17: =IFERROR(VLOOKUP($A$17,$1:$10,MATCH(AO13,$1:$1,0)+1,0),"") | AP17: =IFERROR(VLOOKUP($A$17,$1:$10,MATCH(AP13,$1:$1,0)+1,0),"")
A18: Manu Romeo | B18: =IFERROR(VLOOKUP($A$18,$1:$10,MATCH(B13,$1:$1,0)+1,0),"") -> 0 | C18: =IFERROR(VLOOKUP($A$18,$1:$10,MATCH(C13,$1:$1,0)+1,0),"") -> 0 | D18: =IFERROR(VLOOKUP($A$18,$1:$10,MATCH(D13,$1:$1,0)+1,0),"") -> 0 | E18: =IFERROR(VLOOKUP($A$18,$1:$10,MATCH(E13,$1:$1,0)+1,0),"") -> 0 | F18: =IFERROR(VLOOKUP($A$18,$1:$10,MATCH(F13,$1:$1,0)+1,0),"") -> 0 | G18: =IFERROR(VLOOKUP($A$18,$1:$10,MATCH(G13,$1:$1,0)+1,0),"") -> 0 | H18: =IFERROR(VLOOKUP($A$18,$1:$10,MATCH(H13,$1:$1,0)+1,0),"") -> 0 | I18: =IFERROR(VLOOKUP($A$18,$1:$10,MATCH(I13,$1:$1,0)+1,0),"") -> 0 | ... AG18: =IFERROR(VLOOKUP($A$18,$1:$10,MATCH(AG13,$1:$1,0)+1,0),"") -> 0 | AI18: =IFERROR(VLOOKUP($A$18,$1:$10,MATCH(AI13,$1:$1,0)+1,0),"") | AJ18: =IFERROR(VLOOKUP($A$18,$1:$10,MATCH(AJ13,$1:$1,0)+1,0),"") | AK18: =IFERROR(VLOOKUP($A$18,$1:$10,MATCH(AK13,$1:$1,0)+1,0),"") | AL18: =IFERROR(VLOOKUP($A$18,$1:$10,MATCH(AL13,$1:$1,0)+1,0),"") | AM18: =IFERROR(VLOOKUP($A$18,$1:$10,MATCH(AM13,$1:$1,0)+1,0),"") | AN18: =IFERROR(VLOOKUP($A$18,$1:$10,MATCH(AN13,$1:$1,0)+1,0),"") | AO18: =IFERROR(VLOOKUP($A$18,$1:$10,MATCH(AO13,$1:$1,0)+1,0),"") | AP18: =IFERROR(VLOOKUP($A$18,$1:$10,MATCH(AP13,$1:$1,0)+1,0),"")
A19: Iván | B19: =IFERROR(VLOOKUP($A$19,$1:$10,MATCH(B13,$1:$1,0)+1,0),"") -> 0 | C19: =IFERROR(VLOOKUP($A$19,$1:$10,MATCH(C13,$1:$1,0)+1,0),"") -> 0 | D19: =IFERROR(VLOOKUP($A$19,$1:$10,MATCH(D13,$1:$1,0)+1,0),"") -> 0 | E19: =IFERROR(VLOOKUP($A$19,$1:$10,MATCH(E13,$1:$1,0)+1,0),"") -> 0 | F19: =IFERROR(VLOOKUP($A$19,$1:$10,MATCH(F13,$1:$1,0)+1,0),"") -> 0 | G19: =IFERROR(VLOOKUP($A$19,$1:$10,MATCH(G13,$1:$1,0)+1,0),"") -> 0 | H19: =IFERROR(VLOOKUP($A$19,$1:$10,MATCH(H13,$1:$1,0)+1,0),"") -> 0 | I19: =IFERROR(VLOOKUP($A$19,$1:$10,MATCH(I13,$1:$1,0)+1,0),"") -> 0 | ... AG19: =IFERROR(VLOOKUP($A$19,$1:$10,MATCH(AG13,$1:$1,0)+1,0),"") -> 1627.5 | AI19: =IFERROR(VLOOKUP($A$19,$1:$10,MATCH(AI13,$1:$1,0)+1,0),"") | AJ19: =IFERROR(VLOOKUP($A$19,$1:$10,MATCH(AJ13,$1:$1,0)+1,0),"") | AK19: =IFERROR(VLOOKUP($A$19,$1:$10,MATCH(AK13,$1:$1,0)+1,0),"") | AL19: =IFERROR(VLOOKUP($A$19,$1:$10,MATCH(AL13,$1:$1,0)+1,0),"") | AM19: =IFERROR(VLOOKUP($A$19,$1:$10,MATCH(AM13,$1:$1,0)+1,0),"") | AN19: =IFERROR(VLOOKUP($A$19,$1:$10,MATCH(AN13,$1:$1,0)+1,0),"") | AO19: =IFERROR(VLOOKUP($A$19,$1:$10,MATCH(AO13,$1:$1,0)+1,0),"") | AP19: =IFERROR(VLOOKUP($A$19,$1:$10,MATCH(AP13,$1:$1,0)+1,0),"")
B22: Etiquetas de columna
A23: Valores | B23: Iván | C23: Total general
A24: Suma de Agosto 2016 | B24: 0 | C24: 0
A25: Suma de Septiembre 2016 | B25: 0 | C25: 0
A26: Suma de Octubre 2016 | B26: 0 | C26: 0
A27: Suma de Noviembre 2016 | B27: 0 | C27: 0
A28: Suma de Diciembre 2016 | B28: 0 | C28: 0
A29: Suma de Enero 2017 | B29: 0 | C29: 0
A30: Suma de Febrero 2017 | B30: 0 | C30: 0
A31: Suma de Marzo 2017 | B31: 0 | C31: 0
A32: Suma de Abril 2017 | B32: 0 | C32: 0
A33: Suma de Mayo 2017 | B33: 0 | C33: 0
A34: Suma de Junio 2017 | B34: 0 | C34: 0
A35: Suma de Julio 2017 | B35: 0 | C35: 0
... A55: Suma de Marzo 2019 | B55: 1627.5 | C55: 1627.5

Sheet Estadistica Horas
AK2: 43101 | AM2: 43132 | AO2: 43160 | AQ2: 43191 | AS2: 43221 | AU2: 43252 | AW2: 43282 | AY2: 43313 | BA2: 43344 | BC2: 43374 | BE2: 43405 | BG2: 43435 | BI2: 43466 | BK2: 43497 | BM2: 43525 | BO2: 43556 | BQ2: 43586 | BS2: 43617 | BU2: 43647 | BW2: 43678 | BY2: 43709 | CA2: 43739 | CC2: 43770 | CE2: 43800
A3: Central 2 | B3: 42583 | D3: 42614 | F3: 42644 | H3: 42675 | J3: 42705 | L3: 42736 | N3: 42767 | P3: 42795 | R3: 42826 | T3: 42856 | V3: 42887 | X3: 42917 | Z3: 42948 | AB3: 42979 | AD3: 43009 | AF3: 43040 | AH3: 43070 | AJ3: 43101 | AK3: 43101 | AL3: 43132 | AM3: 43132 | AN3: 43160 | AO3: 43160 | AP3: 43191 | AQ3: 43191 | AR3: 43221 | AS3: 43221 | AT3: 43252 | AU3: 43252 | AV3: 43282 | AW3: 43282 | AX3: 43313 | AY3: 43313 | AZ3: 43344 | BA3: 43344 | BB3: 43374 | BC3: 43374 | BD3: 43405 | BE3: 43405 | BF3: 43435 | BG3: 43435 | BH3: 43466 | BI3: 43466 | BJ3: 43497 | BK3: 43497 | BL3: 43525 | BM3: 43525 | BN3: 43556 | BO3: 43556 | BP3: 43586 | BQ3: 43586 | BR3: 43617 | BS3: 43617 | BT3: 43647 | BU3: 43647 | BV3: 43678 | BW3: 43678 | BX3: 43709 | BY3: 43709 | BZ3: 43739 | CA3: 43739 | CB3: 43770 | CC3: 43770 | CD3: 43800 | CE3: 43800
A4: Albacete | B4: 201 | C4: 1422.1 | D4: 513 | E4: 3668.24 | F4: 590 | G4: 4058.85 | H4: 551 | I4: 3955.06 | J4: 735 | K4: 5532.64 | L4: 660 | M4: 5180.53 | N4: 754 | O4: 5641.52 | P4: 915 | Q4: 6614.5 | R4: 871 | S4: 6211.32 | T4: 975 | U4: 7028.49 | V4: 1043 | W4: 7565.66 | X4: 984 | Y4: 7086.76 | Z4: 993 | AA4: 7228.73 | AB4: 1193 | AC4: 8719.94 | AD4: 1132 | AE4: 8122.34 | AF4: 1050 | AG4: 7529.16 | AH4: 1148 | AI4: 8534.71 | AJ4: 1220 | AK4: 9222.78 | AL4: 952 | AM4: 7190.76 | AN4: 1437 | AO4: 10720.02 | AP4: 1312 | AQ4: 9953.1 | AR4: 1313 | AS4: 9843.92 | AT4: 1375 | AU4: 10254.66 | AV4: 1239 | AW4: 9242.8 | AX4: 1218 | AY4: 9222.6 | AZ4: 1291 | BA4: 9587.32 | BB4: 1214 | BC4: 8947.08 | BD4: 1335 | BE4: 9921.86 | BF4: 1349 | BG4: 10039.24 | BH4: 1117 | BI4: 9658.09 | BJ4: 1339 | BK4: 9997.14 | BL4: 1228 | BM4: 10815.38 | BN4: 491 | BO4: 4410.02
A5: 8 | AJ5: 1 | AK5: 10 | AL5: 2 | AM5: 11.5 | AR5: 1 | AS5: 8.9 | AT5: 1 | AU5: 8.9 | AV5: 1 | AW5: 3.4 | AX5: 7 | AY5: 70 | AZ5: 1 | BA5: 8 | BB5: 1 | BC5: 8.9
A6: 9 | B6: 3 | C6: 21.9 | D6: 10 | E6: 72.2 | F6: 10 | G6: 64.2 | H6: 6 | I6: 45.4 | J6: 17 | K6: 122.5 | L6: 10 | M6: 80 | N6: 19 | O6: 152.54 | P6: 19 | Q6: 135.5 | R6: 14 | S6: 89.4 | T6: 16 | U6: 115.6 | V6: 23 | W6: 165.1 | X6: 29 | Y6: 209.3 | Z6: 29 | AA6: 203.4 | AB6: 33 | AC6: 225.5 | AD6: 31 | AE6: 214.9 | AF6: 29 | AG6: 213.8 | AH6: 33 | AI6: 218.9 | AJ6: 24 | AK6: 160.36 | AL6: 22 | AM6: 175.5 | AN6: 43 | AO6: 324.4 | AP6: 34 | AQ6: 235.4 | AR6: 29 | AS6: 208.4 | AT6: 44 | AU6: 299.34 | AV6: 42 | AW6: 282.9 | AX6: 42 | AY6: 301 | AZ6: 42 | BA6: 303.88 | BB6: 40 | BC6: 269.06 | BD6: 34 | BE6: 259.3 | BF6: 35 | BG6: 267.42 | BH6: 14 | BI6: 124.1 | BJ6: 31 | BK6: 164.14 | BL6: 32 | BM6: 286.3 | BN6: 29 | BO6: 256.1
A7: 10 | B7: 16 | C7: 99.4 | D7: 34 | E7: 253.8 | F7: 45 | G7: 317.3 | H7: 40 | I7: 292.8 | J7: 57 | K7: 441.63 | L7: 48 | M7: 369.4 | N7: 60 | O7: 408.92 | P7: 82 | Q7: 578.5 | R7: 68 | S7: 460.3 | T7: 87 | U7: 605.8 | V7: 87 | W7: 630.2 | X7: 88 | Y7: 607.3 | Z7: 98 | AA7: 703.3 | AB7: 128 | AC7: 889.4 | AD7: 103 | AE7: 744.5 | AF7: 92 | AG7: 671.6 | AH7: 129 | AI7: 966.76 | AJ7: 95 | AK7: 749.78 | AL7: 70 | AM7: 511.72 | AN7: 118 | AO7: 917.44 | AP7: 114 | AQ7: 873.42 | AR7: 126 | AS7: 918.58 | AT7: 122 | AU7: 867.96 | AV7: 115 | AW7: 839.1 | AX7: 110 | AY7: 835.52 | AZ7: 112 | BA7: 859.8 | BB7: 117 | BC7: 795.3 | BD7: 125 | BE7: 925.16 | BF7: 130 | BG7: 989.88 | BH7: 73 | BI7: 603.56 | BJ7: 105 | BK7: 773.88 | BL7: 95 | BM7: 816.3 | BN7: 29 | BO7: 252.4
A8: 11 | B8: 24 | C8: 161.6 | D8: 63 | E8: 462.7 | F8: 57 | G8: 375.5 | H8: 54 | I8: 383.4 | J8: 66 | K8: 462.8 | L8: 60 | M8: 467.55 | N8: 67 | O8: 487.8 | P8: 100 | Q8: 729.24 | R8: 93 | S8: 632.2 | T8: 96 | U8: 681.96 | V8: 106 | W8: 788.56 | X8: 115 | Y8: 839.6 | Z8: 97 | AA8: 707.9 | AB8: 140 | AC8: 982.1 | AD8: 114 | AE8: 801.8 | AF8: 118 | AG8: 821.76 | AH8: 116 | AI8: 868.12 | AJ8: 125 | AK8: 932 | AL8: 86 | AM8: 621.3 | AN8: 162 | AO8: 1182.48 | AP8: 136 | AQ8: 1073.1 | AR8: 126 | AS8: 945.6 | AT8: 127 | AU8: 979.42 | AV8: 127 | AW8: 925.46 | AX8: 151 | AY8: 1158.84 | AZ8: 136 | BA8: 1017.8 | BB8: 129 | BC8: 1018.28 | BD8: 142 | BE8: 1038.22 | BF8: 141 | BG8: 971.96 | BH8: 112 | BI8: 927.06 | BJ8: 116 | BK8: 863.96 | BL8: 125 | BM8: 1087.66 | BN8: 36 | BO8: 313.5
A9: 12 | B9: 21 | C9: 146.1 | D9: 41 | E9: 296.5 | F9: 64 | G9: 461.68 | H9: 49 | I9: 356.5 | J9: 64 | K9: 468.74 | L9: 65 | M9: 533.94 | N9: 58 | O9: 421.74 | P9: 78 | Q9: 559.75 | R9: 84 | S9: 593.18 | T9: 86 | U9: 624.22 | V9: 110 | W9: 763.2 | X9: 113 | Y9: 823.8 | Z9: 105 | AA9: 780 | AB9: 141 | AC9: 1028.9 | AD9: 120 | AE9: 849.2 | AF9: 108 | AG9: 782.12 | AH9: 103 | AI9: 778.18 | AJ9: 109 | AK9: 819.6 | AL9: 81 | AM9: 610.02 | AN9: 145 | AO9: 1116.3 | AP9: 131 | AQ9: 991.1 | AR9: 157 | AS9: 1149.78 | AT9: 149 | AU9: 1141.4 | AV9: 133 | AW9: 1003.28 | AX9: 123 | AY9: 865.32 | AZ9: 146 | BA9: 1062.68 | BB9: 118 | BC9: 891.3 | BD9: 136 | BE9: 1005.24 | BF9: 150 | BG9: 1095.34 | BH9: 123 | BI9: 1095.56 | BJ9: 150 | BK9: 1111.68 | BL9: 130 | BM9: 1112.58 | BN9: 46 | BO9: 410.5
A10: 13 | B10: 20 | C10: 154.8 | D10: 51 | E10: 371.7 | F10: 50 | G10: 361.14 | H10: 43 | I10: 306.45 | J10: 59 | K10: 465.5 | L10: 58 | M10: 513.39 | N10: 59 | O10: 422.55 | P10: 76 | Q10: 570.13 | R10: 78 | S10: 564.35 | T10: 79 | U10: 576.05 | V10: 97 | W10: 698.92 | X10: 91 | Y10: 658.9 | Z10: 90 | AA10: 673.89 | AB10: 87 | AC10: 678.98 | AD10: 77 | AE10: 547.7 | AF10: 67 | AG10: 492.3 | AH10: 90 | AI10: 703.8 | AJ10: 72 | AK10: 547.26 | AL10: 67 | AM10: 500.72 | AN10: 142 | AO10: 1033.12 | AP10: 118 | AQ10: 854.5 | AR10: 114 | AS10: 843.72 | AT10: 151 | AU10: 1146.52 | AV10: 98 | AW10: 717.28 | AX10: 97 | AY10: 751.04 | AZ10: 102 | BA10: 796.5 | BB10: 87 | BC10: 669.04 | BD10: 86 | BE10: 647.8 | BF10: 90 | BG10: 709.78 | BH10: 72 | BI10: 658.22 | BJ10: 85 | BK10: 681.26 | BL10: 69 | BM10: 592.46 | BN10: 38 | BO10: 330.7
A11: 14 | B11: 18 | C11: 117.4 | D11: 19 | E11: 128.7 | F11: 21 | G11: 155.7 | H11: 18 | I11: 138.35 | J11: 35 | K11: 265 | L11: 28 | M11: 220.2 | N11: 27 | O11: 214.8 | P11: 26 | Q11: 200.4 | R11: 29 | S11: 221.6 | T11: 32 | U11: 201.42 | V11: 28 | W11: 205.2 | X11: 44 | Y11: 328 | Z11: 34 | AA11: 256.2 | AB11: 46 | AC11: 338.2 | AD11: 20 | AE11: 128.2 | AF11: 25 | AG11: 159.66 | AH11: 36 | AI11: 272.66 | AJ11: 23 | AK11: 181.9 | AL11: 27 | AM11: 222.5 | AN11: 46 | AO11: 348.94 | AP11: 34 | AQ11: 255.7 | AR11: 25 | AS11: 192.7 | AT11: 50 | AU11: 366.92 | AV11: 49 | AW11: 397.4 | AX11: 30 | AY11: 232.1 | AZ11: 101 | BA11: 799.1 | BB11: 47 | BC11: 330.2 | BD11: 55 | BE11: 422.9 | BF11: 45 | BG11: 310.7 | BH11: 48 | BI11: 415.7 | BJ11: 57 | BK11: 430.46 | BL11: 66 | BM11: 565.16 | BN11: 18 | BO11: 166.8
A12: 15 | B12: 1 | C12: 8.5 | D12: 3 | E12: 21.9 | F12: 13 | G12: 80.3 | H12: 10 | I12: 63 | J12: 19 | K12: 132.6 | L12: 10 | M12: 70.2 | N12: 13 | O12: 104.2 | P12: 18 | Q12: 131.8 | R12: 29 | S12: 197.84 | T12: 29 | U12: 217.9 | V12: 21 | W12: 159.4 | X12: 18 | Y12: 101.9 | Z12: 16 | AA12: 115.6 | AB12: 25 | AC12: 181.3 | AD12: 19 | AE12: 129.3 | AF12: 17 | AG12: 121.3 | AH12: 24 | AI12: 201 | AJ12: 19 | AK12: 146.3 | AL12: 22 | AM12: 167.8 | AN12: 27 | AO12: 202.6 | AP12: 22 | AQ12: 158 | AR12: 27 | AS12: 192.3 | AT12: 38 | AU12: 269.9 | AV12: 17 | AW12: 127.04 | AX12: 16 | AY12: 126.4 | AZ12: 47 | BA12: 373 | BB12: 58 | BC12: 424.22 | BD12: 54 | BE12: 401.94 | BF12: 67 | BG12: 492.36 | BH12: 40 | BI12: 351.6 | BJ12: 61 | BK12: 451.86 | BL12: 45 | BM12: 425.7 | BN12: 26 | BO12: 235.62
A13: 16 | B13: 11 | C13: 85.9 | D13: 50 | E13: 355.8 | F13: 36 | G13: 257.44 | H13: 36 | I13: 282 | J13: 52 | K13: 423.34 | L13: 41 | M13: 328.4 | N13: 72 | O13: 542.01 | P13: 65 | Q13: 465.5 | R13: 67 | S13: 507.53 | T13: 74 | U13: 561.82 | V13: 74 | W13: 536 | X13: 67 | Y13: 482.6 | Z13: 68 | AA13: 496.06 | AB13: 65 | AC13: 475.6 | AD13: 84 | AE13: 615.7 | AF13: 79 | AG13: 570.1 | AH13: 88 | AI13: 645.4 | AJ13: 84 | AK13: 678.8 | AL13: 79 | AM13: 589.54 | AN13: 169 | AO13: 1085.1 | AP13: 153 | AQ13: 1142.1 | AR13: 152 | AS13: 1138.18 | AT13: 115 | AU13: 812.6 | AV13: 82 | AW13: 587.76 | AX13: 78 | AY13: 612.2 | AZ13: 131 | BA13: 935.04 | BB13: 129 | BC13: 960.8 | BD13: 135 | BE13: 1026.76 | BF13: 134 | BG13: 1009.74 | BH13: 96 | BI13: 841.94 | BJ13: 134 | BK13: 988.06 | BL13: 119 | BM13: 1086.06 | BN13: 50 | BO13: 467.8
A14: 17 | B14: 13 | C14: 97.7 | D14: 64 | E14: 462 | F14: 78 | G14: 574.23 | H14: 65 | I14: 469.25 | J14: 102 | K14: 773.01 | L14: 82 | M14: 647.84 | N14: 99 | O14: 769.71 | P14: 101 | Q14: 747.7 | R14: 121 | S14: 864.11 | T14: 133 | U14: 951.04 | V14: 120 | W14: 904.9 | X14: 99 | Y14: 748.6 | Z14: 122 | AA14: 921.7 | AB14: 147 | AC14: 1137.86 | AD14: 155 | AE14: 1120.32 | AF14: 152 | AG14: 1131.52 | AH14: 150 | AI14: 1117 | AJ14: 181 | AK14: 1373.7 | AL14: 133 | AM14: 1058.3 | AN14: 174 | AO14: 1285.14 | AP14: 143 | AQ14: 1066.2 | AR14: 145 | AS14: 1080 | AT14: 144 | AU14: 1135.1 | AV14: 158 | AW14: 1180.62 | AX14: 159 | AY14: 1151.02 | AZ14: 113 | BA14: 843.92 | BB14: 145 | BC14: 1059.82 | BD14: 162 | BE14: 1185.88 | BF14: 164 | BG14: 1304.2 | BH14: 147 | BI14: 1261.1 | BJ14: 151 | BK14: 1150.92 | BL14: 140 | BM14: 1225.3 | BN14: 61 | BO14: 530.3
A15: 18 | B15: 25 | C15: 180.7 | D15: 61 | E15: 426.64 | F15: 73 | G15: 485.52 | H15: 91 | I15: 661.52 | J15: 97 | K15: 719.74 | L15: 117 | M15: 836.7 | N15: 133 | O15: 969.04 | P15: 131 | Q15: 932.85 | R15: 114 | S15: 832.32 | T15: 133 | U15: 950.84 | V15: 134 | W15: 946.46 | X15: 116 | Y15: 844.6 | Z15: 120 | AA15: 819.56 | AB15: 144 | AC15: 1096.64 | AD15: 168 | AE15: 1172.84 | AF15: 147 | AG15: 1038.82 | AH15: 163 | AI15: 1200.74 | AJ15: 183 | AK15: 1372.36 | AL15: 145 | AM15: 1049.38 | AN15: 163 | AO15: 1228.4 | AP15: 157 | AQ15: 1203.98 | AR15: 167 | AS15: 1232.96 | AT15: 169 | AU15: 1280.3 | AV15: 154 | AW15: 1185.74 | AX15: 142 | AY15: 1136.5 | AZ15: 149 | BA15: 976.38 | BB15: 133 | BC15: 982.46 | BD15: 155 | BE15: 1175.16 | BF15: 157 | BG15: 1163.26 | BH15: 168 | BI15: 1429.99 | BJ15: 170 | BK15: 1277.46 | BL15: 160 | BM15: 1454.2 | BN15: 53 | BO15: 486
A16: 19 | B16: 23 | C16: 153.5 | D16: 68 | E16: 463.8 | F16: 86 | G16: 583.94 | H16: 76 | I16: 535.89 | J16: 96 | K16: 705.8 | L16: 80 | M16: 605.3 | N16: 88 | O16: 657.1 | P16: 118 | Q16: 850.85 | R16: 97 | S16: 689.75 | T16: 134 | U16: 971.85 | V16: 147 | W16: 1067.98 | X16: 114 | Y16: 815.3 | Z16: 141 | AA16: 997.82 | AB16: 136 | AC16: 987.84 | AD16: 159 | AE16: 1157.28 | AF16: 128 | AG16: 872.7 | AH16: 131 | AI16: 963.3 | AJ16: 175 | AK16: 1291.4 | AL16: 129 | AM16: 986.1 | AN16: 139 | AO16: 1102.2 | AP16: 158 | AQ16: 1238.7 | AR16: 131 | AS16: 1047.7 | AT16: 150 | AU16: 1059.48 | AV16: 157 | AW16: 1177.72 | AX16: 165 | AY16: 1254.52 | AZ16: 121 | BA16: 939.06 | BB16: 119 | BC16: 873.62 | BD16: 145 | BE16: 1131.36 | BF16: 131 | BG16: 920.16 | BH16: 141 | BI16: 1277.56 | BJ16: 147 | BK16: 1149.32 | BL16: 143 | BM16: 1235.54 | BN16: 63 | BO16: 581.9
A17: 20 | B17: 22 | C17: 162.6 | D17: 43 | E17: 316.7 | F17: 56 | G17: 333.4 | H17: 56 | I17: 368.2 | J17: 64 | K17: 484.44 | L17: 54 | M17: 447.51 | N17: 54 | O17: 459.41 | P17: 92 | Q17: 652.48 | R17: 75 | S17: 547.34 | T17: 74 | U17: 550.99 | V17: 96 | W17: 699.74 | X17: 89 | Y17: 618.36 | Z17: 71 | AA17: 539.9 | AB17: 96 | AC17: 668.32 | AD17: 80 | AE17: 627.2 | AF17: 88 | AG17: 653.48 | AH17: 77 | AI17: 543.9 | AJ17: 119 | AK17: 891.82 | AL17: 84 | AM17: 668.7 | AN17: 105 | AO17: 855.3 | AP17: 112 | AQ17: 860.9 | AR17: 113 | AS17: 885.1 | AT17: 113 | AU17: 869.02 | AV17: 106 | AW17: 815.1 | AX17: 98 | AY17: 728.14 | AZ17: 90 | BA17: 672.16 | BB17: 91 | BC17: 664.08 | BD17: 106 | BE17: 702.14 | BF17: 103 | BG17: 789.54 | BH17: 86 | BI17: 701.4 | BJ17: 132 | BK17: 954.14 | BL17: 102 | BM17: 911.32 | BN17: 42 | BO17: 378.4
A18: 21 | B18: 4 | C18: 32 | D18: 6 | E18: 35.8 | F18: 1 | G18: 8.5 | H18: 7 | I18: 52.3 | J18: 7 | K18: 67.54 | L18: 7 | M18: 60.1 | N18: 5 | O18: 31.7 | P18: 9 | Q18: 59.8 | R18: 2 | S18: 11.4 | T18: 2 | U18: 19 | X18: 1 | Y18: 8.5 | Z18: 2 | AA18: 13.4 | AB18: 5 | AC18: 29.3 | AD18: 2 | AE18: 13.4 | AH18: 8 | AI18: 54.95 | AJ18: 10 | AK18: 67.5 | AL18: 5 | AM18: 17.68 | AN18: 4 | AO18: 38.6 | AT18: 2 | AU18: 17.8 | AX18: 0 | AY18: 0 | BF18: 2 | BG18: 14.9 | BH18: -3 | BI18: -29.7 | BL18: 2 | BM18: 16.8
B19: Servicios | C19: importe
AJ22: 43101 | AK22: 43132 | AL22: 43160 | AM22: 43191 | AN22: 43221 | AO22: 43252 | AP22: 43282 | AQ22: 43313 | AR22: 43344 | AS22: 43374 | AT22: 43405 | AU22: 43435 | AV22: 43466 | AW22: 43497 | AX22: 43525 | AY22: 43556 | AZ22: 43586 | BA22: 43617 | BB22: 43647 | BC22: 43678 | BD22: 43709 | BE22: 43739 | BF22: 43770 | BG22: 43800
